Workbook
Name COGS: 'Category lookups'!$G$8:$G$13
Name Non_operating: 'Category lookups'!$M$8:$M$15
Name Other_operating_expenses: 'Category lookups'!$K$8:$K$14
Name Payroll: 'Category lookups'!$I$8:$I$10
Name Receipts: 'Category lookups'!$E$8:$E$12

Sheet Disclaimer!

Sheet Index
B2: 13WEEKS | CashflowFree | 13 week cashflow forecast template
B3: Index
C7: Outputs
C9: Dashboard | D9: >> | E9: Click here
C11: 13W CFF | D11: >> | E11: Click here
C13: Cash actuals | D13: >> | E13: Click here
C15: Data input
C17: Bank postings | D17: >> | E17: Click here
C19: AR report | D19: >> | E19: Click here
C21: AP report | D21: >> | E21: Click here
C23: New sales | D23: >> | E23: Click here
C25: New purchases | D25: >> | E25: Click here
C27: Category lookups | D27: >> | E27: Click here

Sheet Outputs>>

Sheet Dashboard
B2: 13WEEKS | CashflowFree | 13 week cashflow forecast template | P2: Home
B3: Dashboard
C7: Summary cashflow forecast
C9: Week commencing date >> | D9: ='13W CFF'!G7 -> 46237 | E9: ='13W CFF'!H7 -> 46244 | F9: ='13W CFF'!I7 -> 46251 | G9: ='13W CFF'!J7 -> 46258 | H9: ='13W CFF'!K7 -> 46265 | I9: ='13W CFF'!L7 -> 46272 | J9: ='13W CFF'!M7 -> 46279 | K9: ='13W CFF'!N7 -> 46286 | ... P9: ='13W CFF'!S7 -> 46321
C10: Week ending date >> | D10: ='13W CFF'!G8 -> 46243 | E10: ='13W CFF'!H8 -> 46250 | F10: ='13W CFF'!I8 -> 46257 | G10: ='13W CFF'!J8 -> 46264 | H10: ='13W CFF'!K8 -> 46271 | I10: ='13W CFF'!L8 -> 46278 | J10: ='13W CFF'!M8 -> 46285 | K10: ='13W CFF'!N8 -> 46292 | ... P10: ='13W CFF'!S8 -> 46327
C11: Week number >> | D11: ='13W CFF'!G9 -> 1 | E11: ='13W CFF'!H9 -> 2 | F11: ='13W CFF'!I9 -> 3 | G11: ='13W CFF'!J9 -> 4 | H11: ='13W CFF'!K9 -> 5 | I11: ='13W CFF'!L9 -> 6 | J11: ='13W CFF'!M9 -> 7 | K11: ='13W CFF'!N9 -> 8 | ... P11: ='13W CFF'!S9 -> 13
C12: Calendar week >> | D12: ='13W CFF'!G10 -> 32 | E12: ='13W CFF'!H10 -> 33 | F12: ='13W CFF'!I10 -> 34 | G12: ='13W CFF'!J10 -> 35 | H12: ='13W CFF'!K10 -> 36 | I12: ='13W CFF'!L10 -> 37 | J12: ='13W CFF'!M10 -> 38 | K12: ='13W CFF'!N10 -> 39 | ... P12: ='13W CFF'!S10 -> 44
C13: Year >> | D13: ='13W CFF'!G11 -> 2026 | E13: ='13W CFF'!H11 -> 2026 | F13: ='13W CFF'!I11 -> 2026 | G13: ='13W CFF'!J11 -> 2026 | H13: ='13W CFF'!K11 -> 2026 | I13: ='13W CFF'!L11 -> 2026 | J13: ='13W CFF'!M11 -> 2026 | K13: ='13W CFF'!N11 -> 2026 | ... P13: ='13W CFF'!S11 -> 2026
C14: Actuals / Forecast>> | D14: ='13W CFF'!G12 -> Forecast | E14: ='13W CFF'!H12 -> Forecast | F14: ='13W CFF'!I12 -> Forecast | G14: ='13W CFF'!J12 -> Forecast | H14: ='13W CFF'!K12 -> Forecast | I14: ='13W CFF'!L12 -> Forecast | J14: ='13W CFF'!M12 -> Forecast | K14: ='13W CFF'!N12 -> Forecast | ... P14: ='13W CFF'!S12 -> Forecast
C16: Total trading receipts | D16: ='13W CFF'!G29 -> 113850.85 | E16: ='13W CFF'!H29 -> 43498.2 | F16: ='13W CFF'!I29 -> 128208.65 | G16: ='13W CFF'!J29 -> 93812.4 | H16: ='13W CFF'!K29 -> 136094.05 | I16: ='13W CFF'!L29 -> 61419.9 | J16: ='13W CFF'!M29 -> 141873.05 | K16: ='13W CFF'!N29 -> 136156.35 | ... P16: ='13W CFF'!S29 -> 147812.75
C17: Total trading payments | D17: ='13W CFF'!G63 -> -26164.4 | E17: ='13W CFF'!H63 -> -26342.84 | F17: ='13W CFF'!I63 -> -15450 | G17: ='13W CFF'!J63 -> -325750.76 | H17: ='13W CFF'!K63 -> -119180 | I17: ='13W CFF'!L63 -> -55470 | J17: ='13W CFF'!M63 -> -39180 | K17: ='13W CFF'!N63 -> -48876.96 | ... P17: ='13W CFF'!S63 -> -116306.64
C19: Net operating cashflow | D19: ='13W CFF'!G65 -> 87686.45 | E19: ='13W CFF'!H65 -> 17155.36 | F19: ='13W CFF'!I65 -> 112758.65 | G19: ='13W CFF'!J65 -> -231938.36 | H19: ='13W CFF'!K65 -> 16914.05 | I19: ='13W CFF'!L65 -> 5949.9 | J19: ='13W CFF'!M65 -> 102693.05 | K19: ='13W CFF'!N65 -> 87279.39 | ... P19: ='13W CFF'!S65 -> 31506.11
C21: Non-operating receipts / disbursements | D21: ='13W CFF'!G110 -> 0 | E21: ='13W CFF'!H110 -> 0 | F21: ='13W CFF'!I110 -> 0 | G21: ='13W CFF'!J110 -> -269000 | H21: ='13W CFF'!K110 -> -15000 | I21: ='13W CFF'!L110 -> -756854 | J21: ='13W CFF'!M110 -> 125000 | K21: ='13W CFF'!N110 -> 0 | ... P21: ='13W CFF'!S110 -> -15000
C23: Net cashflow | D23: ='13W CFF'!G112 -> 87686.45 | E23: ='13W CFF'!H112 -> 17155.36 | F23: ='13W CFF'!I112 -> 112758.65 | G23: ='13W CFF'!J112 -> -500938.36 | H23: ='13W CFF'!K112 -> 1914.05 | I23: ='13W CFF'!L112 -> -750904.1 | J23: ='13W CFF'!M112 -> 227693.05 | K23: ='13W CFF'!N112 -> 87279.39 | ... P23: ='13W CFF'!S112 -> 16506.11
C25: Opening cash | D25: ='13W CFF'!G117 -> 1032940.1 | E25: ='13W CFF'!H117 -> 1120626.6 | F25: ='13W CFF'!I117 -> 1137781.9 | G25: ='13W CFF'!J117 -> 1250540.6 | H25: ='13W CFF'!K117 -> 749602.2 | I25: ='13W CFF'!L117 -> 751516.25 | J25: ='13W CFF'!M117 -> 612.15 | K25: ='13W CFF'!N117 -> 228305.2 | ... P25: ='13W CFF'!S117 -> 564563.39
C27: Closing cash | D27: ='13W CFF'!G121 -> 1120626.6 | E27: ='13W CFF'!H121 -> 1137781.9 | F27: ='13W CFF'!I121 -> 1250540.6 | G27: ='13W CFF'!J121 -> 749602.2 | H27: ='13W CFF'!K121 -> 751516.25 | I27: ='13W CFF'!L121 -> 612.15 | J27: ='13W CFF'!M121 -> 228305.2 | K27: ='13W CFF'!N121 -> 315584.59 | ... P27: ='13W CFF'!S121 -> 581069.5
C30: Reporting charts
C48: Opening cash | D48: ='13W CFF'!G117 -> 1032940.1
C49: ='13W CFF'!C29 -> Total trading receipts | D49: ='13W CFF'!G29 -> 113850.85
C50: ='13W CFF'!C34 -> Accounts payable | D50: ='13W CFF'!G34 -> -7624.4
C51: ='13W CFF'!C36 -> COGS | D51: ='13W CFF'!G36 -> -18540
C52: ='13W CFF'!C44 -> Payroll | D52: ='13W CFF'!G44 -> 0
C53: ='13W CFF'!C49 -> Property costs | D53: ='13W CFF'!G49 -> 0
C54: ='13W CFF'!C51 -> Utilities | D54: ='13W CFF'!G51 -> 0
C55: ='13W CFF'!C53 -> IT & software | D55: ='13W CFF'!G53 -> 0
C56: ='13W CFF'!C55 -> Marketing | D56: ='13W CFF'!G55 -> 0
C57: ='13W CFF'!C57 -> Travel | D57: ='13W CFF'!G57 -> 0
C58: ='13W CFF'!C59 -> Insurance | D58: ='13W CFF'!G59 -> 0
C59: ='13W CFF'!C61 -> Other disbursements | D59: ='13W CFF'!G61 -> 0
C60: Non-operating receipts / disbursements | D60: ='13W CFF'!G110 -> 0
C61: Closing cash | D61: ='13W CFF'!G121 -> 1120626.6
C67: Variance analysis
C69: Select week >> | D69: 31 | E69: 32
C71: Cashflow item | D71: Actual | E71: Forecast | F71: Variance | G71: Variance %
C72: ='13W CFF'!C29 -> Total trading receipts | D72: =SUMIFS('Cash actuals'!E28:R28, 'Cash actuals'!E$9:R$9, Dashboard!$D$69) -> 153380 | E72: =SUMIFS('13W CFF'!G29:S29, '13W CFF'!G$10:S$10, Dashboard!$E$69) -> 113850.85 | F72: =E72 - D72 -> -39529.15 | G72: =IFERROR(F72 / E72, "") -> -0.34720118
C73: ='13W CFF'!C34 -> Accounts payable | D73: =SUMIFS('Cash actuals'!E33:R33, 'Cash actuals'!E$9:R$9, Dashboard!$D$69) -> 0 | E73: =SUMIFS('13W CFF'!G34:S34, '13W CFF'!G$10:S$10, Dashboard!$E$69) -> -7624.4 | F73: =E73 - D73 -> -7624.4 | G73: =IFERROR(F73 / E73, "") -> 1
C74: ='13W CFF'!C36 -> COGS | D74: =SUMIFS('Cash actuals'!E35:R35, 'Cash actuals'!E$9:R$9, Dashboard!$D$69) -> -56629 | E74: =SUMIFS('13W CFF'!G36:S36, '13W CFF'!G$10:S$10, Dashboard!$E$69) -> -18540 | F74: =E74 - D74 -> 38089 | G74: =IFERROR(F74 / E74, "") -> -2.0544229
C75: ='13W CFF'!C44 -> Payroll | D75: =SUMIFS('Cash actuals'!E43:R43, 'Cash actuals'!E$9:R$9, Dashboard!$D$69) -> -26787 | E75: =SUMIFS('13W CFF'!G44:S44, '13W CFF'!G$10:S$10, Dashboard!$E$69) -> 0 | F75: =E75 - D75 -> 26787 | G75: =IFERROR(F75 / E75, "")
C76: ='13W CFF'!C49 -> Property costs | D76: =SUMIFS('Cash actuals'!E48:R48, 'Cash actuals'!E$9:R$9, Dashboard!$D$69) -> 0 | E76: =SUMIFS('13W CFF'!G49:S49, '13W CFF'!G$10:S$10, Dashboard!$E$69) -> 0 | F76: =E76 - D76 -> 0 | G76: =IFERROR(F76 / E76, "")
C77: ='13W CFF'!C51 -> Utilities | D77: =SUMIFS('Cash actuals'!E50:R50, 'Cash actuals'!E$9:R$9, Dashboard!$D$69) -> 0 | E77: =SUMIFS('13W CFF'!G51:S51, '13W CFF'!G$10:S$10, Dashboard!$E$69) -> 0 | F77: =E77 - D77 -> 0 | G77: =IFERROR(F77 / E77, "")
C78: ='13W CFF'!C53 -> IT & software | D78: =SUMIFS('Cash actuals'!E52:R52, 'Cash actuals'!E$9:R$9, Dashboard!$D$69) -> -7464 | E78: =SUMIFS('13W CFF'!G53:S53, '13W CFF'!G$10:S$10, Dashboard!$E$69) -> 0 | F78: =E78 - D78 -> 7464 | G78: =IFERROR(F78 / E78, "")
C79: ='13W CFF'!C55 -> Marketing | D79: =SUMIFS('Cash actuals'!E54:R54, 'Cash actuals'!E$9:R$9, Dashboard!$D$69) -> -13827 | E79: =SUMIFS('13W CFF'!G55:S55, '13W CFF'!G$10:S$10, Dashboard!$E$69) -> 0 | F79: =E79 - D79 -> 13827 | G79: =IFERROR(F79 / E79, "")
C80: ='13W CFF'!C57 -> Travel | D80: =SUMIFS('Cash actuals'!E56:R56, 'Cash actuals'!E$9:R$9, Dashboard!$D$69) -> 0 | E80: =SUMIFS('13W CFF'!G57:S57, '13W CFF'!G$10:S$10, Dashboard!$E$69) -> 0 | F80: =E80 - D80 -> 0 | G80: =IFERROR(F80 / E80, "")
C81: ='13W CFF'!C59 -> Insurance | D81: =SUMIFS('Cash actuals'!E58:R58, 'Cash actuals'!E$9:R$9, Dashboard!$D$69) -> -7857 | E81: =SUMIFS('13W CFF'!G59:S59, '13W CFF'!G$10:S$10, Dashboard!$E$69) -> 0 | F81: =E81 - D81 -> 7857 | G81: =IFERROR(F81 / E81, "")
C82: ='13W CFF'!C61 -> Other disbursements | D82: =SUMIFS('Cash actuals'!E60:R60, 'Cash actuals'!E$9:R$9, Dashboard!$D$69) -> 0 | E82: =SUMIFS('13W CFF'!G61:S61, '13W CFF'!G$10:S$10, Dashboard!$E$69) -> 0 | F82: =E82 - D82 -> 0 | G82: =IFERROR(F82 / E82, "")
C83: ='13W CFF'!C70 -> Capex | D83: =SUMIFS('Cash actuals'!E69:R69, 'Cash actuals'!E$9:R$9, Dashboard!$D$69) -> 0 | E83: =SUMIFS('13W CFF'!G70:S70, '13W CFF'!G$10:S$10, Dashboard!$E$69) -> 0 | F83: =E83 - D83 -> 0 | G83: =IFERROR(F83 / E83, "")
C84: ='13W CFF'!C75 -> Disposal of assets | D84: =SUMIFS('Cash actuals'!E71:R71, 'Cash actuals'!E$9:R$9, Dashboard!$D$69) -> 0 | E84: =SUMIFS('13W CFF'!G75:S75, '13W CFF'!G$10:S$10, Dashboard!$E$69) -> 0 | F84: =E84 - D84 -> 0 | G84: =IFERROR(F84 / E84, "")
C85: ='13W CFF'!C80 -> VAT | D85: =SUMIFS('Cash actuals'!E73:R73, 'Cash actuals'!E$9:R$9, Dashboard!$D$69) -> -23589 | E85: =SUMIFS('13W CFF'!G80:S80, '13W CFF'!G$10:S$10, Dashboard!$E$69) -> 0 | F85: =E85 - D85 -> 23589 | G85: =IFERROR(F85 / E85, "")
C86: ='13W CFF'!C85 -> Corporation tax | D86: =SUMIFS('Cash actuals'!E75:R75, 'Cash actuals'!E$9:R$9, Dashboard!$D$69) -> 0 | E86: =SUMIFS('13W CFF'!G85:S85, '13W CFF'!G$10:S$10, Dashboard!$E$69) -> 0 | F86: =E86 - D86 -> 0 | G86: =IFERROR(F86 / E86, "")
C87: ='13W CFF'!C90 -> Interest | D87: =SUMIFS('Cash actuals'!E77:R77, 'Cash actuals'!E$9:R$9, Dashboard!$D$69) -> 0 | E87: =SUMIFS('13W CFF'!G90:S90, '13W CFF'!G$10:S$10, Dashboard!$E$69) -> 0 | F87: =E87 - D87 -> 0 | G87: =IFERROR(F87 / E87, "")
C88: ='13W CFF'!C95 -> Dividend payments | D88: =SUMIFS('Cash actuals'!E79:R79, 'Cash actuals'!E$9:R$9, Dashboard!$D$69) -> 0 | E88: =SUMIFS('13W CFF'!G95:S95, '13W CFF'!G$10:S$10, Dashboard!$E$69) -> 0 | F88: =E88 - D88 -> 0 | G88: =IFERROR(F88 / E88, "")
C89: ='13W CFF'!C100 -> New equity inflow | D89: =SUMIFS('Cash actuals'!E81:R81, 'Cash actuals'!E$9:R$9, Dashboard!$D$69) -> 0 | E89: =SUMIFS('13W CFF'!G100:S100, '13W CFF'!G$10:S$10, Dashboard!$E$69) -> 0 | F89: =E89 - D89 -> 0 | G89: =IFERROR(F89 / E89, "")
C90: ='13W CFF'!C105 -> New debt inflow / (repayment) | D90: =SUMIFS('Cash actuals'!E83:R83, 'Cash actuals'!E$9:R$9, Dashboard!$D$69) -> 0 | E90: =SUMIFS('13W CFF'!G105:S105, '13W CFF'!G$10:S$10, Dashboard!$E$69) -> 0 | F90: =E90 - D90 -> 0 | G90: =IFERROR(F90 / E90, "")
C91: ='13W CFF'!C121 -> Closing cash | D91: =SUMIFS('Cash actuals'!E96:R96, 'Cash actuals'!E$9:R$9, Dashboard!$D$69) -> 1032940.1 | E91: =SUMIFS('13W CFF'!G121:S121, '13W CFF'!G$10:S$10, Dashboard!$E$69) -> 1120626.6 | F91: =E91 - D91 -> 87686.45 | G91: =IFERROR(F91 / E91, "") -> 0.0782477

Sheet 13W CFF
B2: 13WEEKS | CashflowFree | 13 week cashflow forecast template | V2: Home
B3: 13 week cashflow forecast
C7: Week commencing date >> | E7: =G7-7 -> 46230 | G7: 46237 | H7: =G8+1 -> 46244 | I7: =H8+1 -> 46251 | J7: =I8+1 -> 46258 | K7: =J8+1 -> 46265 | L7: =K8+1 -> 46272 | M7: =L8+1 -> 46279 | N7: =M8+1 -> 46286 | O7: =N8+1 -> 46293 | ... S7: =R8+1 -> 46321
C8: Week ending date >> | E8: =E7+6 -> 46236 | G8: =G7+6 -> 46243 | H8: =H7+6 -> 46250 | I8: =I7+6 -> 46257 | J8: =J7+6 -> 46264 | K8: =K7+6 -> 46271 | L8: =L7+6 -> 46278 | M8: =M7+6 -> 46285 | N8: =N7+6 -> 46292 | ... S8: =S7+6 -> 46327
C9: Week number >> | E9: 0 | G9: 1 | H9: 2 | I9: 3 | J9: 4 | K9: 5 | L9: 6 | M9: 7 | N9: 8 | O9: 9 | P9: 10 | Q9: 11 | R9: 12 | S9: 13
C10: Calendar week >> | E10: =WEEKNUM(E7, 21) -> 31 | G10: =WEEKNUM(G7, 21) -> 32 | H10: =WEEKNUM(H7, 21) -> 33 | I10: =WEEKNUM(I7, 21) -> 34 | J10: =WEEKNUM(J7, 21) -> 35 | K10: =WEEKNUM(K7, 21) -> 36 | L10: =WEEKNUM(L7, 21) -> 37 | M10: =WEEKNUM(M7, 21) -> 38 | N10: =WEEKNUM(N7, 21) -> 39 | ... S10: =WEEKNUM(S7, 21) -> 44
C11: Year >> | E11: =YEAR(E7) -> 2026 | G11: =YEAR(G7) -> 2026 | H11: =YEAR(H7) -> 2026 | I11: =YEAR(I7) -> 2026 | J11: =YEAR(J7) -> 2026 | K11: =YEAR(K7) -> 2026 | L11: =YEAR(L7) -> 2026 | M11: =YEAR(M7) -> 2026 | N11: =YEAR(N7) -> 2026 | ... S11: =YEAR(S7) -> 2026
C12: Actuals / Forecast>> | E12: Actual | G12: Forecast | H12: Forecast | I12: Forecast | J12: Forecast | K12: Forecast | L12: Forecast | M12: Forecast | N12: Forecast | O12: Forecast | P12: Forecast | Q12: Forecast | R12: Forecast | S12: Forecast | T12: Total | V12: Comments
B15: Trading receipts
C17: Accounts receivable | G17: ='AR report'!K9 -> 113850.85 | H17: ='AR report'!L9 -> 43498.2 | I17: ='AR report'!M9 -> 128208.65 | J17: ='AR report'!N9 -> 93812.4 | K17: ='AR report'!O9 -> 136094.05 | L17: ='AR report'!P9 -> 61419.9 | M17: ='AR report'!Q9 -> 38873.05 | N17: ='AR report'!R9 -> 33156.35 | ... S17: ='AR report'!W9 -> 30812.75 | T17: =SUM(G17:S17) -> 803303
C19: ='Category lookups'!E8 -> Product revenue | E19: =SUMIFS('Bank postings'!$F:$F, 'Bank postings'!$N:$N, '13W CFF'!$C19, 'Bank postings'!$G:$G, '13W CFF'!$E$10, 'Bank postings'!$H:$H, '13W CFF'!$E$11) -> 111718 | G19: ='New sales'!F34 -> 0 | H19: ='New sales'!G34 -> 0 | I19: ='New sales'!H34 -> 0 | J19: ='New sales'!I34 -> 0 | K19: ='New sales'!J34 -> 0 | L19: ='New sales'!K34 -> 0 | M19: ='New sales'!L34 -> 90000 | N19: ='New sales'!M34 -> 90000 | ... S19: ='New sales'!R34 -> 100000 | T19: =SUM(G19:S19) -> 660000
C21: ='Category lookups'!E9 -> Services revenue | E21: =SUMIFS('Bank postings'!$F:$F, 'Bank postings'!$N:$N, '13W CFF'!$C21, 'Bank postings'!$G:$G, '13W CFF'!$E$10, 'Bank postings'!$H:$H, '13W CFF'!$E$11) -> 41662 | G21: ='New sales'!F46 -> 0 | H21: ='New sales'!G46 -> 0 | I21: ='New sales'!H46 -> 0 | J21: ='New sales'!I46 -> 0 | K21: ='New sales'!J46 -> 0 | L21: ='New sales'!K46 -> 0 | M21: ='New sales'!L46 -> 11000 | N21: ='New sales'!M46 -> 11000 | ... S21: ='New sales'!R46 -> 15000 | T21: =SUM(G21:S21) -> 89000
C23: ='Category lookups'!E10 -> Other operating income 1 | E23: =SUMIFS('Bank postings'!$F:$F, 'Bank postings'!$N:$N, '13W CFF'!$C23, 'Bank postings'!$G:$G, '13W CFF'!$E$10, 'Bank postings'!$H:$H, '13W CFF'!$E$11) -> 0 | G23: ='New sales'!F58 -> 0 | H23: ='New sales'!G58 -> 0 | I23: ='New sales'!H58 -> 0 | J23: ='New sales'!I58 -> 0 | K23: ='New sales'!J58 -> 0 | L23: ='New sales'!K58 -> 0 | M23: ='New sales'!L58 -> 2000 | N23: ='New sales'!M58 -> 2000 | ... S23: ='New sales'!R58 -> 2000 | T23: =SUM(G23:S23) -> 14000
C25: ='Category lookups'!E11 -> Other operating income 2 | E25: =SUMIFS('Bank postings'!$F:$F, 'Bank postings'!$N:$N, '13W CFF'!$C25, 'Bank postings'!$G:$G, '13W CFF'!$E$10, 'Bank postings'!$H:$H, '13W CFF'!$E$11) -> 0 | G25: ='New sales'!F70 -> 0 | H25: ='New sales'!G70 -> 0 | I25: ='New sales'!H70 -> 0 | J25: ='New sales'!I70 -> 0 | K25: ='New sales'!J70 -> 0 | L25: ='New sales'!K70 -> 0 | M25: ='New sales'!L70 -> 0 | N25: ='New sales'!M70 -> 0 | ... S25: ='New sales'!R70 -> 0 | T25: =SUM(G25:S25) -> 0
C27: ='Category lookups'!E12 -> Other operating income 3 | E27: =SUMIFS('Bank postings'!$F:$F, 'Bank postings'!$N:$N, '13W CFF'!$C27, 'Bank postings'!$G:$G, '13W CFF'!$E$10, 'Bank postings'!$H:$H, '13W CFF'!$E$11) -> 0 | G27: ='New sales'!F82 -> 0 | H27: ='New sales'!G82 -> 0 | I27: ='New sales'!H82 -> 0 | J27: ='New sales'!I82 -> 0 | K27: ='New sales'!J82 -> 0 | L27: ='New sales'!K82 -> 0 | M27: ='New sales'!L82 -> 0 | N27: ='New sales'!M82 -> 0 | ... S27: ='New sales'!R82 -> 0 | T27: =SUM(G27:S27) -> 0
C29: Total trading receipts | E29: =E17 + E19 + E21 + E23 + E25 + E27 -> 153380 | G29: =G17 + G19 + G21 + G23 + G25 + G27 -> 113850.85 | H29: =H17 + H19 + H21 + H23 + H25 + H27 -> 43498.2 | I29: =I17 + I19 + I21 + I23 + I25 + I27 -> 128208.65 | J29: =J17 + J19 + J21 + J23 + J25 + J27 -> 93812.4 | K29: =K17 + K19 + K21 + K23 + K25 + K27 -> 136094.05 | L29: =L17 + L19 + L21 + L23 + L25 + L27 -> 61419.9 | M29: =M17 + M19 + M21 + M23 + M25 + M27 -> 141873.05 | N29: =N17 + N19 + N21 + N23 + N25 + N27 -> 136156.35 | ... T29: =T17 + T19 + T21 + T23 + T25 + T27 -> 1566303
B32: Trading payments
C34: Accounts payable | G34: ='AP report'!K9 -> -7624.4 | H34: ='AP report'!L9 -> -10892.84 | I34: ='AP report'!M9 -> 0 | J34: ='AP report'!N9 -> -310300.76 | K34: ='AP report'!O9 -> 0 | L34: ='AP report'!P9 -> 0 | M34: ='AP report'!Q9 -> 0 | N34: ='AP report'!R9 -> -9696.96 | ... S34: ='AP report'!W9 -> -8536.64 | T34: =SUM(G34:S34) -> -347051.6
C36: ='Category lookups'!C9 -> COGS | E36: =SUM(E37:E42) -> -56629 | G36: =SUM(G37:G42) -> -18540 | H36: =SUM(H37:H42) -> -15450 | I36: =SUM(I37:I42) -> -15450 | J36: =SUM(J37:J42) -> -15450 | K36: =SUM(K37:K42) -> -39180 | L36: =SUM(L37:L42) -> -55470 | M36: =SUM(M37:M42) -> -39180 | N36: =SUM(N37:N42) -> -39180 | ... S36: =SUM(S37:S42) -> -43770 | T36: =SUM(G36:S36) -> -469470
C37: ='Category lookups'!G8 -> Material purchases | E37: =SUMIFS('Bank postings'!$F:$F, 'Bank postings'!$N:$N, '13W CFF'!$C37, 'Bank postings'!$G:$G, '13W CFF'!$E$10, 'Bank postings'!$H:$H, '13W CFF'!$E$11) -> -56629 | G37: ='New purchases'!F41 -> 0 | H37: ='New purchases'!G41 -> 0 | I37: ='New purchases'!H41 -> 0 | J37: ='New purchases'!I41 -> 0 | K37: ='New purchases'!J41 -> -20600 | L37: ='New purchases'!K41 -> -20600 | M37: ='New purchases'!L41 -> -20600 | N37: ='New purchases'!M41 -> -20600 | ... S37: ='New purchases'!R41 -> -23400 | T37: =SUM(G37:S37) -> -199400
C38: ='Category lookups'!G9 -> Direct labour | E38: =SUMIFS('Bank postings'!$F:$F, 'Bank postings'!$N:$N, '13W CFF'!$C38, 'Bank postings'!$G:$G, '13W CFF'!$E$10, 'Bank postings'!$H:$H, '13W CFF'!$E$11) -> 0 | G38: ='New purchases'!F53 -> -12360 | H38: ='New purchases'!G53 -> -12360 | I38: ='New purchases'!H53 -> -12360 | J38: ='New purchases'!I53 -> -12360 | K38: ='New purchases'!J53 -> -14040 | L38: ='New purchases'!K53 -> -14040 | M38: ='New purchases'!L53 -> -14040 | N38: ='New purchases'!M53 -> -14040 | ... S38: ='New purchases'!R53 -> -15360 | T38: =SUM(G38:S38) -> -181080
C39: ='Category lookups'!G10 -> Overheads | E39: =SUMIFS('Bank postings'!$F:$F, 'Bank postings'!$N:$N, '13W CFF'!$C39, 'Bank postings'!$G:$G, '13W CFF'!$E$10, 'Bank postings'!$H:$H, '13W CFF'!$E$11) -> 0 | G39: ='New purchases'!F65 -> -3090 | H39: ='New purchases'!G65 -> -3090 | I39: ='New purchases'!H65 -> -3090 | J39: ='New purchases'!I65 -> -3090 | K39: ='New purchases'!J65 -> -3510 | L39: ='New purchases'!K65 -> -3510 | M39: ='New purchases'!L65 -> -3510 | N39: ='New purchases'!M65 -> -3510 | ... S39: ='New purchases'!R65 -> -3840 | T39: =SUM(G39:S39) -> -45270
C40: ='Category lookups'!G11 -> Inbound logistics | E40: =SUMIFS('Bank postings'!$F:$F, 'Bank postings'!$N:$N, '13W CFF'!$C40, 'Bank postings'!$G:$G, '13W CFF'!$E$10, 'Bank postings'!$H:$H, '13W CFF'!$E$11) -> 0 | G40: ='New purchases'!F77 -> -2060 | H40: ='New purchases'!G77 -> 0 | I40: ='New purchases'!H77 -> 0 | J40: ='New purchases'!I77 -> 0 | K40: ='New purchases'!J77 -> 0 | L40: ='New purchases'!K77 -> -10860 | M40: ='New purchases'!L77 -> 0 | N40: ='New purchases'!M77 -> 0 | ... S40: ='New purchases'!R77 -> 0 | T40: =SUM(G40:S40) -> -22500
C41: ='Category lookups'!G12 -> Packaging | E41: =SUMIFS('Bank postings'!$F:$F, 'Bank postings'!$N:$N, '13W CFF'!$C41, 'Bank postings'!$G:$G, '13W CFF'!$E$10, 'Bank postings'!$H:$H, '13W CFF'!$E$11) -> 0 | G41: ='New purchases'!F89 -> -1030 | H41: ='New purchases'!G89 -> 0 | I41: ='New purchases'!H89 -> 0 | J41: ='New purchases'!I89 -> 0 | K41: ='New purchases'!J89 -> 0 | L41: ='New purchases'!K89 -> -5430 | M41: ='New purchases'!L89 -> 0 | N41: ='New purchases'!M89 -> 0 | ... S41: ='New purchases'!R89 -> 0 | T41: =SUM(G41:S41) -> -11250
C42: ='Category lookups'!G13 -> Other COGS | E42: =SUMIFS('Bank postings'!$F:$F, 'Bank postings'!$N:$N, '13W CFF'!$C42, 'Bank postings'!$G:$G, '13W CFF'!$E$10, 'Bank postings'!$H:$H, '13W CFF'!$E$11) -> 0 | G42: ='New purchases'!F101 -> 0 | H42: ='New purchases'!G101 -> 0 | I42: ='New purchases'!H101 -> 0 | J42: ='New purchases'!I101 -> 0 | K42: ='New purchases'!J101 -> -1030 | L42: ='New purchases'!K101 -> -1030 | M42: ='New purchases'!L101 -> -1030 | N42: ='New purchases'!M101 -> -1030 | ... S42: ='New purchases'!R101 -> -1170 | T42: =SUM(G42:S42) -> -9970
C44: ='Category lookups'!C10 -> Payroll | E44: =SUM(E45:E47) -> -26787 | G44: =SUM(G45:G47) -> 0 | H44: =SUM(H45:H47) -> 0 | I44: =SUM(I45:I47) -> 0 | J44: =SUM(J45:J47) -> 0 | K44: =SUM(K45:K47) -> -25000 | L44: =SUM(L45:L47) -> 0 | M44: =SUM(M45:M47) -> 0 | N44: =SUM(N45:N47) -> 0 | ... S44: =SUM(S45:S47) -> -20000 | T44: =SUM(G44:S44) -> -65000
C45: ='Category lookups'!I8 -> Salary | E45: =SUMIFS('Bank postings'!$F:$F, 'Bank postings'!$N:$N, '13W CFF'!$C45, 'Bank postings'!$G:$G, '13W CFF'!$E$10, 'Bank postings'!$H:$H, '13W CFF'!$E$11) -> -22562 | G45: ='New purchases'!F124 -> 0 | H45: ='New purchases'!G124 -> 0 | I45: ='New purchases'!H124 -> 0 | J45: ='New purchases'!I124 -> 0 | K45: ='New purchases'!J124 -> -15000 | L45: ='New purchases'!K124 -> 0 | M45: ='New purchases'!L124 -> 0 | N45: ='New purchases'!M124 -> 0 | ... S45: ='New purchases'!R124 -> -12000 | T45: =SUM(G45:S45) -> -39000
C46: ='Category lookups'!I9 -> Social | E46: =SUMIFS('Bank postings'!$F:$F, 'Bank postings'!$N:$N, '13W CFF'!$C46, 'Bank postings'!$G:$G, '13W CFF'!$E$10, 'Bank postings'!$H:$H, '13W CFF'!$E$11) -> -1856 | G46: ='New purchases'!F136 -> 0 | H46: ='New purchases'!G136 -> 0 | I46: ='New purchases'!H136 -> 0 | J46: ='New purchases'!I136 -> 0 | K46: ='New purchases'!J136 -> -5000 | L46: ='New purchases'!K136 -> 0 | M46: ='New purchases'!L136 -> 0 | N46: ='New purchases'!M136 -> 0 | ... S46: ='New purchases'!R136 -> -4000 | T46: =SUM(G46:S46) -> -13000
C47: ='Category lookups'!I10 -> Payroll tax | E47: =SUMIFS('Bank postings'!$F:$F, 'Bank postings'!$N:$N, '13W CFF'!$C47, 'Bank postings'!$G:$G, '13W CFF'!$E$10, 'Bank postings'!$H:$H, '13W CFF'!$E$11) -> -2369 | G47: ='New purchases'!F148 -> 0 | H47: ='New purchases'!G148 -> 0 | I47: ='New purchases'!H148 -> 0 | J47: ='New purchases'!I148 -> 0 | K47: ='New purchases'!J148 -> -5000 | L47: ='New purchases'!K148 -> 0 | M47: ='New purchases'!L148 -> 0 | N47: ='New purchases'!M148 -> 0 | ... S47: ='New purchases'!R148 -> -4000 | T47: =SUM(G47:S47) -> -13000
C49: ='Category lookups'!K8 -> Property costs | E49: =SUMIFS('Bank postings'!$F:$F, 'Bank postings'!$N:$N, '13W CFF'!$C49, 'Bank postings'!$G:$G, '13W CFF'!$E$10, 'Bank postings'!$H:$H, '13W CFF'!$E$11) -> 0 | G49: ='New purchases'!F175 -> 0 | H49: ='New purchases'!G175 -> 0 | I49: ='New purchases'!H175 -> 0 | J49: ='New purchases'!I175 -> 0 | K49: ='New purchases'!J175 -> -5000 | L49: ='New purchases'!K175 -> 0 | M49: ='New purchases'!L175 -> 0 | N49: ='New purchases'!M175 -> 0 | ... S49: ='New purchases'!R175 -> -4000 | T49: =SUM(G49:S49) -> -13000
C51: ='Category lookups'!K9 -> Utilities | E51: =SUMIFS('Bank postings'!$F:$F, 'Bank postings'!$N:$N, '13W CFF'!$C51, 'Bank postings'!$G:$G, '13W CFF'!$E$10, 'Bank postings'!$H:$H, '13W CFF'!$E$11) -> 0 | G51: ='New purchases'!F187 -> 0 | H51: ='New purchases'!G187 -> 0 | I51: ='New purchases'!H187 -> 0 | J51: ='New purchases'!I187 -> 0 | K51: ='New purchases'!J187 -> -5000 | L51: ='New purchases'!K187 -> 0 | M51: ='New purchases'!L187 -> 0 | N51: ='New purchases'!M187 -> 0 | ... S51: ='New purchases'!R187 -> -4000 | T51: =SUM(G51:S51) -> -13000
C53: ='Category lookups'!K10 -> IT & software | E53: =SUMIFS('Bank postings'!$F:$F, 'Bank postings'!$N:$N, '13W CFF'!$C53, 'Bank postings'!$G:$G, '13W CFF'!$E$10, 'Bank postings'!$H:$H, '13W CFF'!$E$11) -> -7464 | G53: ='New purchases'!F199 -> 0 | H53: ='New purchases'!G199 -> 0 | I53: ='New purchases'!H199 -> 0 | J53: ='New purchases'!I199 -> 0 | K53: ='New purchases'!J199 -> -15000 | L53: ='New purchases'!K199 -> 0 | M53: ='New purchases'!L199 -> 0 | N53: ='New purchases'!M199 -> 0 | ... S53: ='New purchases'!R199 -> -12000 | T53: =SUM(G53:S53) -> -39000
C55: ='Category lookups'!K11 -> Marketing | E55: =SUMIFS('Bank postings'!$F:$F, 'Bank postings'!$N:$N, '13W CFF'!$C55, 'Bank postings'!$G:$G, '13W CFF'!$E$10, 'Bank postings'!$H:$H, '13W CFF'!$E$11) -> -13827 | G55: ='New purchases'!F211 -> 0 | H55: ='New purchases'!G211 -> 0 | I55: ='New purchases'!H211 -> 0 | J55: ='New purchases'!I211 -> 0 | K55: ='New purchases'!J211 -> -5000 | L55: ='New purchases'!K211 -> 0 | M55: ='New purchases'!L211 -> 0 | N55: ='New purchases'!M211 -> 0 | ... S55: ='New purchases'!R211 -> -4000 | T55: =SUM(G55:S55) -> -13000
C57: ='Category lookups'!K12 -> Travel | E57: =SUMIFS('Bank postings'!$F:$F, 'Bank postings'!$N:$N, '13W CFF'!$C57, 'Bank postings'!$G:$G, '13W CFF'!$E$10, 'Bank postings'!$H:$H, '13W CFF'!$E$11) -> 0 | G57: ='New purchases'!F223 -> 0 | H57: ='New purchases'!G223 -> 0 | I57: ='New purchases'!H223 -> 0 | J57: ='New purchases'!I223 -> 0 | K57: ='New purchases'!J223 -> -5000 | L57: ='New purchases'!K223 -> 0 | M57: ='New purchases'!L223 -> 0 | N57: ='New purchases'!M223 -> 0 | ... S57: ='New purchases'!R223 -> -4000 | T57: =SUM(G57:S57) -> -13000
C59: ='Category lookups'!K13 -> Insurance | E59: =SUMIFS('Bank postings'!$F:$F, 'Bank postings'!$N:$N, '13W CFF'!$C59, 'Bank postings'!$G:$G, '13W CFF'!$E$10, 'Bank postings'!$H:$H, '13W CFF'!$E$11) -> -7857 | G59: ='New purchases'!F235 -> 0 | H59: ='New purchases'!G235 -> 0 | I59: ='New purchases'!H235 -> 0 | J59: ='New purchases'!I235 -> 0 | K59: ='New purchases'!J235 -> -15000 | L59: ='New purchases'!K235 -> 0 | M59: ='New purchases'!L235 -> 0 | N59: ='New purchases'!M235 -> 0 | ... S59: ='New purchases'!R235 -> -12000 | T59: =SUM(G59:S59) -> -39000
C61: ='Category lookups'!K14 -> Other disbursements | E61: =SUMIFS('Bank postings'!$F:$F, 'Bank postings'!$N:$N, '13W CFF'!$C61, 'Bank postings'!$G:$G, '13W CFF'!$E$10, 'Bank postings'!$H:$H, '13W CFF'!$E$11) -> 0 | G61: ='New purchases'!F247 -> 0 | H61: ='New purchases'!G247 -> 0 | I61: ='New purchases'!H247 -> 0 | J61: ='New purchases'!I247 -> 0 | K61: ='New purchases'!J247 -> -5000 | L61: ='New purchases'!K247 -> 0 | M61: ='New purchases'!L247 -> 0 | N61: ='New purchases'!M247 -> 0 | ... S61: ='New purchases'!R247 -> -4000 | T61: =SUM(G61:S61) -> -13000
C63: Total trading payments | E63: =E34 + E36 + E44 + E49 + E51 + E53 + E55 + E57 + E59 + E61 -> -112564 | G63: =G34 + G36 + G44 + G49 + G51 + G53 + G55 + G57 + G59 + G61 -> -26164.4 | H63: =H34 + H36 + H44 + H49 + H51 + H53 + H55 + H57 + H59 + H61 -> -26342.84 | I63: =I34 + I36 + I44 + I49 + I51 + I53 + I55 + I57 + I59 + I61 -> -15450 | J63: =J34 + J36 + J44 + J49 + J51 + J53 + J55 + J57 + J59 + J61 -> -325750.76 | K63: =K34 + K36 + K44 + K49 + K51 + K53 + K55 + K57 + K59 + K61 -> -119180 | L63: =L34 + L36 + L44 + L49 + L51 + L53 + L55 + L57 + L59 + L61 -> -55470 | M63: =M34 + M36 + M44 + M49 + M51 + M53 + M55 + M57 + M59 + M61 -> -39180 | N63: =N34 + N36 + N44 + N49 + N51 + N53 + N55 + N57 + N59 + N61 -> -48876.96 | ... T63: =T34 + T36 + T44 + T49 + T51 + T53 + T55 + T57 + T59 + T61 -> -1024521.6
C65: Net operating cashflow | E65: =E29 + E63 -> 40816 | G65: =G29 + G63 -> 87686.45 | H65: =H29 + H63 -> 17155.36 | I65: =I29 + I63 -> 112758.65 | J65: =J29 + J63 -> -231938.36 | K65: =K29 + K63 -> 16914.05 | L65: =L29 + L63 -> 5949.9 | M65: =M29 + M63 -> 102693.05 | N65: =N29 + N63 -> 87279.39 | ... T65: =T29 + T63 -> 541781.4
B68: Non-operating receipts / payments
C70: Capex | E70: =SUMIFS('Bank postings'!$F:$F, 'Bank postings'!$N:$N, '13W CFF'!$C70, 'Bank postings'!$G:$G, '13W CFF'!$E$10, 'Bank postings'!$H:$H, '13W CFF'!$E$11) -> 0 | G70: =SUM(G71:G73) -> 0 | H70: =SUM(H71:H73) -> 0 | I70: =SUM(I71:I73) -> 0 | J70: =SUM(J71:J73) -> -269000 | K70: =SUM(K71:K73) -> 0 | L70: =SUM(L71:L73) -> 0 | M70: =SUM(M71:M73) -> 0 | N70: =SUM(N71:N73) -> 0 | ... S70: =SUM(S71:S73) -> 0 | T70: =SUM(G70:S70) -> -269000
C71: [Capex input 1] | J71: -269000 | T71: =SUM(G71:S71) -> -269000
C72: [Capex input 2] | T72: =SUM(G72:S72) -> 0
C73: [Capex input 3] | T73: =SUM(G73:S73) -> 0
C75: Disposal of assets | E75: =SUMIFS('Bank postings'!$F:$F, 'Bank postings'!$N:$N, '13W CFF'!$C75, 'Bank postings'!$G:$G, '13W CFF'!$E$10, 'Bank postings'!$H:$H, '13W CFF'!$E$11) -> 0 | G75: =SUM(G76:G78) -> 0 | H75: =SUM(H76:H78) -> 0 | I75: =SUM(I76:I78) -> 0 | J75: =SUM(J76:J78) -> 0 | K75: =SUM(K76:K78) -> 0 | L75: =SUM(L76:L78) -> 0 | M75: =SUM(M76:M78) -> 125000 | N75: =SUM(N76:N78) -> 0 | ... S75: =SUM(S76:S78) -> 0 | T75: =SUM(G75:S75) -> 125000
C76: Machinery sale | M76: 125000 | T76: =SUM(G76:S76) -> 125000
C77: [Disposal of assets input 2] | T77: =SUM(G77:S77) -> 0
C78: [Disposal of assets input 3] | T78: =SUM(G78:S78) -> 0
C80: VAT | E80: =SUMIFS('Bank postings'!$F:$F, 'Bank postings'!$N:$N, '13W CFF'!$C80, 'Bank postings'!$G:$G, '13W CFF'!$E$10, 'Bank postings'!$H:$H, '13W CFF'!$E$11) -> -23589 | G80: =SUM(G81:G83) -> 0 | H80: =SUM(H81:H83) -> 0 | I80: =SUM(I81:I83) -> 0 | J80: =SUM(J81:J83) -> 0 | K80: =SUM(K81:K83) -> 0 | L80: =SUM(L81:L83) -> 0 | M80: =SUM(M81:M83) -> 0 | N80: =SUM(N81:N83) -> 0 | ... S80: =SUM(S81:S83) -> 0 | T80: =SUM(G80:S80) -> -47798
C81: VAT | O81: -47798 | T81: =SUM(G81:S81) -> -47798
C82: [VAT input 2] | T82: =SUM(G82:S82) -> 0
C83: [VAT input 3] | T83: =SUM(G83:S83) -> 0
C85: Corporation tax | E85: =SUMIFS('Bank postings'!$F:$F, 'Bank postings'!$N:$N, '13W CFF'!$C85, 'Bank postings'!$G:$G, '13W CFF'!$E$10, 'Bank postings'!$H:$H, '13W CFF'!$E$11) -> 0 | G85: =SUM(G86:G88) -> 0 | H85: =SUM(H86:H88) -> 0 | I85: =SUM(I86:I88) -> 0 | J85: =SUM(J86:J88) -> 0 | K85: =SUM(K86:K88) -> 0 | L85: =SUM(L86:L88) -> -756854 | M85: =SUM(M86:M88) -> 0 | N85: =SUM(N86:N88) -> 0 | ... S85: =SUM(S86:S88) -> 0 | T85: =SUM(G85:S85) -> -756854
C86: CT payment | L86: -756854 | T86: =SUM(G86:S86) -> -756854
C87: [Corporation tax input 2] | T87: =SUM(G87:S87) -> 0
C88: [Corporation tax input 3] | T88: =SUM(G88:S88) -> 0
C90: Interest | E90: =SUMIFS('Bank postings'!$F:$F, 'Bank postings'!$N:$N, '13W CFF'!$C90, 'Bank postings'!$G:$G, '13W CFF'!$E$10, 'Bank postings'!$H:$H, '13W CFF'!$E$11) -> 0 | G90: =SUM(G91:G93) -> 0 | H90: =SUM(H91:H93) -> 0 | I90: =SUM(I91:I93) -> 0 | J90: =SUM(J91:J93) -> 0 | K90: =SUM(K91:K93) -> -15000 | L90: =SUM(L91:L93) -> 0 | M90: =SUM(M91:M93) -> 0 | N90: =SUM(N91:N93) -> 0 | ... S90: =SUM(S91:S93) -> -15000 | T90: =SUM(G90:S90) -> -45000
C91: Bank interest | K91: -15000 | O91: -15000 | S91: -15000 | T91: =SUM(G91:S91) -> -45000
C92: [Interest input 2] | T92: =SUM(G92:S92) -> 0
C93: [Interest input 3] | T93: =SUM(G93:S93) -> 0
C95: Dividend payments | E95: =SUMIFS('Bank postings'!$F:$F, 'Bank postings'!$N:$N, '13W CFF'!$C95, 'Bank postings'!$G:$G, '13W CFF'!$E$10, 'Bank postings'!$H:$H, '13W CFF'!$E$11) -> 0 | G95: =SUM(G96:G98) -> 0 | H95: =SUM(H96:H98) -> 0 | I95: =SUM(I96:I98) -> 0 | J95: =SUM(J96:J98) -> 0 | K95: =SUM(K96:K98) -> 0 | L95: =SUM(L96:L98) -> 0 | M95: =SUM(M96:M98) -> 0 | N95: =SUM(N96:N98) -> 0 | ... S95: =SUM(S96:S98) -> 0 | T95: =SUM(G95:S95) -> 0
C96: [Dividend payments input 1] | T96: =SUM(G96:S96) -> 0
C97: [Dividend payments input 2] | T97: =SUM(G97:S97) -> 0
C98: [Dividend payments input 3] | T98: =SUM(G98:S98) -> 0
C100: New equity inflow | E100: =SUMIFS('Bank postings'!$F:$F, 'Bank postings'!$N:$N, '13W CFF'!$C100, 'Bank postings'!$G:$G, '13W CFF'!$E$10, 'Bank postings'!$H:$H, '13W CFF'!$E$11) -> 0 | G100: =SUM(G101:G103) -> 0 | H100: =SUM(H101:H103) -> 0 | I100: =SUM(I101:I103) -> 0 | J100: =SUM(J101:J103) -> 0 | K100: =SUM(K101:K103) -> 0 | L100: =SUM(L101:L103) -> 0 | M100: =SUM(M101:M103) -> 0 | N100: =SUM(N101:N103) -> 0 | ... S100: =SUM(S101:S103) -> 0 | T100: =SUM(G100:S100) -> 0
C101: [New equity inflow input 1] | T101: =SUM(G101:S101) -> 0
C102: [New equity inflow input 2] | T102: =SUM(G102:S102) -> 0
C103: [New equity inflow input 3] | T103: =SUM(G103:S103) -> 0
C105: New debt inflow / (repayment) | E105: =SUMIFS('Bank postings'!$F:$F, 'Bank postings'!$N:$N, '13W CFF'!$C105, 'Bank postings'!$G:$G, '13W CFF'!$E$10, 'Bank postings'!$H:$H, '13W CFF'!$E$11) -> 0 | G105: =SUM(G106:G108) -> 0 | H105: =SUM(H106:H108) -> 0 | I105: =SUM(I106:I108) -> 0 | J105: =SUM(J106:J108) -> 0 | K105: =SUM(K106:K108) -> 0 | L105: =SUM(L106:L108) -> 0 | M105: =SUM(M106:M108) -> 0 | N105: =SUM(N106:N108) -> 0 | ... S105: =SUM(S106:S108) -> 0 | T105: =SUM(G105:S105) -> 0
C106: [New debt inflow / (repayment) input 1] | T106: =SUM(G106:S106) -> 0
C107: [New debt inflow / (repayment) input 2] | T107: =SUM(G107:S107) -> 0
C108: [New debt inflow / (repayment) input 3] | T108: =SUM(G108:S108) -> 0
C110: Total non-operating receipts / payments | E110: =E70 + E75 + E80 + E85 + E90 + E95 + E100 + E105 -> -23589 | G110: =G70 + G75 + G80 + G85 + G90 + G95 + G100 + G105 -> 0 | H110: =H70 + H75 + H80 + H85 + H90 + H95 + H100 + H105 -> 0 | I110: =I70 + I75 + I80 + I85 + I90 + I95 + I100 + I105 -> 0 | J110: =J70 + J75 + J80 + J85 + J90 + J95 + J100 + J105 -> -269000 | K110: =K70 + K75 + K80 + K85 + K90 + K95 + K100 + K105 -> -15000 | L110: =L70 + L75 + L80 + L85 + L90 + L95 + L100 + L105 -> -756854 | M110: =M70 + M75 + M80 + M85 + M90 + M95 + M100 + M105 -> 125000 | N110: =N70 + N75 + N80 + N85 + N90 + N95 + N100 + N105 -> 0 | ... T110: =T70 + T75 + T80 + T85 + T90 + T95 + T100 + T105 -> -993652
C112: Net cashflow | E112: =E65 + E110 -> 17227 | G112: =G65 + G110 -> 87686.45 | H112: =H65 + H110 -> 17155.36 | I112: =I65 + I110 -> 112758.65 | J112: =J65 + J110 -> -500938.36 | K112: =K65 + K110 -> 1914.05 | L112: =L65 + L110 -> -750904.1 | M112: =M65 + M110 -> 227693.05 | N112: =N65 + N110 -> 87279.39 | ... T112: =T65 + T110 -> -451870.6
B115: Cash position
C117: Opening cash | E117: =SUMIFS('Cash actuals'!$E$92:$R$92, 'Cash actuals'!$E$9:$R$9, '13W CFF'!E10) -> 1015713.1 | G117: =E121 -> 1032940.1 | H117: =G121 -> 1120626.6 | I117: =H121 -> 1137781.9 | J117: =I121 -> 1250540.6 | K117: =J121 -> 749602.2 | L117: =K121 -> 751516.25 | M117: =L121 -> 612.15 | N117: =M121 -> 228305.2 | O117: =N121 -> 315584.59 | ... S117: =R121 -> 564563.39
C119: Net cashflow | E119: =E112 -> 17227 | G119: =G112 -> 87686.45 | H119: =H112 -> 17155.36 | I119: =I112 -> 112758.65 | J119: =J112 -> -500938.36 | K119: =K112 -> 1914.05 | L119: =L112 -> -750904.1 | M119: =M112 -> 227693.05 | N119: =N112 -> 87279.39 | ... S119: =S112 -> 16506.11
C121: Closing cash | E121: =E117 + E119 -> 1032940.1 | G121: =G117 + G119 -> 1120626.6 | H121: =H117 + H119 -> 1137781.9 | I121: =I117 + I119 -> 1250540.6 | J121: =J117 + J119 -> 749602.2 | K121: =K117 + K119 -> 751516.25 | L121: =L117 + L119 -> 612.15 | M121: =M117 + M119 -> 228305.2 | N121: =N117 + N119 -> 315584.59 | ... S121: =S117 + S119 -> 581069.5
B124: Total available liquidity
C126: Closing cash | G126: =G121 -> 1120626.6 | H126: =H121 -> 1137781.9 | I126: =I121 -> 1250540.6 | J126: =J121 -> 749602.2 | K126: =K121 -> 751516.25 | L126: =L121 -> 612.15 | M126: =M121 -> 228305.2 | N126: =N121 -> 315584.59 | ... S126: =S121 -> 581069.5
C128: Plus: undrawn credit facilities | G128: =SUM(G129:G131) -> 250000 | H128: =SUM(H129:H131) -> 250000 | I128: =SUM(I129:I131) -> 250000 | J128: =SUM(J129:J131) -> 250000 | K128: =SUM(K129:K131) -> 250000 | L128: =SUM(L129:L131) -> 250000 | M128: =SUM(M129:M131) -> 250000 | N128: =SUM(N129:N131) -> 250000 | ... S128: =SUM(S129:S131) -> 250000
C129: Bank XYZ RCF | G129: 250000 | H129: 250000 | I129: 250000 | J129: 250000 | K129: 250000 | L129: 250000 | M129: 250000 | N129: 250000 | O129: 250000 | P129: 250000 | Q129: 250000 | R129: 250000 | S129: 250000
C130: [RCF2]
C131: [RCF3]
C133: Total available liquidity | G133: =G126 + G128 -> 1370626.6 | H133: =H126 + H128 -> 1387781.9 | I133: =I126 + I128 -> 1500540.6 | J133: =J126 + J128 -> 999602.2 | K133: =K126 + K128 -> 1001516.3 | L133: =L126 + L128 -> 250612.15 | M133: =M126 + M128 -> 478305.2 | N133: =N126 + N128 -> 565584.59 | ... S133: =S126 + S128 -> 831069.5

Sheet Cash actuals
B2: 13WEEKS | CashflowFree | 13 week cashflow forecast template | R2: Home
B3: Cash actuals
C7: Week commencing date >> | E7: 46223 | F7: =E8+1 -> 46230 | G7: =F8+1 -> 46237 | H7: =G8+1 -> 46244 | I7: =H8+1 -> 46251 | J7: =I8+1 -> 46258 | K7: =J8+1 -> 46265 | L7: =K8+1 -> 46272 | M7: =L8+1 -> 46279 | ... R7: =Q8+1 -> 46314
C8: Week ending date >> | E8: =E7+6 -> 46229 | F8: =F7+6 -> 46236 | G8: =G7+6 -> 46243 | H8: =H7+6 -> 46250 | I8: =I7+6 -> 46257 | J8: =J7+6 -> 46264 | K8: =K7+6 -> 46271 | L8: =L7+6 -> 46278 | ... R8: =R7+6 -> 46320
C9: Calendar week >> | E9: =WEEKNUM(E7, 21) -> 30 | F9: =WEEKNUM(F7, 21) -> 31 | G9: =WEEKNUM(G7, 21) -> 32 | H9: =WEEKNUM(H7, 21) -> 33 | I9: =WEEKNUM(I7, 21) -> 34 | J9: =WEEKNUM(J7, 21) -> 35 | K9: =WEEKNUM(K7, 21) -> 36 | L9: =WEEKNUM(L7, 21) -> 37 | ... R9: =WEEKNUM(R7, 21) -> 43
C10: Year >> | E10: =YEAR(E7) -> 2026 | F10: =YEAR(F7) -> 2026 | G10: =YEAR(G7) -> 2026 | H10: =YEAR(H7) -> 2026 | I10: =YEAR(I7) -> 2026 | J10: =YEAR(J7) -> 2026 | K10: =YEAR(K7) -> 2026 | L10: =YEAR(L7) -> 2026 | ... R10: =YEAR(R7) -> 2026
C11: Actuals / Forecast>> | E11: Actual | F11: Actual | G11: Actual | H11: Actual | I11: Actual | J11: Actual | K11: Actual | L11: Actual | M11: Actual | N11: Actual | O11: Actual | P11: Actual | Q11: Actual | R11: Actual
B14: Trading receipts
C16: Accounts receivable
C18: ='Category lookups'!E8 -> Product revenue | E18: =SUMIFS('Bank postings'!$F:$F, 'Bank postings'!$N:$N, 'Cash actuals'!$C18, 'Bank postings'!$G:$G, 'Cash actuals'!E$9, 'Bank postings'!$H:$H, 'Cash actuals'!E$10) -> 94259.75 | F18: =SUMIFS('Bank postings'!$F:$F, 'Bank postings'!$N:$N, 'Cash actuals'!$C18, 'Bank postings'!$G:$G, 'Cash actuals'!F$9, 'Bank postings'!$H:$H, 'Cash actuals'!F$10) -> 111718 | G18: =SUMIFS('Bank postings'!$F:$F, 'Bank postings'!$N:$N, 'Cash actuals'!$C18, 'Bank postings'!$G:$G, 'Cash actuals'!G$9, 'Bank postings'!$H:$H, 'Cash actuals'!G$10) -> 0 | H18: =SUMIFS('Bank postings'!$F:$F, 'Bank postings'!$N:$N, 'Cash actuals'!$C18, 'Bank postings'!$G:$G, 'Cash actuals'!H$9, 'Bank postings'!$H:$H, 'Cash actuals'!H$10) -> 0 | I18: =SUMIFS('Bank postings'!$F:$F, 'Bank postings'!$N:$N, 'Cash actuals'!$C18, 'Bank postings'!$G:$G, 'Cash actuals'!I$9, 'Bank postings'!$H:$H, 'Cash actuals'!I$10) -> 0 | J18: =SUMIFS('Bank postings'!$F:$F, 'Bank postings'!$N:$N, 'Cash actuals'!$C18, 'Bank postings'!$G:$G, 'Cash actuals'!J$9, 'Bank postings'!$H:$H, 'Cash actuals'!J$10) -> 0 | K18: =SUMIFS('Bank postings'!$F:$F, 'Bank postings'!$N:$N, 'Cash actuals'!$C18, 'Bank postings'!$G:$G, 'Cash actuals'!K$9, 'Bank postings'!$H:$H, 'Cash actuals'!K$10) -> 0 | L18: =SUMIFS('Bank postings'!$F:$F, 'Bank postings'!$N:$N, 'Cash actuals'!$C18, 'Bank postings'!$G:$G, 'Cash actuals'!L$9, 'Bank postings'!$H:$H, 'Cash actuals'!L$10) -> 0 | ... R18: =SUMIFS('Bank postings'!$F:$F, 'Bank postings'!$N:$N, 'Cash actuals'!$C18, 'Bank postings'!$G:$G, 'Cash actuals'!R$9, 'Bank postings'!$H:$H, 'Cash actuals'!R$10) -> 0
C20: ='Category lookups'!E9 -> Services revenue | E20: =SUMIFS('Bank postings'!$F:$F, 'Bank postings'!$N:$N, 'Cash actuals'!$C20, 'Bank postings'!$G:$G, 'Cash actuals'!E$9, 'Bank postings'!$H:$H, 'Cash actuals'!E$10) -> 32575.5 | F20: =SUMIFS('Bank postings'!$F:$F, 'Bank postings'!$N:$N, 'Cash actuals'!$C20, 'Bank postings'!$G:$G, 'Cash actuals'!F$9, 'Bank postings'!$H:$H, 'Cash actuals'!F$10) -> 41662 | G20: =SUMIFS('Bank postings'!$F:$F, 'Bank postings'!$N:$N, 'Cash actuals'!$C20, 'Bank postings'!$G:$G, 'Cash actuals'!G$9, 'Bank postings'!$H:$H, 'Cash actuals'!G$10) -> 0 | H20: =SUMIFS('Bank postings'!$F:$F, 'Bank postings'!$N:$N, 'Cash actuals'!$C20, 'Bank postings'!$G:$G, 'Cash actuals'!H$9, 'Bank postings'!$H:$H, 'Cash actuals'!H$10) -> 0 | I20: =SUMIFS('Bank postings'!$F:$F, 'Bank postings'!$N:$N, 'Cash actuals'!$C20, 'Bank postings'!$G:$G, 'Cash actuals'!I$9, 'Bank postings'!$H:$H, 'Cash actuals'!I$10) -> 0 | J20: =SUMIFS('Bank postings'!$F:$F, 'Bank postings'!$N:$N, 'Cash actuals'!$C20, 'Bank postings'!$G:$G, 'Cash actuals'!J$9, 'Bank postings'!$H:$H, 'Cash actuals'!J$10) -> 0 | K20: =SUMIFS('Bank postings'!$F:$F, 'Bank postings'!$N:$N, 'Cash actuals'!$C20, 'Bank postings'!$G:$G, 'Cash actuals'!K$9, 'Bank postings'!$H:$H, 'Cash actuals'!K$10) -> 0 | L20: =SUMIFS('Bank postings'!$F:$F, 'Bank postings'!$N:$N, 'Cash actuals'!$C20, 'Bank postings'!$G:$G, 'Cash actuals'!L$9, 'Bank postings'!$H:$H, 'Cash actuals'!L$10) -> 0 | ... R20: =SUMIFS('Bank postings'!$F:$F, 'Bank postings'!$N:$N, 'Cash actuals'!$C20, 'Bank postings'!$G:$G, 'Cash actuals'!R$9, 'Bank postings'!$H:$H, 'Cash actuals'!R$10) -> 0
C22: ='Category lookups'!E10 -> Other operating income 1 | E22: =SUMIFS('Bank postings'!$F:$F, 'Bank postings'!$N:$N, 'Cash actuals'!$C22, 'Bank postings'!$G:$G, 'Cash actuals'!E$9, 'Bank postings'!$H:$H, 'Cash actuals'!E$10) -> 0 | F22: =SUMIFS('Bank postings'!$F:$F, 'Bank postings'!$N:$N, 'Cash actuals'!$C22, 'Bank postings'!$G:$G, 'Cash actuals'!F$9, 'Bank postings'!$H:$H, 'Cash actuals'!F$10) -> 0 | G22: =SUMIFS('Bank postings'!$F:$F, 'Bank postings'!$N:$N, 'Cash actuals'!$C22, 'Bank postings'!$G:$G, 'Cash actuals'!G$9, 'Bank postings'!$H:$H, 'Cash actuals'!G$10) -> 0 | H22: =SUMIFS('Bank postings'!$F:$F, 'Bank postings'!$N:$N, 'Cash actuals'!$C22, 'Bank postings'!$G:$G, 'Cash actuals'!H$9, 'Bank postings'!$H:$H, 'Cash actuals'!H$10) -> 0 | I22: =SUMIFS('Bank postings'!$F:$F, 'Bank postings'!$N:$N, 'Cash actuals'!$C22, 'Bank postings'!$G:$G, 'Cash actuals'!I$9, 'Bank postings'!$H:$H, 'Cash actuals'!I$10) -> 0 | J22: =SUMIFS('Bank postings'!$F:$F, 'Bank postings'!$N:$N, 'Cash actuals'!$C22, 'Bank postings'!$G:$G, 'Cash actuals'!J$9, 'Bank postings'!$H:$H, 'Cash actuals'!J$10) -> 0 | K22: =SUMIFS('Bank postings'!$F:$F, 'Bank postings'!$N:$N, 'Cash actuals'!$C22, 'Bank postings'!$G:$G, 'Cash actuals'!K$9, 'Bank postings'!$H:$H, 'Cash actuals'!K$10) -> 0 | L22: =SUMIFS('Bank postings'!$F:$F, 'Bank postings'!$N:$N, 'Cash actuals'!$C22, 'Bank postings'!$G:$G, 'Cash actuals'!L$9, 'Bank postings'!$H:$H, 'Cash actuals'!L$10) -> 0 | ... R22: =SUMIFS('Bank postings'!$F:$F, 'Bank postings'!$N:$N, 'Cash actuals'!$C22, 'Bank postings'!$G:$G, 'Cash actuals'!R$9, 'Bank postings'!$H:$H, 'Cash actuals'!R$10) -> 0
C24: ='Category lookups'!E11 -> Other operating income 2 | E24: =SUMIFS('Bank postings'!$F:$F, 'Bank postings'!$N:$N, 'Cash actuals'!$C24, 'Bank postings'!$G:$G, 'Cash actuals'!E$9, 'Bank postings'!$H:$H, 'Cash actuals'!E$10) -> 0 | F24: =SUMIFS('Bank postings'!$F:$F, 'Bank postings'!$N:$N, 'Cash actuals'!$C24, 'Bank postings'!$G:$G, 'Cash actuals'!F$9, 'Bank postings'!$H:$H, 'Cash actuals'!F$10) -> 0 | G24: =SUMIFS('Bank postings'!$F:$F, 'Bank postings'!$N:$N, 'Cash actuals'!$C24, 'Bank postings'!$G:$G, 'Cash actuals'!G$9, 'Bank postings'!$H:$H, 'Cash actuals'!G$10) -> 0 | H24: =SUMIFS('Bank postings'!$F:$F, 'Bank postings'!$N:$N, 'Cash actuals'!$C24, 'Bank postings'!$G:$G, 'Cash actuals'!H$9, 'Bank postings'!$H:$H, 'Cash actuals'!H$10) -> 0 | I24: =SUMIFS('Bank postings'!$F:$F, 'Bank postings'!$N:$N, 'Cash actuals'!$C24, 'Bank postings'!$G:$G, 'Cash actuals'!I$9, 'Bank postings'!$H:$H, 'Cash actuals'!I$10) -> 0 | J24: =SUMIFS('Bank postings'!$F:$F, 'Bank postings'!$N:$N, 'Cash actuals'!$C24, 'Bank postings'!$G:$G, 'Cash actuals'!J$9, 'Bank postings'!$H:$H, 'Cash actuals'!J$10) -> 0 | K24: =SUMIFS('Bank postings'!$F:$F, 'Bank postings'!$N:$N, 'Cash actuals'!$C24, 'Bank postings'!$G:$G, 'Cash actuals'!K$9, 'Bank postings'!$H:$H, 'Cash actuals'!K$10) -> 0 | L24: =SUMIFS('Bank postings'!$F:$F, 'Bank postings'!$N:$N, 'Cash actuals'!$C24, 'Bank postings'!$G:$G, 'Cash actuals'!L$9, 'Bank postings'!$H:$H, 'Cash actuals'!L$10) -> 0 | ... R24: =SUMIFS('Bank postings'!$F:$F, 'Bank postings'!$N:$N, 'Cash actuals'!$C24, 'Bank postings'!$G:$G, 'Cash actuals'!R$9, 'Bank postings'!$H:$H, 'Cash actuals'!R$10) -> 0
C26: ='Category lookups'!E12 -> Other operating income 3 | E26: =SUMIFS('Bank postings'!$F:$F, 'Bank postings'!$N:$N, 'Cash actuals'!$C26, 'Bank postings'!$G:$G, 'Cash actuals'!E$9, 'Bank postings'!$H:$H, 'Cash actuals'!E$10) -> 0 | F26: =SUMIFS('Bank postings'!$F:$F, 'Bank postings'!$N:$N, 'Cash actuals'!$C26, 'Bank postings'!$G:$G, 'Cash actuals'!F$9, 'Bank postings'!$H:$H, 'Cash actuals'!F$10) -> 0 | G26: =SUMIFS('Bank postings'!$F:$F, 'Bank postings'!$N:$N, 'Cash actuals'!$C26, 'Bank postings'!$G:$G, 'Cash actuals'!G$9, 'Bank postings'!$H:$H, 'Cash actuals'!G$10) -> 0 | H26: =SUMIFS('Bank postings'!$F:$F, 'Bank postings'!$N:$N, 'Cash actuals'!$C26, 'Bank postings'!$G:$G, 'Cash actuals'!H$9, 'Bank postings'!$H:$H, 'Cash actuals'!H$10) -> 0 | I26: =SUMIFS('Bank postings'!$F:$F, 'Bank postings'!$N:$N, 'Cash actuals'!$C26, 'Bank postings'!$G:$G, 'Cash actuals'!I$9, 'Bank postings'!$H:$H, 'Cash actuals'!I$10) -> 0 | J26: =SUMIFS('Bank postings'!$F:$F, 'Bank postings'!$N:$N, 'Cash actuals'!$C26, 'Bank postings'!$G:$G, 'Cash actuals'!J$9, 'Bank postings'!$H:$H, 'Cash actuals'!J$10) -> 0 | K26: =SUMIFS('Bank postings'!$F:$F, 'Bank postings'!$N:$N, 'Cash actuals'!$C26, 'Bank postings'!$G:$G, 'Cash actuals'!K$9, 'Bank postings'!$H:$H, 'Cash actuals'!K$10) -> 0 | L26: =SUMIFS('Bank postings'!$F:$F, 'Bank postings'!$N:$N, 'Cash actuals'!$C26, 'Bank postings'!$G:$G, 'Cash actuals'!L$9, 'Bank postings'!$H:$H, 'Cash actuals'!L$10) -> 0 | ... R26: =SUMIFS('Bank postings'!$F:$F, 'Bank postings'!$N:$N, 'Cash actuals'!$C26, 'Bank postings'!$G:$G, 'Cash actuals'!R$9, 'Bank postings'!$H:$H, 'Cash actuals'!R$10) -> 0
C28: Total trading receipts | E28: =E16 + E18 + E20 + E22 + E24 + E26 -> 126835.25 | F28: =F16 + F18 + F20 + F22 + F24 + F26 -> 153380 | G28: =G16 + G18 + G20 + G22 + G24 + G26 -> 0 | H28: =H16 + H18 + H20 + H22 + H24 + H26 -> 0 | I28: =I16 + I18 + I20 + I22 + I24 + I26 -> 0 | J28: =J16 + J18 + J20 + J22 + J24 + J26 -> 0 | K28: =K16 + K18 + K20 + K22 + K24 + K26 -> 0 | L28: =L16 + L18 + L20 + L22 + L24 + L26 -> 0 | ... R28: =R16 + R18 + R20 + R22 + R24 + R26 -> 0
B31: Trading payments
C33: Accounts payable
C35: COGS | E35: =SUM(E36:E41) -> -46571.9 | F35: =SUM(F36:F41) -> -56629 | G35: =SUM(G36:G41) -> 0 | H35: =SUM(H36:H41) -> 0 | I35: =SUM(I36:I41) -> 0 | J35: =SUM(J36:J41) -> 0 | K35: =SUM(K36:K41) -> 0 | L35: =SUM(L36:L41) -> 0 | ... R35: =SUM(R36:R41) -> 0
C36: ='Category lookups'!G8 -> Material purchases | E36: =SUMIFS('Bank postings'!$F:$F, 'Bank postings'!$N:$N, 'Cash actuals'!$C36, 'Bank postings'!$G:$G, 'Cash actuals'!E$9, 'Bank postings'!$H:$H, 'Cash actuals'!E$10) -> -46571.9 | F36: =SUMIFS('Bank postings'!$F:$F, 'Bank postings'!$N:$N, 'Cash actuals'!$C36, 'Bank postings'!$G:$G, 'Cash actuals'!F$9, 'Bank postings'!$H:$H, 'Cash actuals'!F$10) -> -56629 | G36: =SUMIFS('Bank postings'!$F:$F, 'Bank postings'!$N:$N, 'Cash actuals'!$C36, 'Bank postings'!$G:$G, 'Cash actuals'!G$9, 'Bank postings'!$H:$H, 'Cash actuals'!G$10) -> 0 | H36: =SUMIFS('Bank postings'!$F:$F, 'Bank postings'!$N:$N, 'Cash actuals'!$C36, 'Bank postings'!$G:$G, 'Cash actuals'!H$9, 'Bank postings'!$H:$H, 'Cash actuals'!H$10) -> 0 | I36: =SUMIFS('Bank postings'!$F:$F, 'Bank postings'!$N:$N, 'Cash actuals'!$C36, 'Bank postings'!$G:$G, 'Cash actuals'!I$9, 'Bank postings'!$H:$H, 'Cash actuals'!I$10) -> 0 | J36: =SUMIFS('Bank postings'!$F:$F, 'Bank postings'!$N:$N, 'Cash actuals'!$C36, 'Bank postings'!$G:$G, 'Cash actuals'!J$9, 'Bank postings'!$H:$H, 'Cash actuals'!J$10) -> 0 | K36: =SUMIFS('Bank postings'!$F:$F, 'Bank postings'!$N:$N, 'Cash actuals'!$C36, 'Bank postings'!$G:$G, 'Cash actuals'!K$9, 'Bank postings'!$H:$H, 'Cash actuals'!K$10) -> 0 | L36: =SUMIFS('Bank postings'!$F:$F, 'Bank postings'!$N:$N, 'Cash actuals'!$C36, 'Bank postings'!$G:$G, 'Cash actuals'!L$9, 'Bank postings'!$H:$H, 'Cash actuals'!L$10) -> 0 | ... R36: =SUMIFS('Bank postings'!$F:$F, 'Bank postings'!$N:$N, 'Cash actuals'!$C36, 'Bank postings'!$G:$G, 'Cash actuals'!R$9, 'Bank postings'!$H:$H, 'Cash actuals'!R$10) -> 0
C37: ='Category lookups'!G9 -> Direct labour | E37: =SUMIFS('Bank postings'!$F:$F, 'Bank postings'!$N:$N, 'Cash actuals'!$C37, 'Bank postings'!$G:$G, 'Cash actuals'!E$9, 'Bank postings'!$H:$H, 'Cash actuals'!E$10) -> 0 | F37: =SUMIFS('Bank postings'!$F:$F, 'Bank postings'!$N:$N, 'Cash actuals'!$C37, 'Bank postings'!$G:$G, 'Cash actuals'!F$9, 'Bank postings'!$H:$H, 'Cash actuals'!F$10) -> 0 | G37: =SUMIFS('Bank postings'!$F:$F, 'Bank postings'!$N:$N, 'Cash actuals'!$C37, 'Bank postings'!$G:$G, 'Cash actuals'!G$9, 'Bank postings'!$H:$H, 'Cash actuals'!G$10) -> 0 | H37: =SUMIFS('Bank postings'!$F:$F, 'Bank postings'!$N:$N, 'Cash actuals'!$C37, 'Bank postings'!$G:$G, 'Cash actuals'!H$9, 'Bank postings'!$H:$H, 'Cash actuals'!H$10) -> 0 | I37: =SUMIFS('Bank postings'!$F:$F, 'Bank postings'!$N:$N, 'Cash actuals'!$C37, 'Bank postings'!$G:$G, 'Cash actuals'!I$9, 'Bank postings'!$H:$H, 'Cash actuals'!I$10) -> 0 | J37: =SUMIFS('Bank postings'!$F:$F, 'Bank postings'!$N:$N, 'Cash actuals'!$C37, 'Bank postings'!$G:$G, 'Cash actuals'!J$9, 'Bank postings'!$H:$H, 'Cash actuals'!J$10) -> 0 | K37: =SUMIFS('Bank postings'!$F:$F, 'Bank postings'!$N:$N, 'Cash actuals'!$C37, 'Bank postings'!$G:$G, 'Cash actuals'!K$9, 'Bank postings'!$H:$H, 'Cash actuals'!K$10) -> 0 | L37: =SUMIFS('Bank postings'!$F:$F, 'Bank postings'!$N:$N, 'Cash actuals'!$C37, 'Bank postings'!$G:$G, 'Cash actuals'!L$9, 'Bank postings'!$H:$H, 'Cash actuals'!L$10) -> 0 | ... R37: =SUMIFS('Bank postings'!$F:$F, 'Bank postings'!$N:$N, 'Cash actuals'!$C37, 'Bank postings'!$G:$G, 'Cash actuals'!R$9, 'Bank postings'!$H:$H, 'Cash actuals'!R$10) -> 0
C38: ='Category lookups'!G10 -> Overheads | E38: =SUMIFS('Bank postings'!$F:$F, 'Bank postings'!$N:$N, 'Cash actuals'!$C38, 'Bank postings'!$G:$G, 'Cash actuals'!E$9, 'Bank postings'!$H:$H, 'Cash actuals'!E$10) -> 0 | F38: =SUMIFS('Bank postings'!$F:$F, 'Bank postings'!$N:$N, 'Cash actuals'!$C38, 'Bank postings'!$G:$G, 'Cash actuals'!F$9, 'Bank postings'!$H:$H, 'Cash actuals'!F$10) -> 0 | G38: =SUMIFS('Bank postings'!$F:$F, 'Bank postings'!$N:$N, 'Cash actuals'!$C38, 'Bank postings'!$G:$G, 'Cash actuals'!G$9, 'Bank postings'!$H:$H, 'Cash actuals'!G$10) -> 0 | H38: =SUMIFS('Bank postings'!$F:$F, 'Bank postings'!$N:$N, 'Cash actuals'!$C38, 'Bank postings'!$G:$G, 'Cash actuals'!H$9, 'Bank postings'!$H:$H, 'Cash actuals'!H$10) -> 0 | I38: =SUMIFS('Bank postings'!$F:$F, 'Bank postings'!$N:$N, 'Cash actuals'!$C38, 'Bank postings'!$G:$G, 'Cash actuals'!I$9, 'Bank postings'!$H:$H, 'Cash actuals'!I$10) -> 0 | J38: =SUMIFS('Bank postings'!$F:$F, 'Bank postings'!$N:$N, 'Cash actuals'!$C38, 'Bank postings'!$G:$G, 'Cash actuals'!J$9, 'Bank postings'!$H:$H, 'Cash actuals'!J$10) -> 0 | K38: =SUMIFS('Bank postings'!$F:$F, 'Bank postings'!$N:$N, 'Cash actuals'!$C38, 'Bank postings'!$G:$G, 'Cash actuals'!K$9, 'Bank postings'!$H:$H, 'Cash actuals'!K$10) -> 0 | L38: =SUMIFS('Bank postings'!$F:$F, 'Bank postings'!$N:$N, 'Cash actuals'!$C38, 'Bank postings'!$G:$G, 'Cash actuals'!L$9, 'Bank postings'!$H:$H, 'Cash actuals'!L$10) -> 0 | ... R38: =SUMIFS('Bank postings'!$F:$F, 'Bank postings'!$N:$N, 'Cash actuals'!$C38, 'Bank postings'!$G:$G, 'Cash actuals'!R$9, 'Bank postings'!$H:$H, 'Cash actuals'!R$10) -> 0
C39: ='Category lookups'!G11 -> Inbound logistics | E39: =SUMIFS('Bank postings'!$F:$F, 'Bank postings'!$N:$N, 'Cash actuals'!$C39, 'Bank postings'!$G:$G, 'Cash actuals'!E$9, 'Bank postings'!$H:$H, 'Cash actuals'!E$10) -> 0 | F39: =SUMIFS('Bank postings'!$F:$F, 'Bank postings'!$N:$N, 'Cash actuals'!$C39, 'Bank postings'!$G:$G, 'Cash actuals'!F$9, 'Bank postings'!$H:$H, 'Cash actuals'!F$10) -> 0 | G39: =SUMIFS('Bank postings'!$F:$F, 'Bank postings'!$N:$N, 'Cash actuals'!$C39, 'Bank postings'!$G:$G, 'Cash actuals'!G$9, 'Bank postings'!$H:$H, 'Cash actuals'!G$10) -> 0 | H39: =SUMIFS('Bank postings'!$F:$F, 'Bank postings'!$N:$N, 'Cash actuals'!$C39, 'Bank postings'!$G:$G, 'Cash actuals'!H$9, 'Bank postings'!$H:$H, 'Cash actuals'!H$10) -> 0 | I39: =SUMIFS('Bank postings'!$F:$F, 'Bank postings'!$N:$N, 'Cash actuals'!$C39, 'Bank postings'!$G:$G, 'Cash actuals'!I$9, 'Bank postings'!$H:$H, 'Cash actuals'!I$10) -> 0 | J39: =SUMIFS('Bank postings'!$F:$F, 'Bank postings'!$N:$N, 'Cash actuals'!$C39, 'Bank postings'!$G:$G, 'Cash actuals'!J$9, 'Bank postings'!$H:$H, 'Cash actuals'!J$10) -> 0 | K39: =SUMIFS('Bank postings'!$F:$F, 'Bank postings'!$N:$N, 'Cash actuals'!$C39, 'Bank postings'!$G:$G, 'Cash actuals'!K$9, 'Bank postings'!$H:$H, 'Cash actuals'!K$10) -> 0 | L39: =SUMIFS('Bank postings'!$F:$F, 'Bank postings'!$N:$N, 'Cash actuals'!$C39, 'Bank postings'!$G:$G, 'Cash actuals'!L$9, 'Bank postings'!$H:$H, 'Cash actuals'!L$10) -> 0 | ... R39: =SUMIFS('Bank postings'!$F:$F, 'Bank postings'!$N:$N, 'Cash actuals'!$C39, 'Bank postings'!$G:$G, 'Cash actuals'!R$9, 'Bank postings'!$H:$H, 'Cash actuals'!R$10) -> 0
C40: ='Category lookups'!G12 -> Packaging | E40: =SUMIFS('Bank postings'!$F:$F, 'Bank postings'!$N:$N, 'Cash actuals'!$C40, 'Bank postings'!$G:$G, 'Cash actuals'!E$9, 'Bank postings'!$H:$H, 'Cash actuals'!E$10) -> 0 | F40: =SUMIFS('Bank postings'!$F:$F, 'Bank postings'!$N:$N, 'Cash actuals'!$C40, 'Bank postings'!$G:$G, 'Cash actuals'!F$9, 'Bank postings'!$H:$H, 'Cash actuals'!F$10) -> 0 | G40: =SUMIFS('Bank postings'!$F:$F, 'Bank postings'!$N:$N, 'Cash actuals'!$C40, 'Bank postings'!$G:$G, 'Cash actuals'!G$9, 'Bank postings'!$H:$H, 'Cash actuals'!G$10) -> 0 | H40: =SUMIFS('Bank postings'!$F:$F, 'Bank postings'!$N:$N, 'Cash actuals'!$C40, 'Bank postings'!$G:$G, 'Cash actuals'!H$9, 'Bank postings'!$H:$H, 'Cash actuals'!H$10) -> 0 | I40: =SUMIFS('Bank postings'!$F:$F, 'Bank postings'!$N:$N, 'Cash actuals'!$C40, 'Bank postings'!$G:$G, 'Cash actuals'!I$9, 'Bank postings'!$H:$H, 'Cash actuals'!I$10) -> 0 | J40: =SUMIFS('Bank postings'!$F:$F, 'Bank postings'!$N:$N, 'Cash actuals'!$C40, 'Bank postings'!$G:$G, 'Cash actuals'!J$9, 'Bank postings'!$H:$H, 'Cash actuals'!J$10) -> 0 | K40: =SUMIFS('Bank postings'!$F:$F, 'Bank postings'!$N:$N, 'Cash actuals'!$C40, 'Bank postings'!$G:$G, 'Cash actuals'!K$9, 'Bank postings'!$H:$H, 'Cash actuals'!K$10) -> 0 | L40: =SUMIFS('Bank postings'!$F:$F, 'Bank postings'!$N:$N, 'Cash actuals'!$C40, 'Bank postings'!$G:$G, 'Cash actuals'!L$9, 'Bank postings'!$H:$H, 'Cash actuals'!L$10) -> 0 | ... R40: =SUMIFS('Bank postings'!$F:$F, 'Bank postings'!$N:$N, 'Cash actuals'!$C40, 'Bank postings'!$G:$G, 'Cash actuals'!R$9, 'Bank postings'!$H:$H, 'Cash actuals'!R$10) -> 0
C41: ='Category lookups'!G13 -> Other COGS | E41: =SUMIFS('Bank postings'!$F:$F, 'Bank postings'!$N:$N, 'Cash actuals'!$C41, 'Bank postings'!$G:$G, 'Cash actuals'!E$9, 'Bank postings'!$H:$H, 'Cash actuals'!E$10) -> 0 | F41: =SUMIFS('Bank postings'!$F:$F, 'Bank postings'!$N:$N, 'Cash actuals'!$C41, 'Bank postings'!$G:$G, 'Cash actuals'!F$9, 'Bank postings'!$H:$H, 'Cash actuals'!F$10) -> 0 | G41: =SUMIFS('Bank postings'!$F:$F, 'Bank postings'!$N:$N, 'Cash actuals'!$C41, 'Bank postings'!$G:$G, 'Cash actuals'!G$9, 'Bank postings'!$H:$H, 'Cash actuals'!G$10) -> 0 | H41: =SUMIFS('Bank postings'!$F:$F, 'Bank postings'!$N:$N, 'Cash actuals'!$C41, 'Bank postings'!$G:$G, 'Cash actuals'!H$9, 'Bank postings'!$H:$H, 'Cash actuals'!H$10) -> 0 | I41: =SUMIFS('Bank postings'!$F:$F, 'Bank postings'!$N:$N, 'Cash actuals'!$C41, 'Bank postings'!$G:$G, 'Cash actuals'!I$9, 'Bank postings'!$H:$H, 'Cash actuals'!I$10) -> 0 | J41: =SUMIFS('Bank postings'!$F:$F, 'Bank postings'!$N:$N, 'Cash actuals'!$C41, 'Bank postings'!$G:$G, 'Cash actuals'!J$9, 'Bank postings'!$H:$H, 'Cash actuals'!J$10) -> 0 | K41: =SUMIFS('Bank postings'!$F:$F, 'Bank postings'!$N:$N, 'Cash actuals'!$C41, 'Bank postings'!$G:$G, 'Cash actuals'!K$9, 'Bank postings'!$H:$H, 'Cash actuals'!K$10) -> 0 | L41: =SUMIFS('Bank postings'!$F:$F, 'Bank postings'!$N:$N, 'Cash actuals'!$C41, 'Bank postings'!$G:$G, 'Cash actuals'!L$9, 'Bank postings'!$H:$H, 'Cash actuals'!L$10) -> 0 | ... R41: =SUMIFS('Bank postings'!$F:$F, 'Bank postings'!$N:$N, 'Cash actuals'!$C41, 'Bank postings'!$G:$G, 'Cash actuals'!R$9, 'Bank postings'!$H:$H, 'Cash actuals'!R$10) -> 0
C43: Payroll | E43: =SUM(E44:E46) -> -25354.85 | F43: =SUM(F44:F46) -> -26787 | G43: =SUM(G44:G46) -> 0 | H43: =SUM(H44:H46) -> 0 | I43: =SUM(I44:I46) -> 0 | J43: =SUM(J44:J46) -> 0 | K43: =SUM(K44:K46) -> 0 | L43: =SUM(L44:L46) -> 0 | ... R43: =SUM(R44:R46) -> 0
C44: ='Category lookups'!I8 -> Salary | E44: =SUMIFS('Bank postings'!$F:$F, 'Bank postings'!$N:$N, 'Cash actuals'!$C44, 'Bank postings'!$G:$G, 'Cash actuals'!E$9, 'Bank postings'!$H:$H, 'Cash actuals'!E$10) -> -21433.9 | F44: =SUMIFS('Bank postings'!$F:$F, 'Bank postings'!$N:$N, 'Cash actuals'!$C44, 'Bank postings'!$G:$G, 'Cash actuals'!F$9, 'Bank postings'!$H:$H, 'Cash actuals'!F$10) -> -22562 | G44: =SUMIFS('Bank postings'!$F:$F, 'Bank postings'!$N:$N, 'Cash actuals'!$C44, 'Bank postings'!$G:$G, 'Cash actuals'!G$9, 'Bank postings'!$H:$H, 'Cash actuals'!G$10) -> 0 | H44: =SUMIFS('Bank postings'!$F:$F, 'Bank postings'!$N:$N, 'Cash actuals'!$C44, 'Bank postings'!$G:$G, 'Cash actuals'!H$9, 'Bank postings'!$H:$H, 'Cash actuals'!H$10) -> 0 | I44: =SUMIFS('Bank postings'!$F:$F, 'Bank postings'!$N:$N, 'Cash actuals'!$C44, 'Bank postings'!$G:$G, 'Cash actuals'!I$9, 'Bank postings'!$H:$H, 'Cash actuals'!I$10) -> 0 | J44: =SUMIFS('Bank postings'!$F:$F, 'Bank postings'!$N:$N, 'Cash actuals'!$C44, 'Bank postings'!$G:$G, 'Cash actuals'!J$9, 'Bank postings'!$H:$H, 'Cash actuals'!J$10) -> 0 | K44: =SUMIFS('Bank postings'!$F:$F, 'Bank postings'!$N:$N, 'Cash actuals'!$C44, 'Bank postings'!$G:$G, 'Cash actuals'!K$9, 'Bank postings'!$H:$H, 'Cash actuals'!K$10) -> 0 | L44: =SUMIFS('Bank postings'!$F:$F, 'Bank postings'!$N:$N, 'Cash actuals'!$C44, 'Bank postings'!$G:$G, 'Cash actuals'!L$9, 'Bank postings'!$H:$H, 'Cash actuals'!L$10) -> 0 | ... R44: =SUMIFS('Bank postings'!$F:$F, 'Bank postings'!$N:$N, 'Cash actuals'!$C44, 'Bank postings'!$G:$G, 'Cash actuals'!R$9, 'Bank postings'!$H:$H, 'Cash actuals'!R$10) -> 0
C45: ='Category lookups'!I9 -> Social | E45: =SUMIFS('Bank postings'!$F:$F, 'Bank postings'!$N:$N, 'Cash actuals'!$C45, 'Bank postings'!$G:$G, 'Cash actuals'!E$9, 'Bank postings'!$H:$H, 'Cash actuals'!E$10) -> -1670.4 | F45: =SUMIFS('Bank postings'!$F:$F, 'Bank postings'!$N:$N, 'Cash actuals'!$C45, 'Bank postings'!$G:$G, 'Cash actuals'!F$9, 'Bank postings'!$H:$H, 'Cash actuals'!F$10) -> -1856 | G45: =SUMIFS('Bank postings'!$F:$F, 'Bank postings'!$N:$N, 'Cash actuals'!$C45, 'Bank postings'!$G:$G, 'Cash actuals'!G$9, 'Bank postings'!$H:$H, 'Cash actuals'!G$10) -> 0 | H45: =SUMIFS('Bank postings'!$F:$F, 'Bank postings'!$N:$N, 'Cash actuals'!$C45, 'Bank postings'!$G:$G, 'Cash actuals'!H$9, 'Bank postings'!$H:$H, 'Cash actuals'!H$10) -> 0 | I45: =SUMIFS('Bank postings'!$F:$F, 'Bank postings'!$N:$N, 'Cash actuals'!$C45, 'Bank postings'!$G:$G, 'Cash actuals'!I$9, 'Bank postings'!$H:$H, 'Cash actuals'!I$10) -> 0 | J45: =SUMIFS('Bank postings'!$F:$F, 'Bank postings'!$N:$N, 'Cash actuals'!$C45, 'Bank postings'!$G:$G, 'Cash actuals'!J$9, 'Bank postings'!$H:$H, 'Cash actuals'!J$10) -> 0 | K45: =SUMIFS('Bank postings'!$F:$F, 'Bank postings'!$N:$N, 'Cash actuals'!$C45, 'Bank postings'!$G:$G, 'Cash actuals'!K$9, 'Bank postings'!$H:$H, 'Cash actuals'!K$10) -> 0 | L45: =SUMIFS('Bank postings'!$F:$F, 'Bank postings'!$N:$N, 'Cash actuals'!$C45, 'Bank postings'!$G:$G, 'Cash actuals'!L$9, 'Bank postings'!$H:$H, 'Cash actuals'!L$10) -> 0 | ... R45: =SUMIFS('Bank postings'!$F:$F, 'Bank postings'!$N:$N, 'Cash actuals'!$C45, 'Bank postings'!$G:$G, 'Cash actuals'!R$9, 'Bank postings'!$H:$H, 'Cash actuals'!R$10) -> 0
C46: ='Category lookups'!I10 -> Payroll tax | E46: =SUMIFS('Bank postings'!$F:$F, 'Bank postings'!$N:$N, 'Cash actuals'!$C46, 'Bank postings'!$G:$G, 'Cash actuals'!E$9, 'Bank postings'!$H:$H, 'Cash actuals'!E$10) -> -2250.55 | F46: =SUMIFS('Bank postings'!$F:$F, 'Bank postings'!$N:$N, 'Cash actuals'!$C46, 'Bank postings'!$G:$G, 'Cash actuals'!F$9, 'Bank postings'!$H:$H, 'Cash actuals'!F$10) -> -2369 | G46: =SUMIFS('Bank postings'!$F:$F, 'Bank postings'!$N:$N, 'Cash actuals'!$C46, 'Bank postings'!$G:$G, 'Cash actuals'!G$9, 'Bank postings'!$H:$H, 'Cash actuals'!G$10) -> 0 | H46: =SUMIFS('Bank postings'!$F:$F, 'Bank postings'!$N:$N, 'Cash actuals'!$C46, 'Bank postings'!$G:$G, 'Cash actuals'!H$9, 'Bank postings'!$H:$H, 'Cash actuals'!H$10) -> 0 | I46: =SUMIFS('Bank postings'!$F:$F, 'Bank postings'!$N:$N, 'Cash actuals'!$C46, 'Bank postings'!$G:$G, 'Cash actuals'!I$9, 'Bank postings'!$H:$H, 'Cash actuals'!I$10) -> 0 | J46: =SUMIFS('Bank postings'!$F:$F, 'Bank postings'!$N:$N, 'Cash actuals'!$C46, 'Bank postings'!$G:$G, 'Cash actuals'!J$9, 'Bank postings'!$H:$H, 'Cash actuals'!J$10) -> 0 | K46: =SUMIFS('Bank postings'!$F:$F, 'Bank postings'!$N:$N, 'Cash actuals'!$C46, 'Bank postings'!$G:$G, 'Cash actuals'!K$9, 'Bank postings'!$H:$H, 'Cash actuals'!K$10) -> 0 | L46: =SUMIFS('Bank postings'!$F:$F, 'Bank postings'!$N:$N, 'Cash actuals'!$C46, 'Bank postings'!$G:$G, 'Cash actuals'!L$9, 'Bank postings'!$H:$H, 'Cash actuals'!L$10) -> 0 | ... R46: =SUMIFS('Bank postings'!$F:$F, 'Bank postings'!$N:$N, 'Cash actuals'!$C46, 'Bank postings'!$G:$G, 'Cash actuals'!R$9, 'Bank postings'!$H:$H, 'Cash actuals'!R$10) -> 0
C48: ='Category lookups'!K8 -> Property costs | E48: =SUMIFS('Bank postings'!$F:$F, 'Bank postings'!$N:$N, 'Cash actuals'!$C48, 'Bank postings'!$G:$G, 'Cash actuals'!E$9, 'Bank postings'!$H:$H, 'Cash actuals'!E$10) -> 0 | F48: =SUMIFS('Bank postings'!$F:$F, 'Bank postings'!$N:$N, 'Cash actuals'!$C48, 'Bank postings'!$G:$G, 'Cash actuals'!F$9, 'Bank postings'!$H:$H, 'Cash actuals'!F$10) -> 0 | G48: =SUMIFS('Bank postings'!$F:$F, 'Bank postings'!$N:$N, 'Cash actuals'!$C48, 'Bank postings'!$G:$G, 'Cash actuals'!G$9, 'Bank postings'!$H:$H, 'Cash actuals'!G$10) -> 0 | H48: =SUMIFS('Bank postings'!$F:$F, 'Bank postings'!$N:$N, 'Cash actuals'!$C48, 'Bank postings'!$G:$G, 'Cash actuals'!H$9, 'Bank postings'!$H:$H, 'Cash actuals'!H$10) -> 0 | I48: =SUMIFS('Bank postings'!$F:$F, 'Bank postings'!$N:$N, 'Cash actuals'!$C48, 'Bank postings'!$G:$G, 'Cash actuals'!I$9, 'Bank postings'!$H:$H, 'Cash actuals'!I$10) -> 0 | J48: =SUMIFS('Bank postings'!$F:$F, 'Bank postings'!$N:$N, 'Cash actuals'!$C48, 'Bank postings'!$G:$G, 'Cash actuals'!J$9, 'Bank postings'!$H:$H, 'Cash actuals'!J$10) -> 0 | K48: =SUMIFS('Bank postings'!$F:$F, 'Bank postings'!$N:$N, 'Cash actuals'!$C48, 'Bank postings'!$G:$G, 'Cash actuals'!K$9, 'Bank postings'!$H:$H, 'Cash actuals'!K$10) -> 0 | L48: =SUMIFS('Bank postings'!$F:$F, 'Bank postings'!$N:$N, 'Cash actuals'!$C48, 'Bank postings'!$G:$G, 'Cash actuals'!L$9, 'Bank postings'!$H:$H, 'Cash actuals'!L$10) -> 0 | ... R48: =SUMIFS('Bank postings'!$F:$F, 'Bank postings'!$N:$N, 'Cash actuals'!$C48, 'Bank postings'!$G:$G, 'Cash actuals'!R$9, 'Bank postings'!$H:$H, 'Cash actuals'!R$10) -> 0
C50: ='Category lookups'!K9 -> Utilities | E50: =SUMIFS('Bank postings'!$F:$F, 'Bank postings'!$N:$N, 'Cash actuals'!$C50, 'Bank postings'!$G:$G, 'Cash actuals'!E$9, 'Bank postings'!$H:$H, 'Cash actuals'!E$10) -> 0 | F50: =SUMIFS('Bank postings'!$F:$F, 'Bank postings'!$N:$N, 'Cash actuals'!$C50, 'Bank postings'!$G:$G, 'Cash actuals'!F$9, 'Bank postings'!$H:$H, 'Cash actuals'!F$10) -> 0 | G50: =SUMIFS('Bank postings'!$F:$F, 'Bank postings'!$N:$N, 'Cash actuals'!$C50, 'Bank postings'!$G:$G, 'Cash actuals'!G$9, 'Bank postings'!$H:$H, 'Cash actuals'!G$10) -> 0 | H50: =SUMIFS('Bank postings'!$F:$F, 'Bank postings'!$N:$N, 'Cash actuals'!$C50, 'Bank postings'!$G:$G, 'Cash actuals'!H$9, 'Bank postings'!$H:$H, 'Cash actuals'!H$10) -> 0 | I50: =SUMIFS('Bank postings'!$F:$F, 'Bank postings'!$N:$N, 'Cash actuals'!$C50, 'Bank postings'!$G:$G, 'Cash actuals'!I$9, 'Bank postings'!$H:$H, 'Cash actuals'!I$10) -> 0 | J50: =SUMIFS('Bank postings'!$F:$F, 'Bank postings'!$N:$N, 'Cash actuals'!$C50, 'Bank postings'!$G:$G, 'Cash actuals'!J$9, 'Bank postings'!$H:$H, 'Cash actuals'!J$10) -> 0 | K50: =SUMIFS('Bank postings'!$F:$F, 'Bank postings'!$N:$N, 'Cash actuals'!$C50, 'Bank postings'!$G:$G, 'Cash actuals'!K$9, 'Bank postings'!$H:$H, 'Cash actuals'!K$10) -> 0 | L50: =SUMIFS('Bank postings'!$F:$F, 'Bank postings'!$N:$N, 'Cash actuals'!$C50, 'Bank postings'!$G:$G, 'Cash actuals'!L$9, 'Bank postings'!$H:$H, 'Cash actuals'!L$10) -> 0 | ... R50: =SUMIFS('Bank postings'!$F:$F, 'Bank postings'!$N:$N, 'Cash actuals'!$C50, 'Bank postings'!$G:$G, 'Cash actuals'!R$9, 'Bank postings'!$H:$H, 'Cash actuals'!R$10) -> 0
C52: ='Category lookups'!K10 -> IT & software | E52: =SUMIFS('Bank postings'!$F:$F, 'Bank postings'!$N:$N, 'Cash actuals'!$C52, 'Bank postings'!$G:$G, 'Cash actuals'!E$9, 'Bank postings'!$H:$H, 'Cash actuals'!E$10) -> -5971.2 | F52: =SUMIFS('Bank postings'!$F:$F, 'Bank postings'!$N:$N, 'Cash actuals'!$C52, 'Bank postings'!$G:$G, 'Cash actuals'!F$9, 'Bank postings'!$H:$H, 'Cash actuals'!F$10) -> -7464 | G52: =SUMIFS('Bank postings'!$F:$F, 'Bank postings'!$N:$N, 'Cash actuals'!$C52, 'Bank postings'!$G:$G, 'Cash actuals'!G$9, 'Bank postings'!$H:$H, 'Cash actuals'!G$10) -> 0 | H52: =SUMIFS('Bank postings'!$F:$F, 'Bank postings'!$N:$N, 'Cash actuals'!$C52, 'Bank postings'!$G:$G, 'Cash actuals'!H$9, 'Bank postings'!$H:$H, 'Cash actuals'!H$10) -> 0 | I52: =SUMIFS('Bank postings'!$F:$F, 'Bank postings'!$N:$N, 'Cash actuals'!$C52, 'Bank postings'!$G:$G, 'Cash actuals'!I$9, 'Bank postings'!$H:$H, 'Cash actuals'!I$10) -> 0 | J52: =SUMIFS('Bank postings'!$F:$F, 'Bank postings'!$N:$N, 'Cash actuals'!$C52, 'Bank postings'!$G:$G, 'Cash actuals'!J$9, 'Bank postings'!$H:$H, 'Cash actuals'!J$10) -> 0 | K52: =SUMIFS('Bank postings'!$F:$F, 'Bank postings'!$N:$N, 'Cash actuals'!$C52, 'Bank postings'!$G:$G, 'Cash actuals'!K$9, 'Bank postings'!$H:$H, 'Cash actuals'!K$10) -> 0 | L52: =SUMIFS('Bank postings'!$F:$F, 'Bank postings'!$N:$N, 'Cash actuals'!$C52, 'Bank postings'!$G:$G, 'Cash actuals'!L$9, 'Bank postings'!$H:$H, 'Cash actuals'!L$10) -> 0 | ... R52: =SUMIFS('Bank postings'!$F:$F, 'Bank postings'!$N:$N, 'Cash actuals'!$C52, 'Bank postings'!$G:$G, 'Cash actuals'!R$9, 'Bank postings'!$H:$H, 'Cash actuals'!R$10) -> 0
C54: ='Category lookups'!K11 -> Marketing | E54: =SUMIFS('Bank postings'!$F:$F, 'Bank postings'!$N:$N, 'Cash actuals'!$C54, 'Bank postings'!$G:$G, 'Cash actuals'!E$9, 'Bank postings'!$H:$H, 'Cash actuals'!E$10) -> -10033.45 | F54: =SUMIFS('Bank postings'!$F:$F, 'Bank postings'!$N:$N, 'Cash actuals'!$C54, 'Bank postings'!$G:$G, 'Cash actuals'!F$9, 'Bank postings'!$H:$H, 'Cash actuals'!F$10) -> -13827 | G54: =SUMIFS('Bank postings'!$F:$F, 'Bank postings'!$N:$N, 'Cash actuals'!$C54, 'Bank postings'!$G:$G, 'Cash actuals'!G$9, 'Bank postings'!$H:$H, 'Cash actuals'!G$10) -> 0 | H54: =SUMIFS('Bank postings'!$F:$F, 'Bank postings'!$N:$N, 'Cash actuals'!$C54, 'Bank postings'!$G:$G, 'Cash actuals'!H$9, 'Bank postings'!$H:$H, 'Cash actuals'!H$10) -> 0 | I54: =SUMIFS('Bank postings'!$F:$F, 'Bank postings'!$N:$N, 'Cash actuals'!$C54, 'Bank postings'!$G:$G, 'Cash actuals'!I$9, 'Bank postings'!$H:$H, 'Cash actuals'!I$10) -> 0 | J54: =SUMIFS('Bank postings'!$F:$F, 'Bank postings'!$N:$N, 'Cash actuals'!$C54, 'Bank postings'!$G:$G, 'Cash actuals'!J$9, 'Bank postings'!$H:$H, 'Cash actuals'!J$10) -> 0 | K54: =SUMIFS('Bank postings'!$F:$F, 'Bank postings'!$N:$N, 'Cash actuals'!$C54, 'Bank postings'!$G:$G, 'Cash actuals'!K$9, 'Bank postings'!$H:$H, 'Cash actuals'!K$10) -> 0 | L54: =SUMIFS('Bank postings'!$F:$F, 'Bank postings'!$N:$N, 'Cash actuals'!$C54, 'Bank postings'!$G:$G, 'Cash actuals'!L$9, 'Bank postings'!$H:$H, 'Cash actuals'!L$10) -> 0 | ... R54: =SUMIFS('Bank postings'!$F:$F, 'Bank postings'!$N:$N, 'Cash actuals'!$C54, 'Bank postings'!$G:$G, 'Cash actuals'!R$9, 'Bank postings'!$H:$H, 'Cash actuals'!R$10) -> 0
C56: ='Category lookups'!K12 -> Travel | E56: =SUMIFS('Bank postings'!$F:$F, 'Bank postings'!$N:$N, 'Cash actuals'!$C56, 'Bank postings'!$G:$G, 'Cash actuals'!E$9, 'Bank postings'!$H:$H, 'Cash actuals'!E$10) -> 0 | F56: =SUMIFS('Bank postings'!$F:$F, 'Bank postings'!$N:$N, 'Cash actuals'!$C56, 'Bank postings'!$G:$G, 'Cash actuals'!F$9, 'Bank postings'!$H:$H, 'Cash actuals'!F$10) -> 0 | G56: =SUMIFS('Bank postings'!$F:$F, 'Bank postings'!$N:$N, 'Cash actuals'!$C56, 'Bank postings'!$G:$G, 'Cash actuals'!G$9, 'Bank postings'!$H:$H, 'Cash actuals'!G$10) -> 0 | H56: =SUMIFS('Bank postings'!$F:$F, 'Bank postings'!$N:$N, 'Cash actuals'!$C56, 'Bank postings'!$G:$G, 'Cash actuals'!H$9, 'Bank postings'!$H:$H, 'Cash actuals'!H$10) -> 0 | I56: =SUMIFS('Bank postings'!$F:$F, 'Bank postings'!$N:$N, 'Cash actuals'!$C56, 'Bank postings'!$G:$G, 'Cash actuals'!I$9, 'Bank postings'!$H:$H, 'Cash actuals'!I$10) -> 0 | J56: =SUMIFS('Bank postings'!$F:$F, 'Bank postings'!$N:$N, 'Cash actuals'!$C56, 'Bank postings'!$G:$G, 'Cash actuals'!J$9, 'Bank postings'!$H:$H, 'Cash actuals'!J$10) -> 0 | K56: =SUMIFS('Bank postings'!$F:$F, 'Bank postings'!$N:$N, 'Cash actuals'!$C56, 'Bank postings'!$G:$G, 'Cash actuals'!K$9, 'Bank postings'!$H:$H, 'Cash actuals'!K$10) -> 0 | L56: =SUMIFS('Bank postings'!$F:$F, 'Bank postings'!$N:$N, 'Cash actuals'!$C56, 'Bank postings'!$G:$G, 'Cash actuals'!L$9, 'Bank postings'!$H:$H, 'Cash actuals'!L$10) -> 0 | ... R56: =SUMIFS('Bank postings'!$F:$F, 'Bank postings'!$N:$N, 'Cash actuals'!$C56, 'Bank postings'!$G:$G, 'Cash actuals'!R$9, 'Bank postings'!$H:$H, 'Cash actuals'!R$10) -> 0
C58: ='Category lookups'!K13 -> Insurance | E58: =SUMIFS('Bank postings'!$F:$F, 'Bank postings'!$N:$N, 'Cash actuals'!$C58, 'Bank postings'!$G:$G, 'Cash actuals'!E$9, 'Bank postings'!$H:$H, 'Cash actuals'!E$10) -> -6678.45 | F58: =SUMIFS('Bank postings'!$F:$F, 'Bank postings'!$N:$N, 'Cash actuals'!$C58, 'Bank postings'!$G:$G, 'Cash actuals'!F$9, 'Bank postings'!$H:$H, 'Cash actuals'!F$10) -> -7857 | G58: =SUMIFS('Bank postings'!$F:$F, 'Bank postings'!$N:$N, 'Cash actuals'!$C58, 'Bank postings'!$G:$G, 'Cash actuals'!G$9, 'Bank postings'!$H:$H, 'Cash actuals'!G$10) -> 0 | H58: =SUMIFS('Bank postings'!$F:$F, 'Bank postings'!$N:$N, 'Cash actuals'!$C58, 'Bank postings'!$G:$G, 'Cash actuals'!H$9, 'Bank postings'!$H:$H, 'Cash actuals'!H$10) -> 0 | I58: =SUMIFS('Bank postings'!$F:$F, 'Bank postings'!$N:$N, 'Cash actuals'!$C58, 'Bank postings'!$G:$G, 'Cash actuals'!I$9, 'Bank postings'!$H:$H, 'Cash actuals'!I$10) -> 0 | J58: =SUMIFS('Bank postings'!$F:$F, 'Bank postings'!$N:$N, 'Cash actuals'!$C58, 'Bank postings'!$G:$G, 'Cash actuals'!J$9, 'Bank postings'!$H:$H, 'Cash actuals'!J$10) -> 0 | K58: =SUMIFS('Bank postings'!$F:$F, 'Bank postings'!$N:$N, 'Cash actuals'!$C58, 'Bank postings'!$G:$G, 'Cash actuals'!K$9, 'Bank postings'!$H:$H, 'Cash actuals'!K$10) -> 0 | L58: =SUMIFS('Bank postings'!$F:$F, 'Bank postings'!$N:$N, 'Cash actuals'!$C58, 'Bank postings'!$G:$G, 'Cash actuals'!L$9, 'Bank postings'!$H:$H, 'Cash actuals'!L$10) -> 0 | ... R58: =SUMIFS('Bank postings'!$F:$F, 'Bank postings'!$N:$N, 'Cash actuals'!$C58, 'Bank postings'!$G:$G, 'Cash actuals'!R$9, 'Bank postings'!$H:$H, 'Cash actuals'!R$10) -> 0
C60: ='Category lookups'!K14 -> Other disbursements | E60: =SUMIFS('Bank postings'!$F:$F, 'Bank postings'!$N:$N, 'Cash actuals'!$C60, 'Bank postings'!$G:$G, 'Cash actuals'!E$9, 'Bank postings'!$H:$H, 'Cash actuals'!E$10) -> 0 | F60: =SUMIFS('Bank postings'!$F:$F, 'Bank postings'!$N:$N, 'Cash actuals'!$C60, 'Bank postings'!$G:$G, 'Cash actuals'!F$9, 'Bank postings'!$H:$H, 'Cash actuals'!F$10) -> 0 | G60: =SUMIFS('Bank postings'!$F:$F, 'Bank postings'!$N:$N, 'Cash actuals'!$C60, 'Bank postings'!$G:$G, 'Cash actuals'!G$9, 'Bank postings'!$H:$H, 'Cash actuals'!G$10) -> 0 | H60: =SUMIFS('Bank postings'!$F:$F, 'Bank postings'!$N:$N, 'Cash actuals'!$C60, 'Bank postings'!$G:$G, 'Cash actuals'!H$9, 'Bank postings'!$H:$H, 'Cash actuals'!H$10) -> 0 | I60: =SUMIFS('Bank postings'!$F:$F, 'Bank postings'!$N:$N, 'Cash actuals'!$C60, 'Bank postings'!$G:$G, 'Cash actuals'!I$9, 'Bank postings'!$H:$H, 'Cash actuals'!I$10) -> 0 | J60: =SUMIFS('Bank postings'!$F:$F, 'Bank postings'!$N:$N, 'Cash actuals'!$C60, 'Bank postings'!$G:$G, 'Cash actuals'!J$9, 'Bank postings'!$H:$H, 'Cash actuals'!J$10) -> 0 | K60: =SUMIFS('Bank postings'!$F:$F, 'Bank postings'!$N:$N, 'Cash actuals'!$C60, 'Bank postings'!$G:$G, 'Cash actuals'!K$9, 'Bank postings'!$H:$H, 'Cash actuals'!K$10) -> 0 | L60: =SUMIFS('Bank postings'!$F:$F, 'Bank postings'!$N:$N, 'Cash actuals'!$C60, 'Bank postings'!$G:$G, 'Cash actuals'!L$9, 'Bank postings'!$H:$H, 'Cash actuals'!L$10) -> 0 | ... R60: =SUMIFS('Bank postings'!$F:$F, 'Bank postings'!$N:$N, 'Cash actuals'!$C60, 'Bank postings'!$G:$G, 'Cash actuals'!R$9, 'Bank postings'!$H:$H, 'Cash actuals'!R$10) -> 0
C62: Total trading payments | E62: =E33 + E35 + E43 + E48 + E50 + E52 + E54 + E56 + E58 + E60 -> -94609.85 | F62: =F33 + F35 + F43 + F48 + F50 + F52 + F54 + F56 + F58 + F60 -> -112564 | G62: =G33 + G35 + G43 + G48 + G50 + G52 + G54 + G56 + G58 + G60 -> 0 | H62: =H33 + H35 + H43 + H48 + H50 + H52 + H54 + H56 + H58 + H60 -> 0 | I62: =I33 + I35 + I43 + I48 + I50 + I52 + I54 + I56 + I58 + I60 -> 0 | J62: =J33 + J35 + J43 + J48 + J50 + J52 + J54 + J56 + J58 + J60 -> 0 | K62: =K33 + K35 + K43 + K48 + K50 + K52 + K54 + K56 + K58 + K60 -> 0 | L62: =L33 + L35 + L43 + L48 + L50 + L52 + L54 + L56 + L58 + L60 -> 0 | ... R62: =R33 + R35 + R43 + R48 + R50 + R52 + R54 + R56 + R58 + R60 -> 0
C64: Net operating cashflow | E64: =E28 + E62 -> 32225.4 | F64: =F28 + F62 -> 40816 | G64: =G28 + G62 -> 0 | H64: =H28 + H62 -> 0 | I64: =I28 + I62 -> 0 | J64: =J28 + J62 -> 0 | K64: =K28 + K62 -> 0 | L64: =L28 + L62 -> 0 | ... R64: =R28 + R62 -> 0
B67: Non-operating receipts / payments
C69: Capex | E69: =SUMIFS('Bank postings'!$F:$F, 'Bank postings'!$N:$N, 'Cash actuals'!$C69, 'Bank postings'!$G:$G, 'Cash actuals'!E$9, 'Bank postings'!$H:$H, 'Cash actuals'!E$10) -> 0 | F69: =SUMIFS('Bank postings'!$F:$F, 'Bank postings'!$N:$N, 'Cash actuals'!$C69, 'Bank postings'!$G:$G, 'Cash actuals'!F$9, 'Bank postings'!$H:$H, 'Cash actuals'!F$10) -> 0 | G69: =SUMIFS('Bank postings'!$F:$F, 'Bank postings'!$N:$N, 'Cash actuals'!$C69, 'Bank postings'!$G:$G, 'Cash actuals'!G$9, 'Bank postings'!$H:$H, 'Cash actuals'!G$10) -> 0 | H69: =SUMIFS('Bank postings'!$F:$F, 'Bank postings'!$N:$N, 'Cash actuals'!$C69, 'Bank postings'!$G:$G, 'Cash actuals'!H$9, 'Bank postings'!$H:$H, 'Cash actuals'!H$10) -> 0 | I69: =SUMIFS('Bank postings'!$F:$F, 'Bank postings'!$N:$N, 'Cash actuals'!$C69, 'Bank postings'!$G:$G, 'Cash actuals'!I$9, 'Bank postings'!$H:$H, 'Cash actuals'!I$10) -> 0 | J69: =SUMIFS('Bank postings'!$F:$F, 'Bank postings'!$N:$N, 'Cash actuals'!$C69, 'Bank postings'!$G:$G, 'Cash actuals'!J$9, 'Bank postings'!$H:$H, 'Cash actuals'!J$10) -> 0 | K69: =SUMIFS('Bank postings'!$F:$F, 'Bank postings'!$N:$N, 'Cash actuals'!$C69, 'Bank postings'!$G:$G, 'Cash actuals'!K$9, 'Bank postings'!$H:$H, 'Cash actuals'!K$10) -> 0 | L69: =SUMIFS('Bank postings'!$F:$F, 'Bank postings'!$N:$N, 'Cash actuals'!$C69, 'Bank postings'!$G:$G, 'Cash actuals'!L$9, 'Bank postings'!$H:$H, 'Cash actuals'!L$10) -> 0 | ... R69: =SUMIFS('Bank postings'!$F:$F, 'Bank postings'!$N:$N, 'Cash actuals'!$C69, 'Bank postings'!$G:$G, 'Cash actuals'!R$9, 'Bank postings'!$H:$H, 'Cash actuals'!R$10) -> 0
C71: Disposal of assets | E71: =SUMIFS('Bank postings'!$F:$F, 'Bank postings'!$N:$N, 'Cash actuals'!$C71, 'Bank postings'!$G:$G, 'Cash actuals'!E$9, 'Bank postings'!$H:$H, 'Cash actuals'!E$10) -> 0 | F71: =SUMIFS('Bank postings'!$F:$F, 'Bank postings'!$N:$N, 'Cash actuals'!$C71, 'Bank postings'!$G:$G, 'Cash actuals'!F$9, 'Bank postings'!$H:$H, 'Cash actuals'!F$10) -> 0 | G71: =SUMIFS('Bank postings'!$F:$F, 'Bank postings'!$N:$N, 'Cash actuals'!$C71, 'Bank postings'!$G:$G, 'Cash actuals'!G$9, 'Bank postings'!$H:$H, 'Cash actuals'!G$10) -> 0 | H71: =SUMIFS('Bank postings'!$F:$F, 'Bank postings'!$N:$N, 'Cash actuals'!$C71, 'Bank postings'!$G:$G, 'Cash actuals'!H$9, 'Bank postings'!$H:$H, 'Cash actuals'!H$10) -> 0 | I71: =SUMIFS('Bank postings'!$F:$F, 'Bank postings'!$N:$N, 'Cash actuals'!$C71, 'Bank postings'!$G:$G, 'Cash actuals'!I$9, 'Bank postings'!$H:$H, 'Cash actuals'!I$10) -> 0 | J71: =SUMIFS('Bank postings'!$F:$F, 'Bank postings'!$N:$N, 'Cash actuals'!$C71, 'Bank postings'!$G:$G, 'Cash actuals'!J$9, 'Bank postings'!$H:$H, 'Cash actuals'!J$10) -> 0 | K71: =SUMIFS('Bank postings'!$F:$F, 'Bank postings'!$N:$N, 'Cash actuals'!$C71, 'Bank postings'!$G:$G, 'Cash actuals'!K$9, 'Bank postings'!$H:$H, 'Cash actuals'!K$10) -> 0 | L71: =SUMIFS('Bank postings'!$F:$F, 'Bank postings'!$N:$N, 'Cash actuals'!$C71, 'Bank postings'!$G:$G, 'Cash actuals'!L$9, 'Bank postings'!$H:$H, 'Cash actuals'!L$10) -> 0 | ... R71: =SUMIFS('Bank postings'!$F:$F, 'Bank postings'!$N:$N, 'Cash actuals'!$C71, 'Bank postings'!$G:$G, 'Cash actuals'!R$9, 'Bank postings'!$H:$H, 'Cash actuals'!R$10) -> 0
C73: VAT | E73: =SUMIFS('Bank postings'!$F:$F, 'Bank postings'!$N:$N, 'Cash actuals'!$C73, 'Bank postings'!$G:$G, 'Cash actuals'!E$9, 'Bank postings'!$H:$H, 'Cash actuals'!E$10) -> -16512.3 | F73: =SUMIFS('Bank postings'!$F:$F, 'Bank postings'!$N:$N, 'Cash actuals'!$C73, 'Bank postings'!$G:$G, 'Cash actuals'!F$9, 'Bank postings'!$H:$H, 'Cash actuals'!F$10) -> -23589 | G73: =SUMIFS('Bank postings'!$F:$F, 'Bank postings'!$N:$N, 'Cash actuals'!$C73, 'Bank postings'!$G:$G, 'Cash actuals'!G$9, 'Bank postings'!$H:$H, 'Cash actuals'!G$10) -> 0 | H73: =SUMIFS('Bank postings'!$F:$F, 'Bank postings'!$N:$N, 'Cash actuals'!$C73, 'Bank postings'!$G:$G, 'Cash actuals'!H$9, 'Bank postings'!$H:$H, 'Cash actuals'!H$10) -> 0 | I73: =SUMIFS('Bank postings'!$F:$F, 'Bank postings'!$N:$N, 'Cash actuals'!$C73, 'Bank postings'!$G:$G, 'Cash actuals'!I$9, 'Bank postings'!$H:$H, 'Cash actuals'!I$10) -> 0 | J73: =SUMIFS('Bank postings'!$F:$F, 'Bank postings'!$N:$N, 'Cash actuals'!$C73, 'Bank postings'!$G:$G, 'Cash actuals'!J$9, 'Bank postings'!$H:$H, 'Cash actuals'!J$10) -> 0 | K73: =SUMIFS('Bank postings'!$F:$F, 'Bank postings'!$N:$N, 'Cash actuals'!$C73, 'Bank postings'!$G:$G, 'Cash actuals'!K$9, 'Bank postings'!$H:$H, 'Cash actuals'!K$10) -> 0 | L73: =SUMIFS('Bank postings'!$F:$F, 'Bank postings'!$N:$N, 'Cash actuals'!$C73, 'Bank postings'!$G:$G, 'Cash actuals'!L$9, 'Bank postings'!$H:$H, 'Cash actuals'!L$10) -> 0 | ... R73: =SUMIFS('Bank postings'!$F:$F, 'Bank postings'!$N:$N, 'Cash actuals'!$C73, 'Bank postings'!$G:$G, 'Cash actuals'!R$9, 'Bank postings'!$H:$H, 'Cash actuals'!R$10) -> 0
C75: Corporation tax | E75: =SUMIFS('Bank postings'!$F:$F, 'Bank postings'!$N:$N, 'Cash actuals'!$C75, 'Bank postings'!$G:$G, 'Cash actuals'!E$9, 'Bank postings'!$H:$H, 'Cash actuals'!E$10) -> 0 | F75: =SUMIFS('Bank postings'!$F:$F, 'Bank postings'!$N:$N, 'Cash actuals'!$C75, 'Bank postings'!$G:$G, 'Cash actuals'!F$9, 'Bank postings'!$H:$H, 'Cash actuals'!F$10) -> 0 | G75: =SUMIFS('Bank postings'!$F:$F, 'Bank postings'!$N:$N, 'Cash actuals'!$C75, 'Bank postings'!$G:$G, 'Cash actuals'!G$9, 'Bank postings'!$H:$H, 'Cash actuals'!G$10) -> 0 | H75: =SUMIFS('Bank postings'!$F:$F, 'Bank postings'!$N:$N, 'Cash actuals'!$C75, 'Bank postings'!$G:$G, 'Cash actuals'!H$9, 'Bank postings'!$H:$H, 'Cash actuals'!H$10) -> 0 | I75: =SUMIFS('Bank postings'!$F:$F, 'Bank postings'!$N:$N, 'Cash actuals'!$C75, 'Bank postings'!$G:$G, 'Cash actuals'!I$9, 'Bank postings'!$H:$H, 'Cash actuals'!I$10) -> 0 | J75: =SUMIFS('Bank postings'!$F:$F, 'Bank postings'!$N:$N, 'Cash actuals'!$C75, 'Bank postings'!$G:$G, 'Cash actuals'!J$9, 'Bank postings'!$H:$H, 'Cash actuals'!J$10) -> 0 | K75: =SUMIFS('Bank postings'!$F:$F, 'Bank postings'!$N:$N, 'Cash actuals'!$C75, 'Bank postings'!$G:$G, 'Cash actuals'!K$9, 'Bank postings'!$H:$H, 'Cash actuals'!K$10) -> 0 | L75: =SUMIFS('Bank postings'!$F:$F, 'Bank postings'!$N:$N, 'Cash actuals'!$C75, 'Bank postings'!$G:$G, 'Cash actuals'!L$9, 'Bank postings'!$H:$H, 'Cash actuals'!L$10) -> 0 | ... R75: =SUMIFS('Bank postings'!$F:$F, 'Bank postings'!$N:$N, 'Cash actuals'!$C75, 'Bank postings'!$G:$G, 'Cash actuals'!R$9, 'Bank postings'!$H:$H, 'Cash actuals'!R$10) -> 0
C77: Interest | E77: =SUMIFS('Bank postings'!$F:$F, 'Bank postings'!$N:$N, 'Cash actuals'!$C77, 'Bank postings'!$G:$G, 'Cash actuals'!E$9, 'Bank postings'!$H:$H, 'Cash actuals'!E$10) -> 0 | F77: =SUMIFS('Bank postings'!$F:$F, 'Bank postings'!$N:$N, 'Cash actuals'!$C77, 'Bank postings'!$G:$G, 'Cash actuals'!F$9, 'Bank postings'!$H:$H, 'Cash actuals'!F$10) -> 0 | G77: =SUMIFS('Bank postings'!$F:$F, 'Bank postings'!$N:$N, 'Cash actuals'!$C77, 'Bank postings'!$G:$G, 'Cash actuals'!G$9, 'Bank postings'!$H:$H, 'Cash actuals'!G$10) -> 0 | H77: =SUMIFS('Bank postings'!$F:$F, 'Bank postings'!$N:$N, 'Cash actuals'!$C77, 'Bank postings'!$G:$G, 'Cash actuals'!H$9, 'Bank postings'!$H:$H, 'Cash actuals'!H$10) -> 0 | I77: =SUMIFS('Bank postings'!$F:$F, 'Bank postings'!$N:$N, 'Cash actuals'!$C77, 'Bank postings'!$G:$G, 'Cash actuals'!I$9, 'Bank postings'!$H:$H, 'Cash actuals'!I$10) -> 0 | J77: =SUMIFS('Bank postings'!$F:$F, 'Bank postings'!$N:$N, 'Cash actuals'!$C77, 'Bank postings'!$G:$G, 'Cash actuals'!J$9, 'Bank postings'!$H:$H, 'Cash actuals'!J$10) -> 0 | K77: =SUMIFS('Bank postings'!$F:$F, 'Bank postings'!$N:$N, 'Cash actuals'!$C77, 'Bank postings'!$G:$G, 'Cash actuals'!K$9, 'Bank postings'!$H:$H, 'Cash actuals'!K$10) -> 0 | L77: =SUMIFS('Bank postings'!$F:$F, 'Bank postings'!$N:$N, 'Cash actuals'!$C77, 'Bank postings'!$G:$G, 'Cash actuals'!L$9, 'Bank postings'!$H:$H, 'Cash actuals'!L$10) -> 0 | ... R77: =SUMIFS('Bank postings'!$F:$F, 'Bank postings'!$N:$N, 'Cash actuals'!$C77, 'Bank postings'!$G:$G, 'Cash actuals'!R$9, 'Bank postings'!$H:$H, 'Cash actuals'!R$10) -> 0
C79: Dividend payments | E79: =SUMIFS('Bank postings'!$F:$F, 'Bank postings'!$N:$N, 'Cash actuals'!$C79, 'Bank postings'!$G:$G, 'Cash actuals'!E$9, 'Bank postings'!$H:$H, 'Cash actuals'!E$10) -> 0 | F79: =SUMIFS('Bank postings'!$F:$F, 'Bank postings'!$N:$N, 'Cash actuals'!$C79, 'Bank postings'!$G:$G, 'Cash actuals'!F$9, 'Bank postings'!$H:$H, 'Cash actuals'!F$10) -> 0 | G79: =SUMIFS('Bank postings'!$F:$F, 'Bank postings'!$N:$N, 'Cash actuals'!$C79, 'Bank postings'!$G:$G, 'Cash actuals'!G$9, 'Bank postings'!$H:$H, 'Cash actuals'!G$10) -> 0 | H79: =SUMIFS('Bank postings'!$F:$F, 'Bank postings'!$N:$N, 'Cash actuals'!$C79, 'Bank postings'!$G:$G, 'Cash actuals'!H$9, 'Bank postings'!$H:$H, 'Cash actuals'!H$10) -> 0 | I79: =SUMIFS('Bank postings'!$F:$F, 'Bank postings'!$N:$N, 'Cash actuals'!$C79, 'Bank postings'!$G:$G, 'Cash actuals'!I$9, 'Bank postings'!$H:$H, 'Cash actuals'!I$10) -> 0 | J79: =SUMIFS('Bank postings'!$F:$F, 'Bank postings'!$N:$N, 'Cash actuals'!$C79, 'Bank postings'!$G:$G, 'Cash actuals'!J$9, 'Bank postings'!$H:$H, 'Cash actuals'!J$10) -> 0 | K79: =SUMIFS('Bank postings'!$F:$F, 'Bank postings'!$N:$N, 'Cash actuals'!$C79, 'Bank postings'!$G:$G, 'Cash actuals'!K$9, 'Bank postings'!$H:$H, 'Cash actuals'!K$10) -> 0 | L79: =SUMIFS('Bank postings'!$F:$F, 'Bank postings'!$N:$N, 'Cash actuals'!$C79, 'Bank postings'!$G:$G, 'Cash actuals'!L$9, 'Bank postings'!$H:$H, 'Cash actuals'!L$10) -> 0 | ... R79: =SUMIFS('Bank postings'!$F:$F, 'Bank postings'!$N:$N, 'Cash actuals'!$C79, 'Bank postings'!$G:$G, 'Cash actuals'!R$9, 'Bank postings'!$H:$H, 'Cash actuals'!R$10) -> 0
C81: New equity inflow | E81: =SUMIFS('Bank postings'!$F:$F, 'Bank postings'!$N:$N, 'Cash actuals'!$C81, 'Bank postings'!$G:$G, 'Cash actuals'!E$9, 'Bank postings'!$H:$H, 'Cash actuals'!E$10) -> 0 | F81: =SUMIFS('Bank postings'!$F:$F, 'Bank postings'!$N:$N, 'Cash actuals'!$C81, 'Bank postings'!$G:$G, 'Cash actuals'!F$9, 'Bank postings'!$H:$H, 'Cash actuals'!F$10) -> 0 | G81: =SUMIFS('Bank postings'!$F:$F, 'Bank postings'!$N:$N, 'Cash actuals'!$C81, 'Bank postings'!$G:$G, 'Cash actuals'!G$9, 'Bank postings'!$H:$H, 'Cash actuals'!G$10) -> 0 | H81: =SUMIFS('Bank postings'!$F:$F, 'Bank postings'!$N:$N, 'Cash actuals'!$C81, 'Bank postings'!$G:$G, 'Cash actuals'!H$9, 'Bank postings'!$H:$H, 'Cash actuals'!H$10) -> 0 | I81: =SUMIFS('Bank postings'!$F:$F, 'Bank postings'!$N:$N, 'Cash actuals'!$C81, 'Bank postings'!$G:$G, 'Cash actuals'!I$9, 'Bank postings'!$H:$H, 'Cash actuals'!I$10) -> 0 | J81: =SUMIFS('Bank postings'!$F:$F, 'Bank postings'!$N:$N, 'Cash actuals'!$C81, 'Bank postings'!$G:$G, 'Cash actuals'!J$9, 'Bank postings'!$H:$H, 'Cash actuals'!J$10) -> 0 | K81: =SUMIFS('Bank postings'!$F:$F, 'Bank postings'!$N:$N, 'Cash actuals'!$C81, 'Bank postings'!$G:$G, 'Cash actuals'!K$9, 'Bank postings'!$H:$H, 'Cash actuals'!K$10) -> 0 | L81: =SUMIFS('Bank postings'!$F:$F, 'Bank postings'!$N:$N, 'Cash actuals'!$C81, 'Bank postings'!$G:$G, 'Cash actuals'!L$9, 'Bank postings'!$H:$H, 'Cash actuals'!L$10) -> 0 | ... R81: =SUMIFS('Bank postings'!$F:$F, 'Bank postings'!$N:$N, 'Cash actuals'!$C81, 'Bank postings'!$G:$G, 'Cash actuals'!R$9, 'Bank postings'!$H:$H, 'Cash actuals'!R$10) -> 0
C83: New debt inflow / (repayment) | E83: =SUMIFS('Bank postings'!$F:$F, 'Bank postings'!$N:$N, 'Cash actuals'!$C83, 'Bank postings'!$G:$G, 'Cash actuals'!E$9, 'Bank postings'!$H:$H, 'Cash actuals'!E$10) -> 0 | F83: =SUMIFS('Bank postings'!$F:$F, 'Bank postings'!$N:$N, 'Cash actuals'!$C83, 'Bank postings'!$G:$G, 'Cash actuals'!F$9, 'Bank postings'!$H:$H, 'Cash actuals'!F$10) -> 0 | G83: =SUMIFS('Bank postings'!$F:$F, 'Bank postings'!$N:$N, 'Cash actuals'!$C83, 'Bank postings'!$G:$G, 'Cash actuals'!G$9, 'Bank postings'!$H:$H, 'Cash actuals'!G$10) -> 0 | H83: =SUMIFS('Bank postings'!$F:$F, 'Bank postings'!$N:$N, 'Cash actuals'!$C83, 'Bank postings'!$G:$G, 'Cash actuals'!H$9, 'Bank postings'!$H:$H, 'Cash actuals'!H$10) -> 0 | I83: =SUMIFS('Bank postings'!$F:$F, 'Bank postings'!$N:$N, 'Cash actuals'!$C83, 'Bank postings'!$G:$G, 'Cash actuals'!I$9, 'Bank postings'!$H:$H, 'Cash actuals'!I$10) -> 0 | J83: =SUMIFS('Bank postings'!$F:$F, 'Bank postings'!$N:$N, 'Cash actuals'!$C83, 'Bank postings'!$G:$G, 'Cash actuals'!J$9, 'Bank postings'!$H:$H, 'Cash actuals'!J$10) -> 0 | K83: =SUMIFS('Bank postings'!$F:$F, 'Bank postings'!$N:$N, 'Cash actuals'!$C83, 'Bank postings'!$G:$G, 'Cash actuals'!K$9, 'Bank postings'!$H:$H, 'Cash actuals'!K$10) -> 0 | L83: =SUMIFS('Bank postings'!$F:$F, 'Bank postings'!$N:$N, 'Cash actuals'!$C83, 'Bank postings'!$G:$G, 'Cash actuals'!L$9, 'Bank postings'!$H:$H, 'Cash actuals'!L$10) -> 0 | ... R83: =SUMIFS('Bank postings'!$F:$F, 'Bank postings'!$N:$N, 'Cash actuals'!$C83, 'Bank postings'!$G:$G, 'Cash actuals'!R$9, 'Bank postings'!$H:$H, 'Cash actuals'!R$10) -> 0
C85: Total non-operating receipts / payments | E85: =E69 + E71 + E73 + E75 + E77 + E79 + E81 + E83 -> -16512.3 | F85: =F69 + F71 + F73 + F75 + F77 + F79 + F81 + F83 -> -23589 | G85: =G69 + G71 + G73 + G75 + G77 + G79 + G81 + G83 -> 0 | H85: =H69 + H71 + H73 + H75 + H77 + H79 + H81 + H83 -> 0 | I85: =I69 + I71 + I73 + I75 + I77 + I79 + I81 + I83 -> 0 | J85: =J69 + J71 + J73 + J75 + J77 + J79 + J81 + J83 -> 0 | K85: =K69 + K71 + K73 + K75 + K77 + K79 + K81 + K83 -> 0 | L85: =L69 + L71 + L73 + L75 + L77 + L79 + L81 + L83 -> 0 | ... R85: =R69 + R71 + R73 + R75 + R77 + R79 + R81 + R83 -> 0
C87: Net cashflow | E87: =E64 + E85 -> 15713.1 | F87: =F64 + F85 -> 17227 | G87: =G64 + G85 -> 0 | H87: =H64 + H85 -> 0 | I87: =I64 + I85 -> 0 | J87: =J64 + J85 -> 0 | K87: =K64 + K85 -> 0 | L87: =L64 + L85 -> 0 | ... R87: =R64 + R85 -> 0
B90: Cash position
C92: Opening cash | E92: 1000000 | F92: =E96 -> 1015713.1 | G92: =F96 -> 1032940.1 | H92: =G96 -> 1032940.1 | I92: =H96 -> 1032940.1 | J92: =I96 -> 1032940.1 | K92: =J96 -> 1032940.1 | L92: =K96 -> 1032940.1 | M92: =L96 -> 1032940.1 | ... R92: =Q96 -> 1032940.1
C94: Net cashflow | E94: =E87 -> 15713.1 | F94: =F87 -> 17227 | G94: =G87 -> 0 | H94: =H87 -> 0 | I94: =I87 -> 0 | J94: =J87 -> 0 | K94: =K87 -> 0 | L94: =L87 -> 0 | ... R94: =R87 -> 0
C96: Closing cash | E96: =E92 + E94 -> 1015713.1 | F96: =F92 + F94 -> 1032940.1 | G96: =G92 + G94 -> 1032940.1 | H96: =H92 + H94 -> 1032940.1 | I96: =I92 + I94 -> 1032940.1 | J96: =J92 + J94 -> 1032940.1 | K96: =K92 + K94 -> 1032940.1 | L96: =L92 + L94 -> 1032940.1 | ... R96: =R92 + R94 -> 1032940.1

Sheet Data input>>

Sheet Bank postings
B2: 13WEEKS | CashflowFree | 13 week cashflow forecast template | R2: Home
B3: Bank postings
C7: Data input | G7: Calculations | P7: Payment categorisation lookup
C9: Date | D9: Debt / Credit | E9: Transaction description | F9: Amount | G9: Week ending - week number | H9: Week ending - year | I9: Category | J9: Sub-category | K9: Manual override category | L9: Manual override sub-category | M9: Category (output) | N9: Sub-category (output) | P9: Transaction description | Q9: Category | R9: Sub-category
C10: 46223 | D10: Debit | E10: Payroll BACS | F10: -21433.9 | G10: =WEEKNUM(C10, 21) -> 30 | H10: =YEAR(C10) -> 2026 | I10: =_xlfn.XLOOKUP(E10, P:P, Q:Q, "") -> Payroll | J10: =_xlfn.XLOOKUP(E10, P:P, R:R, "") -> Salary | K10: Receipts | M10: =IF( K10 <> "", K10, I10) -> Receipts | N10: =IF( L10 <> "", L10, J10) -> Salary | P10: Payroll BACS | Q10: Payroll | R10: Salary
C11: 46224 | D11: Credit | E11: BACS - Quantum Works Commodities | F11: 17201.7 | G11: =WEEKNUM(C11, 21) -> 30 | H11: =YEAR(C11) -> 2026 | I11: =_xlfn.XLOOKUP(E11, P:P, Q:Q, "") -> Receipts | J11: =_xlfn.XLOOKUP(E11, P:P, R:R, "") -> Product revenue | M11: =IF( K11 <> "", K11, I11) -> Receipts | N11: =IF( L11 <> "", L11, J11) -> Product revenue | P11: BACS - Quantum Works Commodities | Q11: Receipts | R11: Product revenue
C12: 46225 | D12: Credit | E12: BACS - Crimson Track Commodities | F12: 15433.45 | G12: =WEEKNUM(C12, 21) -> 30 | H12: =YEAR(C12) -> 2026 | I12: =_xlfn.XLOOKUP(E12, P:P, Q:Q, "") -> Receipts | J12: =_xlfn.XLOOKUP(E12, P:P, R:R, "") -> Product revenue | M12: =IF( K12 <> "", K12, I12) -> Receipts | N12: =IF( L12 <> "", L12, J12) -> Product revenue | P12: BACS - Crimson Track Commodities | Q12: Receipts | R12: Product revenue
C13: 46226 | D13: Credit | E13: BACS - Silent Track Distributors | F13: 13799.2 | G13: =WEEKNUM(C13, 21) -> 30 | H13: =YEAR(C13) -> 2026 | I13: =_xlfn.XLOOKUP(E13, P:P, Q:Q, "") -> Receipts | J13: =_xlfn.XLOOKUP(E13, P:P, R:R, "") -> Product revenue | M13: =IF( K13 <> "", K13, I13) -> Receipts | N13: =IF( L13 <> "", L13, J13) -> Product revenue | P13: BACS - Silent Track Distributors | Q13: Receipts | R13: Product revenue
C14: 46227 | D14: Credit | E14: BACS - Silver Base Commodities | F14: 12289.5 | G14: =WEEKNUM(C14, 21) -> 30 | H14: =YEAR(C14) -> 2026 | I14: =_xlfn.XLOOKUP(E14, P:P, Q:Q, "") -> Receipts | J14: =_xlfn.XLOOKUP(E14, P:P, R:R, "") -> Product revenue | M14: =IF( K14 <> "", K14, I14) -> Receipts | N14: =IF( L14 <> "", L14, J14) -> Product revenue | P14: BACS - Silver Base Commodities | Q14: Receipts | R14: Product revenue
C15: 46228 | D15: Credit | E15: BACS - Golden Works Logistics | F15: 10896.9 | G15: =WEEKNUM(C15, 21) -> 30 | H15: =YEAR(C15) -> 2026 | I15: =_xlfn.XLOOKUP(E15, P:P, Q:Q, "") -> Receipts | J15: =_xlfn.XLOOKUP(E15, P:P, R:R, "") -> Services revenue | M15: =IF( K15 <> "", K15, I15) -> Receipts | N15: =IF( L15 <> "", L15, J15) -> Services revenue | P15: BACS - Golden Works Logistics | Q15: Receipts | R15: Services revenue
C16: 46229 | D16: Credit | E16: BACS - Solar Link Supplies | F16: 14048.6 | G16: =WEEKNUM(C16, 21) -> 30 | H16: =YEAR(C16) -> 2026 | I16: =_xlfn.XLOOKUP(E16, P:P, Q:Q, "") -> Receipts | J16: =_xlfn.XLOOKUP(E16, P:P, R:R, "") -> Product revenue | M16: =IF( K16 <> "", K16, I16) -> Receipts | N16: =IF( L16 <> "", L16, J16) -> Product revenue | P16: BACS - Solar Link Supplies | Q16: Receipts | R16: Product revenue
C17: 46223 | D17: Credit | E17: BACS - Iron Stream Procurements | F17: 12644.1 | G17: =WEEKNUM(C17, 21) -> 30 | H17: =YEAR(C17) -> 2026 | I17: =_xlfn.XLOOKUP(E17, P:P, Q:Q, "") -> Receipts | J17: =_xlfn.XLOOKUP(E17, P:P, R:R, "") -> Services revenue | M17: =IF( K17 <> "", K17, I17) -> Receipts | N17: =IF( L17 <> "", L17, J17) -> Services revenue | P17: BACS - Iron Stream Procurements | Q17: Receipts | R17: Services revenue
C18: 46224 | D18: Credit | E18: BACS - Silent Stream Trading | F18: 11344.1 | G18: =WEEKNUM(C18, 21) -> 30 | H18: =YEAR(C18) -> 2026 | I18: =_xlfn.XLOOKUP(E18, P:P, Q:Q, "") -> Receipts | J18: =_xlfn.XLOOKUP(E18, P:P, R:R, "") -> Product revenue | M18: =IF( K18 <> "", K18, I18) -> Receipts | N18: =IF( L18 <> "", L18, J18) -> Product revenue | P18: BACS - Silent Stream Trading | Q18: Receipts | R18: Product revenue
C19: 46225 | D19: Credit | E19: BACS - Crimson Link Trading | F19: 10143.2 | G19: =WEEKNUM(C19, 21) -> 30 | H19: =YEAR(C19) -> 2026 | I19: =_xlfn.XLOOKUP(E19, P:P, Q:Q, "") -> Receipts | J19: =_xlfn.XLOOKUP(E19, P:P, R:R, "") -> Product revenue | M19: =IF( K19 <> "", K19, I19) -> Receipts | N19: =IF( L19 <> "", L19, J19) -> Product revenue | P19: BACS - Crimson Link Trading | Q19: Receipts | R19: Product revenue
C20: 46226 | D20: Credit | E20: BACS - Iron Base Chemicals | F20: 9034.5 | G20: =WEEKNUM(C20, 21) -> 30 | H20: =YEAR(C20) -> 2026 | I20: =_xlfn.XLOOKUP(E20, P:P, Q:Q, "") -> Receipts | J20: =_xlfn.XLOOKUP(E20, P:P, R:R, "") -> Services revenue | M20: =IF( K20 <> "", K20, I20) -> Receipts | N20: =IF( L20 <> "", L20, J20) -> Services revenue | P20: BACS - Iron Base Chemicals | Q20: Receipts | R20: Services revenue
C21: 46227 | D21: Debit | E21: HMRC VAT Payment | F21: -16512.3 | G21: =WEEKNUM(C21, 21) -> 30 | H21: =YEAR(C21) -> 2026 | I21: =_xlfn.XLOOKUP(E21, P:P, Q:Q, "") -> Non_operating | J21: =_xlfn.XLOOKUP(E21, P:P, R:R, "") -> VAT | M21: =IF( K21 <> "", K21, I21) -> Non_operating | N21: =IF( L21 <> "", L21, J21) -> VAT | P21: HMRC VAT Payment | Q21: Non_operating | R21: VAT
C22: 46228 | D22: Debit | E22: HMRC PAYE | F22: -2250.55 | G22: =WEEKNUM(C22, 21) -> 30 | H22: =YEAR(C22) -> 2026 | I22: =_xlfn.XLOOKUP(E22, P:P, Q:Q, "") -> Payroll | J22: =_xlfn.XLOOKUP(E22, P:P, R:R, "") -> Payroll tax | M22: =IF( K22 <> "", K22, I22) -> Payroll | N22: =IF( L22 <> "", L22, J22) -> Payroll tax | P22: HMRC PAYE | Q22: Payroll | R22: Payroll tax
... C33: 46225 | D33: Debit | E33: BACS - Smart Field Partners | F33: -4715.2 | G33: =WEEKNUM(C33, 21) -> 30 | H33: =YEAR(C33) -> 2026 | I33: =_xlfn.XLOOKUP(E33, P:P, Q:Q, "") -> Other_operating_expenses | J33: =_xlfn.XLOOKUP(E33, P:P, R:R, "") -> Marketing | M33: =IF( K33 <> "", K33, I33) -> Other_operating_expenses | N33: =IF( L33 <> "", L33, J33) -> Marketing | P33: BACS - Smart Field Partners | Q33: Other_operating_expenses | R33: Marketing
C34: 46230 | D34: Debit | E34: Payroll BACS | F34: -22562 | G34: =WEEKNUM(C34, 21) -> 31 | H34: =YEAR(C34) -> 2026 | I34: =_xlfn.XLOOKUP(E34, P:P, Q:Q, "") -> Payroll | J34: =_xlfn.XLOOKUP(E34, P:P, R:R, "") -> Salary | M34: =IF( K34 <> "", K34, I34) -> Payroll | N34: =IF( L34 <> "", L34, J34) -> Salary
C35: 46231 | D35: Credit | E35: BACS - Quantum Works Commodities | F35: 19113 | G35: =WEEKNUM(C35, 21) -> 31 | H35: =YEAR(C35) -> 2026 | I35: =_xlfn.XLOOKUP(E35, P:P, Q:Q, "") -> Receipts | J35: =_xlfn.XLOOKUP(E35, P:P, R:R, "") -> Product revenue | M35: =IF( K35 <> "", K35, I35) -> Receipts | N35: =IF( L35 <> "", L35, J35) -> Product revenue
C36: 46232 | D36: Credit | E36: BACS - Crimson Track Commodities | F36: 18157 | G36: =WEEKNUM(C36, 21) -> 31 | H36: =YEAR(C36) -> 2026 | I36: =_xlfn.XLOOKUP(E36, P:P, Q:Q, "") -> Receipts | J36: =_xlfn.XLOOKUP(E36, P:P, R:R, "") -> Product revenue | M36: =IF( K36 <> "", K36, I36) -> Receipts | N36: =IF( L36 <> "", L36, J36) -> Product revenue
C37: 46233 | D37: Credit | E37: BACS - Silent Track Distributors | F37: 17249 | G37: =WEEKNUM(C37, 21) -> 31 | H37: =YEAR(C37) -> 2026 | I37: =_xlfn.XLOOKUP(E37, P:P, Q:Q, "") -> Receipts | J37: =_xlfn.XLOOKUP(E37, P:P, R:R, "") -> Product revenue | M37: =IF( K37 <> "", K37, I37) -> Receipts | N37: =IF( L37 <> "", L37, J37) -> Product revenue
C38: 46234 | D38: Credit | E38: BACS - Silver Base Commodities | F38: 16386 | G38: =WEEKNUM(C38, 21) -> 31 | H38: =YEAR(C38) -> 2026 | I38: =_xlfn.XLOOKUP(E38, P:P, Q:Q, "") -> Receipts | J38: =_xlfn.XLOOKUP(E38, P:P, R:R, "") -> Product revenue | M38: =IF( K38 <> "", K38, I38) -> Receipts | N38: =IF( L38 <> "", L38, J38) -> Product revenue
C39: 46235 | D39: Credit | E39: BACS - Golden Works Logistics | F39: 15567 | G39: =WEEKNUM(C39, 21) -> 31 | H39: =YEAR(C39) -> 2026 | I39: =_xlfn.XLOOKUP(E39, P:P, Q:Q, "") -> Receipts | J39: =_xlfn.XLOOKUP(E39, P:P, R:R, "") -> Services revenue | M39: =IF( K39 <> "", K39, I39) -> Receipts | N39: =IF( L39 <> "", L39, J39) -> Services revenue
C40: 46236 | D40: Credit | E40: BACS - Solar Link Supplies | F40: 14788 | G40: =WEEKNUM(C40, 21) -> 31 | H40: =YEAR(C40) -> 2026 | I40: =_xlfn.XLOOKUP(E40, P:P, Q:Q, "") -> Receipts | J40: =_xlfn.XLOOKUP(E40, P:P, R:R, "") -> Product revenue | M40: =IF( K40 <> "", K40, I40) -> Receipts | N40: =IF( L40 <> "", L40, J40) -> Product revenue
C41: 46230 | D41: Credit | E41: BACS - Iron Stream Procurements | F41: 14049 | G41: =WEEKNUM(C41, 21) -> 31 | H41: =YEAR(C41) -> 2026 | I41: =_xlfn.XLOOKUP(E41, P:P, Q:Q, "") -> Receipts | J41: =_xlfn.XLOOKUP(E41, P:P, R:R, "") -> Services revenue | M41: =IF( K41 <> "", K41, I41) -> Receipts | N41: =IF( L41 <> "", L41, J41) -> Services revenue
C42: 46234 | D42: Credit | E42: BACS - Silent Stream Trading | F42: 13346 | G42: =WEEKNUM(C42, 21) -> 31 | H42: =YEAR(C42) -> 2026 | I42: =_xlfn.XLOOKUP(E42, P:P, Q:Q, "") -> Receipts | J42: =_xlfn.XLOOKUP(E42, P:P, R:R, "") -> Product revenue | M42: =IF( K42 <> "", K42, I42) -> Receipts | N42: =IF( L42 <> "", L42, J42) -> Product revenue
C43: 46235 | D43: Credit | E43: BACS - Crimson Link Trading | F43: 12679 | G43: =WEEKNUM(C43, 21) -> 31 | H43: =YEAR(C43) -> 2026 | I43: =_xlfn.XLOOKUP(E43, P:P, Q:Q, "") -> Receipts | J43: =_xlfn.XLOOKUP(E43, P:P, R:R, "") -> Product revenue | M43: =IF( K43 <> "", K43, I43) -> Receipts | N43: =IF( L43 <> "", L43, J43) -> Product revenue
C44: 46236 | D44: Credit | E44: BACS - Iron Base Chemicals | F44: 12046 | G44: =WEEKNUM(C44, 21) -> 31 | H44: =YEAR(C44) -> 2026 | I44: =_xlfn.XLOOKUP(E44, P:P, Q:Q, "") -> Receipts | J44: =_xlfn.XLOOKUP(E44, P:P, R:R, "") -> Services revenue | M44: =IF( K44 <> "", K44, I44) -> Receipts | N44: =IF( L44 <> "", L44, J44) -> Services revenue
C45: 46232 | D45: Debit | E45: HMRC VAT Payment | F45: -23589 | G45: =WEEKNUM(C45, 21) -> 31 | H45: =YEAR(C45) -> 2026 | I45: =_xlfn.XLOOKUP(E45, P:P, Q:Q, "") -> Non_operating | J45: =_xlfn.XLOOKUP(E45, P:P, R:R, "") -> VAT | M45: =IF( K45 <> "", K45, I45) -> Non_operating | N45: =IF( L45 <> "", L45, J45) -> VAT
C46: 46233 | D46: Debit | E46: HMRC PAYE | F46: -2369 | G46: =WEEKNUM(C46, 21) -> 31 | H46: =YEAR(C46) -> 2026 | I46: =_xlfn.XLOOKUP(E46, P:P, Q:Q, "") -> Payroll | J46: =_xlfn.XLOOKUP(E46, P:P, R:R, "") -> Payroll tax | M46: =IF( K46 <> "", K46, I46) -> Payroll | N46: =IF( L46 <> "", L46, J46) -> Payroll tax
C47: 46234 | D47: Debit | E47: HMRC NI | F47: =-1856 -> -1856 | G47: =WEEKNUM(C47, 21) -> 31 | H47: =YEAR(C47) -> 2026 | I47: =_xlfn.XLOOKUP(E47, P:P, Q:Q, "") -> Payroll | J47: =_xlfn.XLOOKUP(E47, P:P, R:R, "") -> Social | M47: =IF( K47 <> "", K47, I47) -> Payroll | N47: =IF( L47 <> "", L47, J47) -> Social
C48: 46236 | D48: Debit | E48: BACS - Blue Bridge Holdings | F48: -10688 | G48: =WEEKNUM(C48, 21) -> 31 | H48: =YEAR(C48) -> 2026 | I48: =_xlfn.XLOOKUP(E48, P:P, Q:Q, "") -> COGS | J48: =_xlfn.XLOOKUP(E48, P:P, R:R, "") -> Material purchases | M48: =IF( K48 <> "", K48, I48) -> COGS | N48: =IF( L48 <> "", L48, J48) -> Material purchases
C49: 46230 | D49: Debit | E49: BACS - Blue Edge Networks | F49: -10154 | G49: =WEEKNUM(C49, 21) -> 31 | H49: =YEAR(C49) -> 2026 | I49: =_xlfn.XLOOKUP(E49, P:P, Q:Q, "") -> COGS | J49: =_xlfn.XLOOKUP(E49, P:P, R:R, "") -> Material purchases | M49: =IF( K49 <> "", K49, I49) -> COGS | N49: =IF( L49 <> "", L49, J49) -> Material purchases
C50: 46231 | D50: Debit | E50: BACS - True Point Concepts | F50: -9646 | G50: =WEEKNUM(C50, 21) -> 31 | H50: =YEAR(C50) -> 2026 | I50: =_xlfn.XLOOKUP(E50, P:P, Q:Q, "") -> COGS | J50: =_xlfn.XLOOKUP(E50, P:P, R:R, "") -> Material purchases | M50: =IF( K50 <> "", K50, I50) -> COGS | N50: =IF( L50 <> "", L50, J50) -> Material purchases
C51: 46232 | D51: Debit | E51: BACS - Rapid Zone Industries | F51: -9164 | G51: =WEEKNUM(C51, 21) -> 31 | H51: =YEAR(C51) -> 2026 | I51: =_xlfn.XLOOKUP(E51, P:P, Q:Q, "") -> COGS | J51: =_xlfn.XLOOKUP(E51, P:P, R:R, "") -> Material purchases | M51: =IF( K51 <> "", K51, I51) -> COGS | N51: =IF( L51 <> "", L51, J51) -> Material purchases
C52: 46233 | D52: Debit | E52: BACS - Next Hive Industries | F52: -8706 | G52: =WEEKNUM(C52, 21) -> 31 | H52: =YEAR(C52) -> 2026 | I52: =_xlfn.XLOOKUP(E52, P:P, Q:Q, "") -> COGS | J52: =_xlfn.XLOOKUP(E52, P:P, R:R, "") -> Material purchases | M52: =IF( K52 <> "", K52, I52) -> COGS | N52: =IF( L52 <> "", L52, J52) -> Material purchases
C53: 46234 | D53: Debit | E53: BACS - Smart Core Ventures | F53: -8271 | G53: =WEEKNUM(C53, 21) -> 31 | H53: =YEAR(C53) -> 2026 | I53: =_xlfn.XLOOKUP(E53, P:P, Q:Q, "") -> COGS | J53: =_xlfn.XLOOKUP(E53, P:P, R:R, "") -> Material purchases | M53: =IF( K53 <> "", K53, I53) -> COGS | N53: =IF( L53 <> "", L53, J53) -> Material purchases
C54: 46235 | D54: Debit | E54: BACS - Epic Zone Dynamics | F54: -7857 | G54: =WEEKNUM(C54, 21) -> 31 | H54: =YEAR(C54) -> 2026 | I54: =_xlfn.XLOOKUP(E54, P:P, Q:Q, "") -> Other_operating_expenses | J54: =_xlfn.XLOOKUP(E54, P:P, R:R, "") -> Insurance | M54: =IF( K54 <> "", K54, I54) -> Other_operating_expenses | N54: =IF( L54 <> "", L54, J54) -> Insurance
C55: 46236 | D55: Debit | E55: BACS - Prime Hive Industries | F55: -7464 | G55: =WEEKNUM(C55, 21) -> 31 | H55: =YEAR(C55) -> 2026 | I55: =_xlfn.XLOOKUP(E55, P:P, Q:Q, "") -> Other_operating_expenses | J55: =_xlfn.XLOOKUP(E55, P:P, R:R, "") -> IT & software | M55: =IF( K55 <> "", K55, I55) -> Other_operating_expenses | N55: =IF( L55 <> "", L55, J55) -> IT & software
C56: 46230 | D56: Debit | E56: BACS - Global Edge Industries | F56: -7091 | G56: =WEEKNUM(C56, 21) -> 31 | H56: =YEAR(C56) -> 2026 | I56: =_xlfn.XLOOKUP(E56, P:P, Q:Q, "") -> Other_operating_expenses | J56: =_xlfn.XLOOKUP(E56, P:P, R:R, "") -> Marketing | M56: =IF( K56 <> "", K56, I56) -> Other_operating_expenses | N56: =IF( L56 <> "", L56, J56) -> Marketing
C57: 46231 | D57: Debit | E57: BACS - Smart Field Partners | F57: -6736 | G57: =WEEKNUM(C57, 21) -> 31 | H57: =YEAR(C57) -> 2026 | I57: =_xlfn.XLOOKUP(E57, P:P, Q:Q, "") -> Other_operating_expenses | J57: =_xlfn.XLOOKUP(E57, P:P, R:R, "") -> Marketing | M57: =IF( K57 <> "", K57, I57) -> Other_operating_expenses | N57: =IF( L57 <> "", L57, J57) -> Marketing
G58: =WEEKNUM(C58, 21) -> 52 | H58: =YEAR(C58) -> 1900 | I58: =_xlfn.XLOOKUP(E58, P:P, Q:Q, "") -> 0 | J58: =_xlfn.XLOOKUP(E58, P:P, R:R, "") -> 0 | M58: =IF( K58 <> "", K58, I58) -> 0 | N58: =IF( L58 <> "", L58, J58) -> 0
G59: =WEEKNUM(C59, 21) -> 52 | H59: =YEAR(C59) -> 1900 | I59: =_xlfn.XLOOKUP(E59, P:P, Q:Q, "") -> 0 | J59: =_xlfn.XLOOKUP(E59, P:P, R:R, "") -> 0 | M59: =IF( K59 <> "", K59, I59) -> 0 | N59: =IF( L59 <> "", L59, J59) -> 0
G60: =WEEKNUM(C60, 21) -> 52 | H60: =YEAR(C60) -> 1900 | I60: =_xlfn.XLOOKUP(E60, P:P, Q:Q, "") -> 0 | J60: =_xlfn.XLOOKUP(E60, P:P, R:R, "") -> 0 | M60: =IF( K60 <> "", K60, I60) -> 0 | N60: =IF( L60 <> "", L60, J60) -> 0
G61: =WEEKNUM(C61, 21) -> 52 | H61: =YEAR(C61) -> 1900 | I61: =_xlfn.XLOOKUP(E61, P:P, Q:Q, "") -> 0 | J61: =_xlfn.XLOOKUP(E61, P:P, R:R, "") -> 0 | M61: =IF( K61 <> "", K61, I61) -> 0 | N61: =IF( L61 <> "", L61, J61) -> 0
G62: =WEEKNUM(C62, 21) -> 52 | H62: =YEAR(C62) -> 1900 | I62: =_xlfn.XLOOKUP(E62, P:P, Q:Q, "") -> 0 | J62: =_xlfn.XLOOKUP(E62, P:P, R:R, "") -> 0 | M62: =IF( K62 <> "", K62, I62) -> 0 | N62: =IF( L62 <> "", L62, J62) -> 0
G63: =WEEKNUM(C63, 21) -> 52 | H63: =YEAR(C63) -> 1900 | I63: =_xlfn.XLOOKUP(E63, P:P, Q:Q, "") -> 0 | J63: =_xlfn.XLOOKUP(E63, P:P, R:R, "") -> 0 | M63: =IF( K63 <> "", K63, I63) -> 0 | N63: =IF( L63 <> "", L63, J63) -> 0
G64: =WEEKNUM(C64, 21) -> 52 | H64: =YEAR(C64) -> 1900 | I64: =_xlfn.XLOOKUP(E64, P:P, Q:Q, "") -> 0 | J64: =_xlfn.XLOOKUP(E64, P:P, R:R, "") -> 0 | M64: =IF( K64 <> "", K64, I64) -> 0 | N64: =IF( L64 <> "", L64, J64) -> 0
G65: =WEEKNUM(C65, 21) -> 52 | H65: =YEAR(C65) -> 1900 | I65: =_xlfn.XLOOKUP(E65, P:P, Q:Q, "") -> 0 | J65: =_xlfn.XLOOKUP(E65, P:P, R:R, "") -> 0 | M65: =IF( K65 <> "", K65, I65) -> 0 | N65: =IF( L65 <> "", L65, J65) -> 0
G66: =WEEKNUM(C66, 21) -> 52 | H66: =YEAR(C66) -> 1900 | I66: =_xlfn.XLOOKUP(E66, P:P, Q:Q, "") -> 0 | J66: =_xlfn.XLOOKUP(E66, P:P, R:R, "") -> 0 | M66: =IF( K66 <> "", K66, I66) -> 0 | N66: =IF( L66 <> "", L66, J66) -> 0
G67: =WEEKNUM(C67, 21) -> 52 | H67: =YEAR(C67) -> 1900 | I67: =_xlfn.XLOOKUP(E67, P:P, Q:Q, "") -> 0 | J67: =_xlfn.XLOOKUP(E67, P:P, R:R, "") -> 0 | M67: =IF( K67 <> "", K67, I67) -> 0 | N67: =IF( L67 <> "", L67, J67) -> 0
G68: =WEEKNUM(C68, 21) -> 52 | H68: =YEAR(C68) -> 1900 | I68: =_xlfn.XLOOKUP(E68, P:P, Q:Q, "") -> 0 | J68: =_xlfn.XLOOKUP(E68, P:P, R:R, "") -> 0 | M68: =IF( K68 <> "", K68, I68) -> 0 | N68: =IF( L68 <> "", L68, J68) -> 0
G69: =WEEKNUM(C69, 21) -> 52 | H69: =YEAR(C69) -> 1900 | I69: =_xlfn.XLOOKUP(E69, P:P, Q:Q, "") -> 0 | J69: =_xlfn.XLOOKUP(E69, P:P, R:R, "") -> 0 | M69: =IF( K69 <> "", K69, I69) -> 0 | N69: =IF( L69 <> "", L69, J69) -> 0
... G1000: =WEEKNUM(C1000, 21) -> 52 | H1000: =YEAR(C1000) -> 1900 | I1000: =_xlfn.XLOOKUP(E1000, P:P, Q:Q, "") -> 0 | J1000: =_xlfn.XLOOKUP(E1000, P:P, R:R, "") -> 0 | M1000: =IF( K1000 <> "", K1000, I1000) -> 0 | N1000: =IF( L1000 <> "", L1000, J1000) -> 0

Sheet AR report
B2: 13WEEKS | CashflowFree | 13 week cashflow forecast template | X2: Home
B3: Accounts receivable ageing report
C7: Data input - Customer receivables ageing report | K7: Data input - Expected collections over next 13 weeks for the weeks ending:
D9: =SUM(D11:D38) -> 368378.45 | E9: =SUM(E11:E38) -> 243446.6 | F9: =SUM(F11:F38) -> 24687.45 | G9: =SUM(G11:G38) -> 86706.5 | H9: =SUM(H11:H38) -> 80084 | I9: =SUM(I11:I38) -> 803303 | K9: =SUM(K11:K38) -> 113850.85 | L9: =SUM(L11:L38) -> 43498.2 | M9: =SUM(M11:M38) -> 128208.65 | N9: =SUM(N11:N38) -> 93812.4 | O9: =SUM(O11:O38) -> 136094.05 | P9: =SUM(P11:P38) -> 61419.9 | Q9: =SUM(Q11:Q38) -> 38873.05 | R9: =SUM(R11:R38) -> 33156.35 | ... X9: =SUM(X11:X38) -> 803303
C10: Customer name | D10: Current | E10: 01 - 30 days | F10: 31 - 60 days | G10: 61 - 90 days | H10: >90 days | I10: Total | K10: ='13W CFF'!G8 -> 46243 | L10: ='13W CFF'!H8 -> 46250 | M10: ='13W CFF'!I8 -> 46257 | N10: ='13W CFF'!J8 -> 46264 | O10: ='13W CFF'!K8 -> 46271 | P10: ='13W CFF'!L8 -> 46278 | Q10: ='13W CFF'!M8 -> 46285 | R10: ='13W CFF'!N8 -> 46292 | ... W10: ='13W CFF'!S8 -> 46327 | X10: Total
C11: Quantum Works Commodities | D11: 20068.65 | E11: 11467.8 | G11: 5733.9 | H11: 20068.65 | I11: =SUM(D11:H11) -> 57339 | K11: 5733.9 | L11: 11467.8 | N11: 20068.65 | S11: 20068.65 | X11: =SUM(K11:W11) -> 57339
C12: Crimson Track Commodities | D12: 29051.2 | E12: 18157 | F12: 18157 | G12: 7262.8 | I12: =SUM(D12:H12) -> 72628 | M12: 29051.2 | O12: 18157 | Q12: 7262.8 | U12: 18157 | X12: =SUM(K12:W12) -> 72628
C13: Silent Track Distributors | D13: 38810.25 | E13: 25873.5 | F13: 4312.25 | G13: 8624.5 | H13: 8624.5 | I13: =SUM(D13:H13) -> 86245 | M13: 38810.25 | P13: 25873.5 | R13: 4312.25 | T13: 8624.5 | W13: 8624.5 | X13: =SUM(K13:W13) -> 86245
C14: Silver Base Commodities | D14: 49158 | E14: 34410.6 | H14: 14747.4 | I14: =SUM(D14:H14) -> 98316 | N14: 49158 | O14: 34410.6 | V14: 14747.4 | X14: =SUM(K14:W14) -> 98316
C15: Golden Works Logistics | D15: 59932.95 | E15: 43587.6 | G15: 5448.45 | I15: =SUM(D15:H15) -> 108969 | K15: 59932.95 | O15: 43587.6 | S15: 5448.45 | X15: =SUM(K15:W15) -> 108969
C16: Solar Link Supplies | D16: 26618.4 | E16: 15527.4 | F16: 2218.2 | I16: =SUM(D16:H16) -> 44364 | M16: 26618.4 | P16: 15527.4 | R16: 2218.2 | X16: =SUM(K16:W16) -> 44364
C17: Iron Stream Procurements | D17: 24585.75 | E17: 14049 | G17: 31610.25 | I17: =SUM(D17:H17) -> 70245 | N17: 24585.75 | Q17: 31610.25 | T17: 14049 | X17: =SUM(K17:W17) -> 70245
C18: Silent Stream Trading | D18: 32030.4 | E18: 20019 | G18: 28026.6 | I18: =SUM(D18:H18) -> 80076 | L18: 32030.4 | P18: 20019 | S18: 28026.6 | X18: =SUM(K18:W18) -> 80076
C19: Crimson Link Trading | D19: 39938.85 | E19: 26625.9 | H19: 22188.25 | I19: =SUM(D19:H19) -> 88753 | O19: 39938.85 | R19: 26625.9 | W19: 22188.25 | X19: =SUM(K19:W19) -> 88753
C20: Iron Base Chemicals | D20: 48184 | E20: 33728.8 | H20: 14455.2 | I20: =SUM(D20:H20) -> 96368 | K20: 48184 | M20: 33728.8 | V20: 14455.2 | X20: =SUM(K20:W20) -> 96368
I21: =SUM(D21:H21) -> 0 | X21: =SUM(K21:W21) -> 0
I22: =SUM(D22:H22) -> 0 | X22: =SUM(K22:W22) -> 0
I23: =SUM(D23:H23) -> 0 | X23: =SUM(K23:W23) -> 0
I24: =SUM(D24:H24) -> 0 | X24: =SUM(K24:W24) -> 0
I25: =SUM(D25:H25) -> 0 | X25: =SUM(K25:W25) -> 0
I26: =SUM(D26:H26) -> 0 | X26: =SUM(K26:W26) -> 0
I27: =SUM(D27:H27) -> 0 | X27: =SUM(K27:W27) -> 0
I28: =SUM(D28:H28) -> 0 | X28: =SUM(K28:W28) -> 0
I29: =SUM(D29:H29) -> 0 | X29: =SUM(K29:W29) -> 0
I30: =SUM(D30:H30) -> 0 | X30: =SUM(K30:W30) -> 0
I31: =SUM(D31:H31) -> 0 | X31: =SUM(K31:W31) -> 0
I32: =SUM(D32:H32) -> 0 | X32: =SUM(K32:W32) -> 0
... I38: =SUM(D38:H38) -> 0 | X38: =SUM(K38:W38) -> 0

Sheet AP report
B2: 13WEEKS | CashflowFree | 13 week cashflow forecast template | X2: Home
B3: Accounts payable ageing report
C7: Data input - Supplier payables ageing report | K7: Data input - Expected payments over next 13 weeks for the weeks ending:
D9: =SUM(D11:D38) -> -310300.76 | E9: =SUM(E11:E38) -> -7624.4 | F9: =SUM(F11:F38) -> -10892.84 | G9: =SUM(G11:G38) -> -9696.96 | H9: =SUM(H11:H38) -> -8536.64 | I9: =SUM(I11:I38) -> -347051.6 | K9: =SUM(K11:K38) -> -7624.4 | L9: =SUM(L11:L38) -> -10892.84 | M9: =SUM(M11:M38) -> 0 | N9: =SUM(N11:N38) -> -310300.76 | O9: =SUM(O11:O38) -> 0 | P9: =SUM(P11:P38) -> 0 | Q9: =SUM(Q11:Q38) -> 0 | R9: =SUM(R11:R38) -> -9696.96 | ... X9: =SUM(X11:X38) -> -347051.6
C10: Supplier name | D10: Current | E10: 01 - 30 days | F10: 31 - 60 days | G10: 61 - 90 days | H10: >90 days | I10: Total | K10: ='13W CFF'!G8 -> 46243 | L10: ='13W CFF'!H8 -> 46250 | M10: ='13W CFF'!I8 -> 46257 | N10: ='13W CFF'!J8 -> 46264 | O10: ='13W CFF'!K8 -> 46271 | P10: ='13W CFF'!L8 -> 46278 | Q10: ='13W CFF'!M8 -> 46285 | R10: ='13W CFF'!N8 -> 46292 | ... W10: ='13W CFF'!S8 -> 46327 | X10: Total
C11: Blue Bridge Holdings | D11: -23941.12 | E11: -2992.64 | F11: -2992.64 | I11: =SUM(D11:H11) -> -29926.4 | K11: -2992.64 | L11: -2992.64 | N11: -23941.12 | X11: =SUM(K11:W11) -> -29926.4
C12: Blue Edge Networks | D12: -36249.78 | G12: -6397.02 | H12: 0 | I12: =SUM(D12:H12) -> -42646.8 | N12: -36249.78 | R12: -6397.02 | X12: =SUM(K12:W12) -> -42646.8
C13: True Point Concepts | D13: -48615.84 | H13: -5401.76 | I13: =SUM(D13:H13) -> -54017.6 | N13: -48615.84 | W13: -5401.76 | X13: =SUM(K13:W13) -> -54017.6
C14: Rapid Zone Industries | D14: -24376.24 | F14: -1282.96 | I14: =SUM(D14:H14) -> -25659.2 | L14: -1282.96 | N14: -24376.24 | X14: =SUM(K14:W14) -> -25659.2
C15: Next Hive Industries | D15: -36565.2 | I15: =SUM(D15:H15) -> -36565.2 | N15: -36565.2 | X15: =SUM(K15:W15) -> -36565.2
C16: Smart Core Ventures | D16: -37054.08 | E16: -4631.76 | F16: -4631.76 | I16: =SUM(D16:H16) -> -46317.6 | K16: -4631.76 | L16: -4631.76 | N16: -37054.08 | X16: =SUM(K16:W16) -> -46317.6
C17: Epic Zone Dynamics | D17: -18699.66 | G17: -3299.94 | H17: 0 | I17: =SUM(D17:H17) -> -21999.6 | N17: -18699.66 | R17: -3299.94 | X17: =SUM(K17:W17) -> -21999.6
C18: Prime Hive Industries | D18: -28213.92 | H18: -3134.88 | I18: =SUM(D18:H18) -> -31348.8 | N18: -28213.92 | W18: -3134.88 | X18: =SUM(K18:W18) -> -31348.8
C19: Global Edge Industries | D19: -37724.12 | F19: -1985.48 | I19: =SUM(D19:H19) -> -39709.6 | L19: -1985.48 | N19: -37724.12 | X19: =SUM(K19:W19) -> -39709.6
C20: Smart Field Partners | D20: -18860.8 | I20: =SUM(D20:H20) -> -18860.8 | N20: -18860.8 | X20: =SUM(K20:W20) -> -18860.8
I21: =SUM(D21:H21) -> 0 | X21: =SUM(K21:W21) -> 0
I22: =SUM(D22:H22) -> 0 | X22: =SUM(K22:W22) -> 0
I23: =SUM(D23:H23) -> 0 | X23: =SUM(K23:W23) -> 0
I24: =SUM(D24:H24) -> 0 | X24: =SUM(K24:W24) -> 0
I25: =SUM(D25:H25) -> 0 | X25: =SUM(K25:W25) -> 0
I26: =SUM(D26:H26) -> 0 | X26: =SUM(K26:W26) -> 0
I27: =SUM(D27:H27) -> 0 | X27: =SUM(K27:W27) -> 0
I28: =SUM(D28:H28) -> 0 | X28: =SUM(K28:W28) -> 0
I29: =SUM(D29:H29) -> 0 | X29: =SUM(K29:W29) -> 0
I30: =SUM(D30:H30) -> 0 | X30: =SUM(K30:W30) -> 0
I31: =SUM(D31:H31) -> 0 | X31: =SUM(K31:W31) -> 0
I32: =SUM(D32:H32) -> 0 | X32: =SUM(K32:W32) -> 0
... I38: =SUM(D38:H38) -> 0 | X38: =SUM(K38:W38) -> 0

Sheet New sales
B2: 13WEEKS | CashflowFree | 13 week cashflow forecast template | S2: Home
B3: New sales cash timing
C7: Week commencing date >> | F7: ='13W CFF'!$G$7 -> 46237 | G7: =F8+1 -> 46244 | H7: =G8+1 -> 46251 | I7: =H8+1 -> 46258 | J7: =I8+1 -> 46265 | K7: =J8+1 -> 46272 | L7: =K8+1 -> 46279 | M7: =L8+1 -> 46286 | N7: =M8+1 -> 46293 | ... R7: =Q8+1 -> 46321
C8: Week ending date >> | F8: =F7+6 -> 46243 | G8: =G7+6 -> 46250 | H8: =H7+6 -> 46257 | I8: =I7+6 -> 46264 | J8: =J7+6 -> 46271 | K8: =K7+6 -> 46278 | L8: =L7+6 -> 46285 | M8: =M7+6 -> 46292 | ... R8: =R7+6 -> 46327
C9: Week number >> | F9: 1 | G9: 2 | H9: 3 | I9: 4 | J9: 5 | K9: 6 | L9: 7 | M9: 8 | N9: 9 | O9: 10 | P9: 11 | Q9: 12 | R9: 13
C10: Calendar week >> | F10: =WEEKNUM(F7, 21) -> 32 | G10: =WEEKNUM(G7, 21) -> 33 | H10: =WEEKNUM(H7, 21) -> 34 | I10: =WEEKNUM(I7, 21) -> 35 | J10: =WEEKNUM(J7, 21) -> 36 | K10: =WEEKNUM(K7, 21) -> 37 | L10: =WEEKNUM(L7, 21) -> 38 | M10: =WEEKNUM(M7, 21) -> 39 | ... R10: =WEEKNUM(R7, 21) -> 44
C11: Year >> | F11: =YEAR(F7) -> 2026 | G11: =YEAR(G7) -> 2026 | H11: =YEAR(H7) -> 2026 | I11: =YEAR(I7) -> 2026 | J11: =YEAR(J7) -> 2026 | K11: =YEAR(K7) -> 2026 | L11: =YEAR(L7) -> 2026 | M11: =YEAR(M7) -> 2026 | ... R11: =YEAR(R7) -> 2026
C12: Actuals / Forecast>> | F12: Forecast | G12: Forecast | H12: Forecast | I12: Forecast | J12: Forecast | K12: Forecast | L12: Forecast | M12: Forecast | N12: Forecast | O12: Forecast | P12: Forecast | Q12: Forecast | R12: Forecast | S12: Total
C14: EOM | F14: =EOMONTH(F7,0) -> 46265 | G14: =EOMONTH(G7,0) -> 46265 | H14: =EOMONTH(H7,0) -> 46265 | I14: =EOMONTH(I7,0) -> 46265 | J14: =EOMONTH(J7,0) -> 46265 | K14: =EOMONTH(K7,0) -> 46295 | L14: =EOMONTH(L7,0) -> 46295 | M14: =EOMONTH(M7,0) -> 46295 | ... R14: =EOMONTH(R7,0) -> 46326
C15: EOM flag | F15: =IF( AND( F14 >=F7, F14 <=F8), 1, 0) -> 0 | G15: =IF( AND( G14 >=G7, G14 <=G8), 1, 0) -> 0 | H15: =IF( AND( H14 >=H7, H14 <=H8), 1, 0) -> 0 | I15: =IF( AND( I14 >=I7, I14 <=I8), 1, 0) -> 0 | J15: =IF( AND( J14 >=J7, J14 <=J8), 1, 0) -> 1 | K15: =IF( AND( K14 >=K7, K14 <=K8), 1, 0) -> 0 | L15: =IF( AND( L14 >=L7, L14 <=L8), 1, 0) -> 0 | M15: =IF( AND( M14 >=M7, M14 <=M8), 1, 0) -> 0 | ... R15: =IF( AND( R14 >=R7, R14 <=R8), 1, 0) -> 1
C16: First week flag | F16: =IF( AND(DAY(F7)>=1, DAY(F7)<=7), 1, 0) -> 1 | G16: =IF( AND(DAY(G7)>=1, DAY(G7)<=7), 1, 0) -> 0 | H16: =IF( AND(DAY(H7)>=1, DAY(H7)<=7), 1, 0) -> 0 | I16: =IF( AND(DAY(I7)>=1, DAY(I7)<=7), 1, 0) -> 0 | J16: =IF( AND(DAY(J7)>=1, DAY(J7)<=7), 1, 0) -> 0 | K16: =IF( AND(DAY(K7)>=1, DAY(K7)<=7), 1, 0) -> 1 | L16: =IF( AND(DAY(L7)>=1, DAY(L7)<=7), 1, 0) -> 0 | M16: =IF( AND(DAY(M7)>=1, DAY(M7)<=7), 1, 0) -> 0 | ... R16: =IF( AND(DAY(R7)>=1, DAY(R7)<=7), 1, 0) -> 0
C17: Second week flag | F17: =IF( AND(DAY(F7)>=8, DAY(F7)<=14), 1, 0) -> 0 | G17: =IF( AND(DAY(G7)>=8, DAY(G7)<=14), 1, 0) -> 1 | H17: =IF( AND(DAY(H7)>=8, DAY(H7)<=14), 1, 0) -> 0 | I17: =IF( AND(DAY(I7)>=8, DAY(I7)<=14), 1, 0) -> 0 | J17: =IF( AND(DAY(J7)>=8, DAY(J7)<=14), 1, 0) -> 0 | K17: =IF( AND(DAY(K7)>=8, DAY(K7)<=14), 1, 0) -> 0 | L17: =IF( AND(DAY(L7)>=8, DAY(L7)<=14), 1, 0) -> 1 | M17: =IF( AND(DAY(M7)>=8, DAY(M7)<=14), 1, 0) -> 0 | ... R17: =IF( AND(DAY(R7)>=8, DAY(R7)<=14), 1, 0) -> 0
C18: Third week flag | F18: =IF( AND(DAY(F7)>=15, DAY(F7)<=21), 1, 0) -> 0 | G18: =IF( AND(DAY(G7)>=15, DAY(G7)<=21), 1, 0) -> 0 | H18: =IF( AND(DAY(H7)>=15, DAY(H7)<=21), 1, 0) -> 1 | I18: =IF( AND(DAY(I7)>=15, DAY(I7)<=21), 1, 0) -> 0 | J18: =IF( AND(DAY(J7)>=15, DAY(J7)<=21), 1, 0) -> 0 | K18: =IF( AND(DAY(K7)>=15, DAY(K7)<=21), 1, 0) -> 0 | L18: =IF( AND(DAY(L7)>=15, DAY(L7)<=21), 1, 0) -> 0 | M18: =IF( AND(DAY(M7)>=15, DAY(M7)<=21), 1, 0) -> 1 | ... R18: =IF( AND(DAY(R7)>=15, DAY(R7)<=21), 1, 0) -> 0
C19: Fourth week flag | F19: =IF( AND(DAY(F7)>=22, DAY(F7)<=28), 1, 0) -> 0 | G19: =IF( AND(DAY(G7)>=22, DAY(G7)<=28), 1, 0) -> 0 | H19: =IF( AND(DAY(H7)>=22, DAY(H7)<=28), 1, 0) -> 0 | I19: =IF( AND(DAY(I7)>=22, DAY(I7)<=28), 1, 0) -> 1 | J19: =IF( AND(DAY(J7)>=22, DAY(J7)<=28), 1, 0) -> 0 | K19: =IF( AND(DAY(K7)>=22, DAY(K7)<=28), 1, 0) -> 0 | L19: =IF( AND(DAY(L7)>=22, DAY(L7)<=28), 1, 0) -> 0 | M19: =IF( AND(DAY(M7)>=22, DAY(M7)<=28), 1, 0) -> 0 | ... R19: =IF( AND(DAY(R7)>=22, DAY(R7)<=28), 1, 0) -> 1
C21: ='Category lookups'!E8 -> Product revenue | F21: 90000 | G21: 90000 | H21: 90000 | I21: 90000 | J21: 100000 | K21: 100000 | L21: 100000 | M21: 100000 | N21: 100000 | O21: 110000 | P21: 110000 | Q21: 110000 | R21: 110000 | S21: =SUM(F21:R21) -> 1300000
C22: ='Category lookups'!E9 -> Services revenue | F22: 11000 | G22: 11000 | H22: 11000 | I22: 11000 | J22: 15000 | K22: 15000 | L22: 15000 | M22: 15000 | N22: 15000 | O22: 16000 | P22: 16000 | Q22: 16000 | R22: 16000 | S22: =SUM(F22:R22) -> 183000
C23: ='Category lookups'!E10 -> Other operating income 1 | F23: 2000 | G23: 2000 | H23: 2000 | I23: 2000 | J23: 2000 | K23: 2000 | L23: 2000 | M23: 2000 | N23: 2000 | O23: 2000 | P23: 2000 | Q23: 2000 | R23: 2000 | S23: =SUM(F23:R23) -> 26000
C24: ='Category lookups'!E11 -> Other operating income 2 | S24: =SUM(F24:R24) -> 0
C25: ='Category lookups'!E12 -> Other operating income 3 | S25: =SUM(F25:R25) -> 0
C26: Total new sales | F26: =SUM(F21:F25) -> 103000 | G26: =SUM(G21:G25) -> 103000 | H26: =SUM(H21:H25) -> 103000 | I26: =SUM(I21:I25) -> 103000 | J26: =SUM(J21:J25) -> 117000 | K26: =SUM(K21:K25) -> 117000 | L26: =SUM(L21:L25) -> 117000 | M26: =SUM(M21:M25) -> 117000 | ... S26: =SUM(S21:S25) -> 1509000
C28: Average Days Sales Outstanding (DSO) | F28: 45 | G28: 45 | H28: 45 | I28: 45 | J28: 45 | K28: 45 | L28: 45 | M28: 45 | N28: 45 | O28: 45 | P28: 45 | Q28: 45 | R28: 45
C29: Collection weeks | F29: =ROUND(F28 / 7, 0) -> 6 | G29: =ROUND(G28 / 7, 0) -> 6 | H29: =ROUND(H28 / 7, 0) -> 6 | I29: =ROUND(I28 / 7, 0) -> 6 | J29: =ROUND(J28 / 7, 0) -> 6 | K29: =ROUND(K28 / 7, 0) -> 6 | L29: =ROUND(L28 / 7, 0) -> 6 | M29: =ROUND(M28 / 7, 0) -> 6 | ... R29: =ROUND(R28 / 7, 0) -> 6
C30: Collection calendar week no. | F30: =F10 + F29 -> 38 | G30: =G10 + G29 -> 39 | H30: =H10 + H29 -> 40 | I30: =I10 + I29 -> 41 | J30: =J10 + J29 -> 42 | K30: =K10 + K29 -> 43 | L30: =L10 + L29 -> 44 | M30: =M10 + M29 -> 45 | ... R30: =R10 + R29 -> 50
C32: Collections profile
C34: =C21 -> Product revenue | D34: DSO | F34: =_xlfn.XLOOKUP($D$34, $D$35:$D$44, F35:F44) -> 0 | G34: =_xlfn.XLOOKUP($D$34, $D$35:$D$44, G35:G44) -> 0 | H34: =_xlfn.XLOOKUP($D$34, $D$35:$D$44, H35:H44) -> 0 | I34: =_xlfn.XLOOKUP($D$34, $D$35:$D$44, I35:I44) -> 0 | J34: =_xlfn.XLOOKUP($D$34, $D$35:$D$44, J35:J44) -> 0 | K34: =_xlfn.XLOOKUP($D$34, $D$35:$D$44, K35:K44) -> 0 | L34: =_xlfn.XLOOKUP($D$34, $D$35:$D$44, L35:L44) -> 90000 | M34: =_xlfn.XLOOKUP($D$34, $D$35:$D$44, M35:M44) -> 90000 | ... R34: =_xlfn.XLOOKUP($D$34, $D$35:$D$44, R35:R44) -> 100000 | S34: =SUM(F34:R34) -> 660000
D35: DSO | F35: =_xlfn.XLOOKUP(F$10, $F$30:$R$30, $F$21:$R$21, 0) -> 0 | G35: =_xlfn.XLOOKUP(G$10, $F$30:$R$30, $F$21:$R$21, 0) -> 0 | H35: =_xlfn.XLOOKUP(H$10, $F$30:$R$30, $F$21:$R$21, 0) -> 0 | I35: =_xlfn.XLOOKUP(I$10, $F$30:$R$30, $F$21:$R$21, 0) -> 0 | J35: =_xlfn.XLOOKUP(J$10, $F$30:$R$30, $F$21:$R$21, 0) -> 0 | K35: =_xlfn.XLOOKUP(K$10, $F$30:$R$30, $F$21:$R$21, 0) -> 0 | L35: =_xlfn.XLOOKUP(L$10, $F$30:$R$30, $F$21:$R$21, 0) -> 90000 | M35: =_xlfn.XLOOKUP(M$10, $F$30:$R$30, $F$21:$R$21, 0) -> 90000 | ... R35: =_xlfn.XLOOKUP(R$10, $F$30:$R$30, $F$21:$R$21, 0) -> 100000 | S35: =SUM(F35:R35) -> 660000
D36: EOM | F36: =IF(F$15 = 1, F$21, 0) -> 0 | G36: =IF(G$15 = 1, SUM($F$21:G$21)- SUM($F$36:F$36), 0) -> 0 | H36: =IF(H$15 = 1, SUM($F$21:H$21)- SUM($F$36:G$36), 0) -> 0 | I36: =IF(I$15 = 1, SUM($F$21:I$21)- SUM($F$36:H$36), 0) -> 0 | J36: =IF(J$15 = 1, SUM($F$21:J$21)- SUM($F$36:I$36), 0) -> 460000 | K36: =IF(K$15 = 1, SUM($F$21:K$21)- SUM($F$36:J$36), 0) -> 0 | L36: =IF(L$15 = 1, SUM($F$21:L$21)- SUM($F$36:K$36), 0) -> 0 | M36: =IF(M$15 = 1, SUM($F$21:M$21)- SUM($F$36:L$36), 0) -> 0 | N36: =IF(N$15 = 1, SUM($F$21:N$21)- SUM($F$36:M$36), 0) -> 400000 | ... R36: =IF(R$15 = 1, SUM($F$21:R$21)- SUM($F$36:Q$36), 0) -> 440000 | S36: =SUM(F36:R36) -> 1300000
D37: Current week | F37: =F$21 -> 90000 | G37: =G$21 -> 90000 | H37: =H$21 -> 90000 | I37: =I$21 -> 90000 | J37: =J$21 -> 100000 | K37: =K$21 -> 100000 | L37: =L$21 -> 100000 | M37: =M$21 -> 100000 | ... R37: =R$21 -> 110000 | S37: =SUM(F37:R37) -> 1300000
D38: 1st week of month | F38: =IF($F$16 = 1, $F$21, 0) -> 90000 | G38: =IF(G$16 = 1, SUM($F$21:G$21) - SUM($F$38:F$38), 0) -> 0 | H38: =IF(H$16 = 1, SUM($F$21:H$21) - SUM($F$38:G$38), 0) -> 0 | I38: =IF(I$16 = 1, SUM($F$21:I$21) - SUM($F$38:H$38), 0) -> 0 | J38: =IF(J$16 = 1, SUM($F$21:J$21) - SUM($F$38:I$38), 0) -> 0 | K38: =IF(K$16 = 1, SUM($F$21:K$21) - SUM($F$38:J$38), 0) -> 470000 | L38: =IF(L$16 = 1, SUM($F$21:L$21) - SUM($F$38:K$38), 0) -> 0 | M38: =IF(M$16 = 1, SUM($F$21:M$21) - SUM($F$38:L$38), 0) -> 0 | N38: =IF(N$16 = 1, SUM($F$21:N$21) - SUM($F$38:M$38), 0) -> 0 | ... R38: =IF(R$16 = 1, SUM($F$21:R$21) - SUM($F$38:Q$38), 0) -> 0 | S38: =SUM(F38:R38) -> 970000
D39: 2nd week of month | F39: =IF($F$17 = 1, $F$21, 0) -> 0 | G39: =IF(G$17 = 1, SUM($F$21:G$21) - SUM($F$39:F$39), 0) -> 180000 | H39: =IF(H$17 = 1, SUM($F$21:H$21) - SUM($F$39:G$39), 0) -> 0 | I39: =IF(I$17 = 1, SUM($F$21:I$21) - SUM($F$39:H$39), 0) -> 0 | J39: =IF(J$17 = 1, SUM($F$21:J$21) - SUM($F$39:I$39), 0) -> 0 | K39: =IF(K$17 = 1, SUM($F$21:K$21) - SUM($F$39:J$39), 0) -> 0 | L39: =IF(L$17 = 1, SUM($F$21:L$21) - SUM($F$39:K$39), 0) -> 480000 | M39: =IF(M$17 = 1, SUM($F$21:M$21) - SUM($F$39:L$39), 0) -> 0 | N39: =IF(N$17 = 1, SUM($F$21:N$21) - SUM($F$39:M$39), 0) -> 0 | ... R39: =IF(R$17 = 1, SUM($F$21:R$21) - SUM($F$39:Q$39), 0) -> 0 | S39: =SUM(F39:R39) -> 1080000
D40: 3rd week of month | F40: =IF($F$18 = 1, $F$21, 0) -> 0 | G40: =IF(G$18 = 1, SUM($F$21:G$21) - SUM($F$40:F$40), 0) -> 0 | H40: =IF(H$18 = 1, SUM($F$21:H$21) - SUM($F$40:G$40), 0) -> 270000 | I40: =IF(I$18 = 1, SUM($F$21:I$21) - SUM($F$40:H$40), 0) -> 0 | J40: =IF(J$18 = 1, SUM($F$21:J$21) - SUM($F$40:I$40), 0) -> 0 | K40: =IF(K$18 = 1, SUM($F$21:K$21) - SUM($F$40:J$40), 0) -> 0 | L40: =IF(L$18 = 1, SUM($F$21:L$21) - SUM($F$40:K$40), 0) -> 0 | M40: =IF(M$18 = 1, SUM($F$21:M$21) - SUM($F$40:L$40), 0) -> 490000 | N40: =IF(N$18 = 1, SUM($F$21:N$21) - SUM($F$40:M$40), 0) -> 0 | ... R40: =IF(R$18 = 1, SUM($F$21:R$21) - SUM($F$40:Q$40), 0) -> 0 | S40: =SUM(F40:R40) -> 1190000
D41: 4th week of month | F41: =IF($F$19 = 1, $F$21, 0) -> 0 | G41: =IF(G$19 = 1, SUM($F$21:G$21) - SUM($F$41:F$41), 0) -> 0 | H41: =IF(H$19 = 1, SUM($F$21:H$21) - SUM($F$41:G$41), 0) -> 0 | I41: =IF(I$19 = 1, SUM($F$21:I$21) - SUM($F$41:H$41), 0) -> 360000 | J41: =IF(J$19 = 1, SUM($F$21:J$21) - SUM($F$41:I$41), 0) -> 0 | K41: =IF(K$19 = 1, SUM($F$21:K$21) - SUM($F$41:J$41), 0) -> 0 | L41: =IF(L$19 = 1, SUM($F$21:L$21) - SUM($F$41:K$41), 0) -> 0 | M41: =IF(M$19 = 1, SUM($F$21:M$21) - SUM($F$41:L$41), 0) -> 0 | N41: =IF(N$19 = 1, SUM($F$21:N$21) - SUM($F$41:M$41), 0) -> 500000 | ... R41: =IF(R$19 = 1, SUM($F$21:R$21) - SUM($F$41:Q$41), 0) -> 440000 | S41: =SUM(F41:R41) -> 1300000
D42: 1st + 3rd week of month | F42: =IF( OR(F$16=1, F$18=1), F$21, 0) -> 90000 | G42: =IF( OR(G$16=1, G$18=1), SUM($F$21:G$21) - SUM($F$42:F$42), 0) -> 0 | H42: =IF( OR(H$16=1, H$18=1), SUM($F$21:H$21) - SUM($F$42:G$42), 0) -> 180000 | I42: =IF( OR(I$16=1, I$18=1), SUM($F$21:I$21) - SUM($F$42:H$42), 0) -> 0 | J42: =IF( OR(J$16=1, J$18=1), SUM($F$21:J$21) - SUM($F$42:I$42), 0) -> 0 | K42: =IF( OR(K$16=1, K$18=1), SUM($F$21:K$21) - SUM($F$42:J$42), 0) -> 290000 | L42: =IF( OR(L$16=1, L$18=1), SUM($F$21:L$21) - SUM($F$42:K$42), 0) -> 0 | M42: =IF( OR(M$16=1, M$18=1), SUM($F$21:M$21) - SUM($F$42:L$42), 0) -> 200000 | N42: =IF( OR(N$16=1, N$18=1), SUM($F$21:N$21) - SUM($F$42:M$42), 0) -> 0 | ... R42: =IF( OR(R$16=1, R$18=1), SUM($F$21:R$21) - SUM($F$42:Q$42), 0) -> 0 | S42: =SUM(F42:R42) -> 1190000
D43: 2nd + 4th week of month | F43: =IF( OR(F$17=1, F$19=1), F$21, 0) -> 0 | G43: =IF( OR(G$17=1, G$19=1), SUM($F$21:G$21) - SUM($F$43:F$43), 0) -> 180000 | H43: =IF( OR(H$17=1, H$19=1), SUM($F$21:H$21) - SUM($F$43:G$43), 0) -> 0 | I43: =IF( OR(I$17=1, I$19=1), SUM($F$21:I$21) - SUM($F$43:H$43), 0) -> 180000 | J43: =IF( OR(J$17=1, J$19=1), SUM($F$21:J$21) - SUM($F$43:I$43), 0) -> 0 | K43: =IF( OR(K$17=1, K$19=1), SUM($F$21:K$21) - SUM($F$43:J$43), 0) -> 0 | L43: =IF( OR(L$17=1, L$19=1), SUM($F$21:L$21) - SUM($F$43:K$43), 0) -> 300000 | M43: =IF( OR(M$17=1, M$19=1), SUM($F$21:M$21) - SUM($F$43:L$43), 0) -> 0 | N43: =IF( OR(N$17=1, N$19=1), SUM($F$21:N$21) - SUM($F$43:M$43), 0) -> 200000 | ... R43: =IF( OR(R$17=1, R$19=1), SUM($F$21:R$21) - SUM($F$43:Q$43), 0) -> 220000 | S43: =SUM(F43:R43) -> 1300000
D44: Manual input | S44: =SUM(F44:R44) -> 0
C46: =C22 -> Services revenue | D46: DSO | F46: =_xlfn.XLOOKUP($D$46, $D$47:$D$56, F47:F56) -> 0 | G46: =_xlfn.XLOOKUP($D$46, $D$47:$D$56, G47:G56) -> 0 | H46: =_xlfn.XLOOKUP($D$46, $D$47:$D$56, H47:H56) -> 0 | I46: =_xlfn.XLOOKUP($D$46, $D$47:$D$56, I47:I56) -> 0 | J46: =_xlfn.XLOOKUP($D$46, $D$47:$D$56, J47:J56) -> 0 | K46: =_xlfn.XLOOKUP($D$46, $D$47:$D$56, K47:K56) -> 0 | L46: =_xlfn.XLOOKUP($D$46, $D$47:$D$56, L47:L56) -> 11000 | M46: =_xlfn.XLOOKUP($D$46, $D$47:$D$56, M47:M56) -> 11000 | ... R46: =_xlfn.XLOOKUP($D$46, $D$47:$D$56, R47:R56) -> 15000 | S46: =SUM(F46:R46) -> 89000
D47: DSO | F47: =_xlfn.XLOOKUP(F$10, $F$30:$R$30, $F$22:$R$22, 0) -> 0 | G47: =_xlfn.XLOOKUP(G$10, $F$30:$R$30, $F$22:$R$22, 0) -> 0 | H47: =_xlfn.XLOOKUP(H$10, $F$30:$R$30, $F$22:$R$22, 0) -> 0 | I47: =_xlfn.XLOOKUP(I$10, $F$30:$R$30, $F$22:$R$22, 0) -> 0 | J47: =_xlfn.XLOOKUP(J$10, $F$30:$R$30, $F$22:$R$22, 0) -> 0 | K47: =_xlfn.XLOOKUP(K$10, $F$30:$R$30, $F$22:$R$22, 0) -> 0 | L47: =_xlfn.XLOOKUP(L$10, $F$30:$R$30, $F$22:$R$22, 0) -> 11000 | M47: =_xlfn.XLOOKUP(M$10, $F$30:$R$30, $F$22:$R$22, 0) -> 11000 | ... R47: =_xlfn.XLOOKUP(R$10, $F$30:$R$30, $F$22:$R$22, 0) -> 15000 | S47: =SUM(F47:R47) -> 89000
D48: EOM | F48: =IF(F$15 = 1, F$22, 0) -> 0 | G48: =IF(G$15 = 1, SUM($F$22:G$22)- SUM($F$48:F$48), 0) -> 0 | H48: =IF(H$15 = 1, SUM($F$22:H$22)- SUM($F$48:G$48), 0) -> 0 | I48: =IF(I$15 = 1, SUM($F$22:I$22)- SUM($F$48:H$48), 0) -> 0 | J48: =IF(J$15 = 1, SUM($F$22:J$22)- SUM($F$48:I$48), 0) -> 59000 | K48: =IF(K$15 = 1, SUM($F$22:K$22)- SUM($F$48:J$48), 0) -> 0 | L48: =IF(L$15 = 1, SUM($F$22:L$22)- SUM($F$48:K$48), 0) -> 0 | M48: =IF(M$15 = 1, SUM($F$22:M$22)- SUM($F$48:L$48), 0) -> 0 | N48: =IF(N$15 = 1, SUM($F$22:N$22)- SUM($F$48:M$48), 0) -> 60000 | ... R48: =IF(R$15 = 1, SUM($F$22:R$22)- SUM($F$48:Q$48), 0) -> 64000 | S48: =SUM(F48:R48) -> 183000
D49: Current week | F49: =F$22 -> 11000 | G49: =G$22 -> 11000 | H49: =H$22 -> 11000 | I49: =I$22 -> 11000 | J49: =J$22 -> 15000 | K49: =K$22 -> 15000 | L49: =L$22 -> 15000 | M49: =M$22 -> 15000 | ... R49: =R$22 -> 16000 | S49: =SUM(F49:R49) -> 183000
D50: 1st week of month | F50: =IF($F$16 = 1, $F$22, 0) -> 11000 | G50: =IF(G$16 = 1, SUM($F$22:G$22) - SUM($F$50:F$50), 0) -> 0 | H50: =IF(H$16 = 1, SUM($F$22:H$22) - SUM($F$50:G$50), 0) -> 0 | I50: =IF(I$16 = 1, SUM($F$22:I$22) - SUM($F$50:H$50), 0) -> 0 | J50: =IF(J$16 = 1, SUM($F$22:J$22) - SUM($F$50:I$50), 0) -> 0 | K50: =IF(K$16 = 1, SUM($F$22:K$22) - SUM($F$50:J$50), 0) -> 63000 | L50: =IF(L$16 = 1, SUM($F$22:L$22) - SUM($F$50:K$50), 0) -> 0 | M50: =IF(M$16 = 1, SUM($F$22:M$22) - SUM($F$50:L$50), 0) -> 0 | N50: =IF(N$16 = 1, SUM($F$22:N$22) - SUM($F$50:M$50), 0) -> 0 | ... R50: =IF(R$16 = 1, SUM($F$22:R$22) - SUM($F$50:Q$50), 0) -> 0 | S50: =SUM(F50:R50) -> 135000
D51: 2nd week of month | F51: =IF($F$17 = 1, $F$22, 0) -> 0 | G51: =IF(G$17 = 1, SUM($F$22:G$22) - SUM($F$51:F$51), 0) -> 22000 | H51: =IF(H$17 = 1, SUM($F$22:H$22) - SUM($F$51:G$51), 0) -> 0 | I51: =IF(I$17 = 1, SUM($F$22:I$22) - SUM($F$51:H$51), 0) -> 0 | J51: =IF(J$17 = 1, SUM($F$22:J$22) - SUM($F$51:I$51), 0) -> 0 | K51: =IF(K$17 = 1, SUM($F$22:K$22) - SUM($F$51:J$51), 0) -> 0 | L51: =IF(L$17 = 1, SUM($F$22:L$22) - SUM($F$51:K$51), 0) -> 67000 | M51: =IF(M$17 = 1, SUM($F$22:M$22) - SUM($F$51:L$51), 0) -> 0 | N51: =IF(N$17 = 1, SUM($F$22:N$22) - SUM($F$51:M$51), 0) -> 0 | ... R51: =IF(R$17 = 1, SUM($F$22:R$22) - SUM($F$51:Q$51), 0) -> 0 | S51: =SUM(F51:R51) -> 151000
D52: 3rd week of month | F52: =IF($F$18 = 1, $F$22, 0) -> 0 | G52: =IF(G$18 = 1, SUM($F$22:G$22) - SUM($F$52:F$52), 0) -> 0 | H52: =IF(H$18 = 1, SUM($F$22:H$22) - SUM($F$52:G$52), 0) -> 33000 | I52: =IF(I$18 = 1, SUM($F$22:I$22) - SUM($F$52:H$52), 0) -> 0 | J52: =IF(J$18 = 1, SUM($F$22:J$22) - SUM($F$52:I$52), 0) -> 0 | K52: =IF(K$18 = 1, SUM($F$22:K$22) - SUM($F$52:J$52), 0) -> 0 | L52: =IF(L$18 = 1, SUM($F$22:L$22) - SUM($F$52:K$52), 0) -> 0 | M52: =IF(M$18 = 1, SUM($F$22:M$22) - SUM($F$52:L$52), 0) -> 71000 | N52: =IF(N$18 = 1, SUM($F$22:N$22) - SUM($F$52:M$52), 0) -> 0 | ... R52: =IF(R$18 = 1, SUM($F$22:R$22) - SUM($F$52:Q$52), 0) -> 0 | S52: =SUM(F52:R52) -> 167000
D53: 4th week of month | F53: =IF($F$19 = 1, $F$22, 0) -> 0 | G53: =IF(G$19 = 1, SUM($F$22:G$22) - SUM($F$53:F$53), 0) -> 0 | H53: =IF(H$19 = 1, SUM($F$22:H$22) - SUM($F$53:G$53), 0) -> 0 | I53: =IF(I$19 = 1, SUM($F$22:I$22) - SUM($F$53:H$53), 0) -> 44000 | J53: =IF(J$19 = 1, SUM($F$22:J$22) - SUM($F$53:I$53), 0) -> 0 | K53: =IF(K$19 = 1, SUM($F$22:K$22) - SUM($F$53:J$53), 0) -> 0 | L53: =IF(L$19 = 1, SUM($F$22:L$22) - SUM($F$53:K$53), 0) -> 0 | M53: =IF(M$19 = 1, SUM($F$22:M$22) - SUM($F$53:L$53), 0) -> 0 | N53: =IF(N$19 = 1, SUM($F$22:N$22) - SUM($F$53:M$53), 0) -> 75000 | ... R53: =IF(R$19 = 1, SUM($F$22:R$22) - SUM($F$53:Q$53), 0) -> 64000 | S53: =SUM(F53:R53) -> 183000
D54: 1st + 3rd week of month | F54: =IF( OR(F$16=1, F$18=1), F$22, 0) -> 11000 | G54: =IF( OR(G$16=1, G$18=1), SUM($F$22:G$22) - SUM($F$54:F$54), 0) -> 0 | H54: =IF( OR(H$16=1, H$18=1), SUM($F$22:H$22) - SUM($F$54:G$54), 0) -> 22000 | I54: =IF( OR(I$16=1, I$18=1), SUM($F$22:I$22) - SUM($F$54:H$54), 0) -> 0 | J54: =IF( OR(J$16=1, J$18=1), SUM($F$22:J$22) - SUM($F$54:I$54), 0) -> 0 | K54: =IF( OR(K$16=1, K$18=1), SUM($F$22:K$22) - SUM($F$54:J$54), 0) -> 41000 | L54: =IF( OR(L$16=1, L$18=1), SUM($F$22:L$22) - SUM($F$54:K$54), 0) -> 0 | M54: =IF( OR(M$16=1, M$18=1), SUM($F$22:M$22) - SUM($F$54:L$54), 0) -> 30000 | N54: =IF( OR(N$16=1, N$18=1), SUM($F$22:N$22) - SUM($F$54:M$54), 0) -> 0 | ... R54: =IF( OR(R$16=1, R$18=1), SUM($F$22:R$22) - SUM($F$54:Q$54), 0) -> 0 | S54: =SUM(F54:R54) -> 167000
D55: 2nd + 4th week of month | F55: =IF( OR(F$17=1, F$19=1), F$22, 0) -> 0 | G55: =IF( OR(G$17=1, G$19=1), SUM($F$22:G$22) - SUM($F$55:F$55), 0) -> 22000 | H55: =IF( OR(H$17=1, H$19=1), SUM($F$22:H$22) - SUM($F$55:G$55), 0) -> 0 | I55: =IF( OR(I$17=1, I$19=1), SUM($F$22:I$22) - SUM($F$55:H$55), 0) -> 22000 | J55: =IF( OR(J$17=1, J$19=1), SUM($F$22:J$22) - SUM($F$55:I$55), 0) -> 0 | K55: =IF( OR(K$17=1, K$19=1), SUM($F$22:K$22) - SUM($F$55:J$55), 0) -> 0 | L55: =IF( OR(L$17=1, L$19=1), SUM($F$22:L$22) - SUM($F$55:K$55), 0) -> 45000 | M55: =IF( OR(M$17=1, M$19=1), SUM($F$22:M$22) - SUM($F$55:L$55), 0) -> 0 | N55: =IF( OR(N$17=1, N$19=1), SUM($F$22:N$22) - SUM($F$55:M$55), 0) -> 30000 | ... R55: =IF( OR(R$17=1, R$19=1), SUM($F$22:R$22) - SUM($F$55:Q$55), 0) -> 32000 | S55: =SUM(F55:R55) -> 183000
D56: Manual input | S56: =SUM(F56:R56) -> 0
C58: =C23 -> Other operating income 1 | D58: DSO | F58: =_xlfn.XLOOKUP($D$58, $D$59:$D$68, F59:F68) -> 0 | G58: =_xlfn.XLOOKUP($D$58, $D$59:$D$68, G59:G68) -> 0 | H58: =_xlfn.XLOOKUP($D$58, $D$59:$D$68, H59:H68) -> 0 | I58: =_xlfn.XLOOKUP($D$58, $D$59:$D$68, I59:I68) -> 0 | J58: =_xlfn.XLOOKUP($D$58, $D$59:$D$68, J59:J68) -> 0 | K58: =_xlfn.XLOOKUP($D$58, $D$59:$D$68, K59:K68) -> 0 | L58: =_xlfn.XLOOKUP($D$58, $D$59:$D$68, L59:L68) -> 2000 | M58: =_xlfn.XLOOKUP($D$58, $D$59:$D$68, M59:M68) -> 2000 | ... R58: =_xlfn.XLOOKUP($D$58, $D$59:$D$68, R59:R68) -> 2000 | S58: =SUM(F58:R58) -> 14000
D59: DSO | F59: =_xlfn.XLOOKUP(F$10, $F$30:$R$30, $F$23:$R$23, 0) -> 0 | G59: =_xlfn.XLOOKUP(G$10, $F$30:$R$30, $F$23:$R$23, 0) -> 0 | H59: =_xlfn.XLOOKUP(H$10, $F$30:$R$30, $F$23:$R$23, 0) -> 0 | I59: =_xlfn.XLOOKUP(I$10, $F$30:$R$30, $F$23:$R$23, 0) -> 0 | J59: =_xlfn.XLOOKUP(J$10, $F$30:$R$30, $F$23:$R$23, 0) -> 0 | K59: =_xlfn.XLOOKUP(K$10, $F$30:$R$30, $F$23:$R$23, 0) -> 0 | L59: =_xlfn.XLOOKUP(L$10, $F$30:$R$30, $F$23:$R$23, 0) -> 2000 | M59: =_xlfn.XLOOKUP(M$10, $F$30:$R$30, $F$23:$R$23, 0) -> 2000 | ... R59: =_xlfn.XLOOKUP(R$10, $F$30:$R$30, $F$23:$R$23, 0) -> 2000 | S59: =SUM(F59:R59) -> 14000
D60: EOM | F60: =IF(F$15 = 1, F$23, 0) -> 0 | G60: =IF(G$15 = 1, SUM($F$23:G$23)- SUM($F$60:F$60), 0) -> 0 | H60: =IF(H$15 = 1, SUM($F$23:H$23)- SUM($F$60:G$60), 0) -> 0 | I60: =IF(I$15 = 1, SUM($F$23:I$23)- SUM($F$60:H$60), 0) -> 0 | J60: =IF(J$15 = 1, SUM($F$23:J$23)- SUM($F$60:I$60), 0) -> 10000 | K60: =IF(K$15 = 1, SUM($F$23:K$23)- SUM($F$60:J$60), 0) -> 0 | L60: =IF(L$15 = 1, SUM($F$23:L$23)- SUM($F$60:K$60), 0) -> 0 | M60: =IF(M$15 = 1, SUM($F$23:M$23)- SUM($F$60:L$60), 0) -> 0 | N60: =IF(N$15 = 1, SUM($F$23:N$23)- SUM($F$60:M$60), 0) -> 8000 | ... R60: =IF(R$15 = 1, SUM($F$23:R$23)- SUM($F$60:Q$60), 0) -> 8000 | S60: =SUM(F60:R60) -> 26000
D61: Current week | F61: =F$23 -> 2000 | G61: =G$23 -> 2000 | H61: =H$23 -> 2000 | I61: =I$23 -> 2000 | J61: =J$23 -> 2000 | K61: =K$23 -> 2000 | L61: =L$23 -> 2000 | M61: =M$23 -> 2000 | ... R61: =R$23 -> 2000 | S61: =SUM(F61:R61) -> 26000
D62: 1st week of month | F62: =IF($F$16 = 1, $F$23, 0) -> 2000 | G62: =IF(G$16 = 1, SUM($F$23:G$23) - SUM($F$62:F$62), 0) -> 0 | H62: =IF(H$16 = 1, SUM($F$23:H$23) - SUM($F$62:G$62), 0) -> 0 | I62: =IF(I$16 = 1, SUM($F$23:I$23) - SUM($F$62:H$62), 0) -> 0 | J62: =IF(J$16 = 1, SUM($F$23:J$23) - SUM($F$62:I$62), 0) -> 0 | K62: =IF(K$16 = 1, SUM($F$23:K$23) - SUM($F$62:J$62), 0) -> 10000 | L62: =IF(L$16 = 1, SUM($F$23:L$23) - SUM($F$62:K$62), 0) -> 0 | M62: =IF(M$16 = 1, SUM($F$23:M$23) - SUM($F$62:L$62), 0) -> 0 | N62: =IF(N$16 = 1, SUM($F$23:N$23) - SUM($F$62:M$62), 0) -> 0 | ... R62: =IF(R$16 = 1, SUM($F$23:R$23) - SUM($F$62:Q$62), 0) -> 0 | S62: =SUM(F62:R62) -> 20000
D63: 2nd week of month | F63: =IF($F$17 = 1, $F$23, 0) -> 0 | G63: =IF(G$17 = 1, SUM($F$23:G$23) - SUM($F$63:F$63), 0) -> 4000 | H63: =IF(H$17 = 1, SUM($F$23:H$23) - SUM($F$63:G$63), 0) -> 0 | I63: =IF(I$17 = 1, SUM($F$23:I$23) - SUM($F$63:H$63), 0) -> 0 | J63: =IF(J$17 = 1, SUM($F$23:J$23) - SUM($F$63:I$63), 0) -> 0 | K63: =IF(K$17 = 1, SUM($F$23:K$23) - SUM($F$63:J$63), 0) -> 0 | L63: =IF(L$17 = 1, SUM($F$23:L$23) - SUM($F$63:K$63), 0) -> 10000 | M63: =IF(M$17 = 1, SUM($F$23:M$23) - SUM($F$63:L$63), 0) -> 0 | N63: =IF(N$17 = 1, SUM($F$23:N$23) - SUM($F$63:M$63), 0) -> 0 | ... R63: =IF(R$17 = 1, SUM($F$23:R$23) - SUM($F$63:Q$63), 0) -> 0 | S63: =SUM(F63:R63) -> 22000
D64: 3rd week of month | F64: =IF($F$18 = 1, $F$23, 0) -> 0 | G64: =IF(G$18 = 1, SUM($F$23:G$23) - SUM($F$64:F$64), 0) -> 0 | H64: =IF(H$18 = 1, SUM($F$23:H$23) - SUM($F$64:G$64), 0) -> 6000 | I64: =IF(I$18 = 1, SUM($F$23:I$23) - SUM($F$64:H$64), 0) -> 0 | J64: =IF(J$18 = 1, SUM($F$23:J$23) - SUM($F$64:I$64), 0) -> 0 | K64: =IF(K$18 = 1, SUM($F$23:K$23) - SUM($F$64:J$64), 0) -> 0 | L64: =IF(L$18 = 1, SUM($F$23:L$23) - SUM($F$64:K$64), 0) -> 0 | M64: =IF(M$18 = 1, SUM($F$23:M$23) - SUM($F$64:L$64), 0) -> 10000 | N64: =IF(N$18 = 1, SUM($F$23:N$23) - SUM($F$64:M$64), 0) -> 0 | ... R64: =IF(R$18 = 1, SUM($F$23:R$23) - SUM($F$64:Q$64), 0) -> 0 | S64: =SUM(F64:R64) -> 24000
D65: 4th week of month | F65: =IF($F$19 = 1, $F$23, 0) -> 0 | G65: =IF(G$19 = 1, SUM($F$23:G$23) - SUM($F$65:F$65), 0) -> 0 | H65: =IF(H$19 = 1, SUM($F$23:H$23) - SUM($F$65:G$65), 0) -> 0 | I65: =IF(I$19 = 1, SUM($F$23:I$23) - SUM($F$65:H$65), 0) -> 8000 | J65: =IF(J$19 = 1, SUM($F$23:J$23) - SUM($F$65:I$65), 0) -> 0 | K65: =IF(K$19 = 1, SUM($F$23:K$23) - SUM($F$65:J$65), 0) -> 0 | L65: =IF(L$19 = 1, SUM($F$23:L$23) - SUM($F$65:K$65), 0) -> 0 | M65: =IF(M$19 = 1, SUM($F$23:M$23) - SUM($F$65:L$65), 0) -> 0 | N65: =IF(N$19 = 1, SUM($F$23:N$23) - SUM($F$65:M$65), 0) -> 10000 | ... R65: =IF(R$19 = 1, SUM($F$23:R$23) - SUM($F$65:Q$65), 0) -> 8000 | S65: =SUM(F65:R65) -> 26000
D66: 1st + 3rd week of month | F66: =IF( OR(F$16=1, F$18=1), F$23, 0) -> 2000 | G66: =IF( OR(G$16=1, G$18=1), SUM($F$23:G$23) - SUM($F$66:F$66), 0) -> 0 | H66: =IF( OR(H$16=1, H$18=1), SUM($F$23:H$23) - SUM($F$66:G$66), 0) -> 4000 | I66: =IF( OR(I$16=1, I$18=1), SUM($F$23:I$23) - SUM($F$66:H$66), 0) -> 0 | J66: =IF( OR(J$16=1, J$18=1), SUM($F$23:J$23) - SUM($F$66:I$66), 0) -> 0 | K66: =IF( OR(K$16=1, K$18=1), SUM($F$23:K$23) - SUM($F$66:J$66), 0) -> 6000 | L66: =IF( OR(L$16=1, L$18=1), SUM($F$23:L$23) - SUM($F$66:K$66), 0) -> 0 | M66: =IF( OR(M$16=1, M$18=1), SUM($F$23:M$23) - SUM($F$66:L$66), 0) -> 4000 | N66: =IF( OR(N$16=1, N$18=1), SUM($F$23:N$23) - SUM($F$66:M$66), 0) -> 0 | ... R66: =IF( OR(R$16=1, R$18=1), SUM($F$23:R$23) - SUM($F$66:Q$66), 0) -> 0 | S66: =SUM(F66:R66) -> 24000
D67: 2nd + 4th week of month | F67: =IF( OR(F$17=1, F$19=1), F$23, 0) -> 0 | G67: =IF( OR(G$17=1, G$19=1), SUM($F$23:G$23) - SUM($F$67:F$67), 0) -> 4000 | H67: =IF( OR(H$17=1, H$19=1), SUM($F$23:H$23) - SUM($F$67:G$67), 0) -> 0 | I67: =IF( OR(I$17=1, I$19=1), SUM($F$23:I$23) - SUM($F$67:H$67), 0) -> 4000 | J67: =IF( OR(J$17=1, J$19=1), SUM($F$23:J$23) - SUM($F$67:I$67), 0) -> 0 | K67: =IF( OR(K$17=1, K$19=1), SUM($F$23:K$23) - SUM($F$67:J$67), 0) -> 0 | L67: =IF( OR(L$17=1, L$19=1), SUM($F$23:L$23) - SUM($F$67:K$67), 0) -> 6000 | M67: =IF( OR(M$17=1, M$19=1), SUM($F$23:M$23) - SUM($F$67:L$67), 0) -> 0 | N67: =IF( OR(N$17=1, N$19=1), SUM($F$23:N$23) - SUM($F$67:M$67), 0) -> 4000 | ... R67: =IF( OR(R$17=1, R$19=1), SUM($F$23:R$23) - SUM($F$67:Q$67), 0) -> 4000 | S67: =SUM(F67:R67) -> 26000
D68: Manual input | S68: =SUM(F68:R68) -> 0
C70: =C24 -> Other operating income 2 | D70: DSO | F70: =_xlfn.XLOOKUP($D$70, $D$71:$D$80, F71:F80) -> 0 | G70: =_xlfn.XLOOKUP($D$70, $D$71:$D$80, G71:G80) -> 0 | H70: =_xlfn.XLOOKUP($D$70, $D$71:$D$80, H71:H80) -> 0 | I70: =_xlfn.XLOOKUP($D$70, $D$71:$D$80, I71:I80) -> 0 | J70: =_xlfn.XLOOKUP($D$70, $D$71:$D$80, J71:J80) -> 0 | K70: =_xlfn.XLOOKUP($D$70, $D$71:$D$80, K71:K80) -> 0 | L70: =_xlfn.XLOOKUP($D$70, $D$71:$D$80, L71:L80) -> 0 | M70: =_xlfn.XLOOKUP($D$70, $D$71:$D$80, M71:M80) -> 0 | ... R70: =_xlfn.XLOOKUP($D$70, $D$71:$D$80, R71:R80) -> 0 | S70: =SUM(F70:R70) -> 0
D71: DSO | F71: =_xlfn.XLOOKUP(F$10, $F$30:$R$30, $F$24:$R$24, 0) -> 0 | G71: =_xlfn.XLOOKUP(G$10, $F$30:$R$30, $F$24:$R$24, 0) -> 0 | H71: =_xlfn.XLOOKUP(H$10, $F$30:$R$30, $F$24:$R$24, 0) -> 0 | I71: =_xlfn.XLOOKUP(I$10, $F$30:$R$30, $F$24:$R$24, 0) -> 0 | J71: =_xlfn.XLOOKUP(J$10, $F$30:$R$30, $F$24:$R$24, 0) -> 0 | K71: =_xlfn.XLOOKUP(K$10, $F$30:$R$30, $F$24:$R$24, 0) -> 0 | L71: =_xlfn.XLOOKUP(L$10, $F$30:$R$30, $F$24:$R$24, 0) -> 0 | M71: =_xlfn.XLOOKUP(M$10, $F$30:$R$30, $F$24:$R$24, 0) -> 0 | ... R71: =_xlfn.XLOOKUP(R$10, $F$30:$R$30, $F$24:$R$24, 0) -> 0 | S71: =SUM(F71:R71) -> 0
D72: EOM | F72: =IF(F$15 = 1, F$24, 0) -> 0 | G72: =IF(G$15 = 1, SUM($F$24:G$24)- SUM($F$72:F$72), 0) -> 0 | H72: =IF(H$15 = 1, SUM($F$24:H$24)- SUM($F$72:G$72), 0) -> 0 | I72: =IF(I$15 = 1, SUM($F$24:I$24)- SUM($F$72:H$72), 0) -> 0 | J72: =IF(J$15 = 1, SUM($F$24:J$24)- SUM($F$72:I$72), 0) -> 0 | K72: =IF(K$15 = 1, SUM($F$24:K$24)- SUM($F$72:J$72), 0) -> 0 | L72: =IF(L$15 = 1, SUM($F$24:L$24)- SUM($F$72:K$72), 0) -> 0 | M72: =IF(M$15 = 1, SUM($F$24:M$24)- SUM($F$72:L$72), 0) -> 0 | N72: =IF(N$15 = 1, SUM($F$24:N$24)- SUM($F$72:M$72), 0) -> 0 | ... R72: =IF(R$15 = 1, SUM($F$24:R$24)- SUM($F$72:Q$72), 0) -> 0 | S72: =SUM(F72:R72) -> 0
D73: Current week | F73: =F$24 -> 0 | G73: =G$24 -> 0 | H73: =H$24 -> 0 | I73: =I$24 -> 0 | J73: =J$24 -> 0 | K73: =K$24 -> 0 | L73: =L$24 -> 0 | M73: =M$24 -> 0 | ... R73: =R$24 -> 0 | S73: =SUM(F73:R73) -> 0
D74: 1st week of month | F74: =IF($F$16 = 1, $F$24, 0) -> 0 | G74: =IF(G$16 = 1, SUM($F$24:G$24) - SUM($F$74:F$74), 0) -> 0 | H74: =IF(H$16 = 1, SUM($F$24:H$24) - SUM($F$74:G$74), 0) -> 0 | I74: =IF(I$16 = 1, SUM($F$24:I$24) - SUM($F$74:H$74), 0) -> 0 | J74: =IF(J$16 = 1, SUM($F$24:J$24) - SUM($F$74:I$74), 0) -> 0 | K74: =IF(K$16 = 1, SUM($F$24:K$24) - SUM($F$74:J$74), 0) -> 0 | L74: =IF(L$16 = 1, SUM($F$24:L$24) - SUM($F$74:K$74), 0) -> 0 | M74: =IF(M$16 = 1, SUM($F$24:M$24) - SUM($F$74:L$74), 0) -> 0 | N74: =IF(N$16 = 1, SUM($F$24:N$24) - SUM($F$74:M$74), 0) -> 0 | ... R74: =IF(R$16 = 1, SUM($F$24:R$24) - SUM($F$74:Q$74), 0) -> 0 | S74: =SUM(F74:R74) -> 0
D75: 2nd week of month | F75: =IF($F$17 = 1, $F$24, 0) -> 0 | G75: =IF(G$17 = 1, SUM($F$24:G$24) - SUM($F$75:F$75), 0) -> 0 | H75: =IF(H$17 = 1, SUM($F$24:H$24) - SUM($F$75:G$75), 0) -> 0 | I75: =IF(I$17 = 1, SUM($F$24:I$24) - SUM($F$75:H$75), 0) -> 0 | J75: =IF(J$17 = 1, SUM($F$24:J$24) - SUM($F$75:I$75), 0) -> 0 | K75: =IF(K$17 = 1, SUM($F$24:K$24) - SUM($F$75:J$75), 0) -> 0 | L75: =IF(L$17 = 1, SUM($F$24:L$24) - SUM($F$75:K$75), 0) -> 0 | M75: =IF(M$17 = 1, SUM($F$24:M$24) - SUM($F$75:L$75), 0) -> 0 | N75: =IF(N$17 = 1, SUM($F$24:N$24) - SUM($F$75:M$75), 0) -> 0 | ... R75: =IF(R$17 = 1, SUM($F$24:R$24) - SUM($F$75:Q$75), 0) -> 0 | S75: =SUM(F75:R75) -> 0
D76: 3rd week of month | F76: =IF($F$18 = 1, $F$24, 0) -> 0 | G76: =IF(G$18 = 1, SUM($F$24:G$24) - SUM($F$76:F$76), 0) -> 0 | H76: =IF(H$18 = 1, SUM($F$24:H$24) - SUM($F$76:G$76), 0) -> 0 | I76: =IF(I$18 = 1, SUM($F$24:I$24) - SUM($F$76:H$76), 0) -> 0 | J76: =IF(J$18 = 1, SUM($F$24:J$24) - SUM($F$76:I$76), 0) -> 0 | K76: =IF(K$18 = 1, SUM($F$24:K$24) - SUM($F$76:J$76), 0) -> 0 | L76: =IF(L$18 = 1, SUM($F$24:L$24) - SUM($F$76:K$76), 0) -> 0 | M76: =IF(M$18 = 1, SUM($F$24:M$24) - SUM($F$76:L$76), 0) -> 0 | N76: =IF(N$18 = 1, SUM($F$24:N$24) - SUM($F$76:M$76), 0) -> 0 | ... R76: =IF(R$18 = 1, SUM($F$24:R$24) - SUM($F$76:Q$76), 0) -> 0 | S76: =SUM(F76:R76) -> 0
D77: 4th week of month | F77: =IF($F$19 = 1, $F$24, 0) -> 0 | G77: =IF(G$19 = 1, SUM($F$24:G$24) - SUM($F$77:F$77), 0) -> 0 | H77: =IF(H$19 = 1, SUM($F$24:H$24) - SUM($F$77:G$77), 0) -> 0 | I77: =IF(I$19 = 1, SUM($F$24:I$24) - SUM($F$77:H$77), 0) -> 0 | J77: =IF(J$19 = 1, SUM($F$24:J$24) - SUM($F$77:I$77), 0) -> 0 | K77: =IF(K$19 = 1, SUM($F$24:K$24) - SUM($F$77:J$77), 0) -> 0 | L77: =IF(L$19 = 1, SUM($F$24:L$24) - SUM($F$77:K$77), 0) -> 0 | M77: =IF(M$19 = 1, SUM($F$24:M$24) - SUM($F$77:L$77), 0) -> 0 | N77: =IF(N$19 = 1, SUM($F$24:N$24) - SUM($F$77:M$77), 0) -> 0 | ... R77: =IF(R$19 = 1, SUM($F$24:R$24) - SUM($F$77:Q$77), 0) -> 0 | S77: =SUM(F77:R77) -> 0
D78: 1st + 3rd week of month | F78: =IF( OR(F$16=1, F$18=1), F$24, 0) -> 0 | G78: =IF( OR(G$16=1, G$18=1), SUM($F$24:G$24) - SUM($F$78:F$78), 0) -> 0 | H78: =IF( OR(H$16=1, H$18=1), SUM($F$24:H$24) - SUM($F$78:G$78), 0) -> 0 | I78: =IF( OR(I$16=1, I$18=1), SUM($F$24:I$24) - SUM($F$78:H$78), 0) -> 0 | J78: =IF( OR(J$16=1, J$18=1), SUM($F$24:J$24) - SUM($F$78:I$78), 0) -> 0 | K78: =IF( OR(K$16=1, K$18=1), SUM($F$24:K$24) - SUM($F$78:J$78), 0) -> 0 | L78: =IF( OR(L$16=1, L$18=1), SUM($F$24:L$24) - SUM($F$78:K$78), 0) -> 0 | M78: =IF( OR(M$16=1, M$18=1), SUM($F$24:M$24) - SUM($F$78:L$78), 0) -> 0 | N78: =IF( OR(N$16=1, N$18=1), SUM($F$24:N$24) - SUM($F$78:M$78), 0) -> 0 | ... R78: =IF( OR(R$16=1, R$18=1), SUM($F$24:R$24) - SUM($F$78:Q$78), 0) -> 0 | S78: =SUM(F78:R78) -> 0
D79: 2nd + 4th week of month | F79: =IF( OR(F$17=1, F$19=1), F$24, 0) -> 0 | G79: =IF( OR(G$17=1, G$19=1), SUM($F$24:G$24) - SUM($F$79:F$79), 0) -> 0 | H79: =IF( OR(H$17=1, H$19=1), SUM($F$24:H$24) - SUM($F$79:G$79), 0) -> 0 | I79: =IF( OR(I$17=1, I$19=1), SUM($F$24:I$24) - SUM($F$79:H$79), 0) -> 0 | J79: =IF( OR(J$17=1, J$19=1), SUM($F$24:J$24) - SUM($F$79:I$79), 0) -> 0 | K79: =IF( OR(K$17=1, K$19=1), SUM($F$24:K$24) - SUM($F$79:J$79), 0) -> 0 | L79: =IF( OR(L$17=1, L$19=1), SUM($F$24:L$24) - SUM($F$79:K$79), 0) -> 0 | M79: =IF( OR(M$17=1, M$19=1), SUM($F$24:M$24) - SUM($F$79:L$79), 0) -> 0 | N79: =IF( OR(N$17=1, N$19=1), SUM($F$24:N$24) - SUM($F$79:M$79), 0) -> 0 | ... R79: =IF( OR(R$17=1, R$19=1), SUM($F$24:R$24) - SUM($F$79:Q$79), 0) -> 0 | S79: =SUM(F79:R79) -> 0
D80: Manual input | S80: =SUM(F80:R80) -> 0
C82: =C25 -> Other operating income 3 | D82: DSO | F82: =_xlfn.XLOOKUP($D$82, $D$83:$D$92, F83:F92) -> 0 | G82: =_xlfn.XLOOKUP($D$82, $D$83:$D$92, G83:G92) -> 0 | H82: =_xlfn.XLOOKUP($D$82, $D$83:$D$92, H83:H92) -> 0 | I82: =_xlfn.XLOOKUP($D$82, $D$83:$D$92, I83:I92) -> 0 | J82: =_xlfn.XLOOKUP($D$82, $D$83:$D$92, J83:J92) -> 0 | K82: =_xlfn.XLOOKUP($D$82, $D$83:$D$92, K83:K92) -> 0 | L82: =_xlfn.XLOOKUP($D$82, $D$83:$D$92, L83:L92) -> 0 | M82: =_xlfn.XLOOKUP($D$82, $D$83:$D$92, M83:M92) -> 0 | ... R82: =_xlfn.XLOOKUP($D$82, $D$83:$D$92, R83:R92) -> 0 | S82: =SUM(F82:R82) -> 0
D83: DSO | F83: =_xlfn.XLOOKUP(F$10, $F$30:$R$30, $F$25:$R$25, 0) -> 0 | G83: =_xlfn.XLOOKUP(G$10, $F$30:$R$30, $F$25:$R$25, 0) -> 0 | H83: =_xlfn.XLOOKUP(H$10, $F$30:$R$30, $F$25:$R$25, 0) -> 0 | I83: =_xlfn.XLOOKUP(I$10, $F$30:$R$30, $F$25:$R$25, 0) -> 0 | J83: =_xlfn.XLOOKUP(J$10, $F$30:$R$30, $F$25:$R$25, 0) -> 0 | K83: =_xlfn.XLOOKUP(K$10, $F$30:$R$30, $F$25:$R$25, 0) -> 0 | L83: =_xlfn.XLOOKUP(L$10, $F$30:$R$30, $F$25:$R$25, 0) -> 0 | M83: =_xlfn.XLOOKUP(M$10, $F$30:$R$30, $F$25:$R$25, 0) -> 0 | ... R83: =_xlfn.XLOOKUP(R$10, $F$30:$R$30, $F$25:$R$25, 0) -> 0 | S83: =SUM(F83:R83) -> 0
D84: EOM | F84: =IF(F$15 = 1, F$25, 0) -> 0 | G84: =IF(G$15 = 1, SUM($F$25:G$25)- SUM($F$84:F$84), 0) -> 0 | H84: =IF(H$15 = 1, SUM($F$25:H$25)- SUM($F$84:G$84), 0) -> 0 | I84: =IF(I$15 = 1, SUM($F$25:I$25)- SUM($F$84:H$84), 0) -> 0 | J84: =IF(J$15 = 1, SUM($F$25:J$25)- SUM($F$84:I$84), 0) -> 0 | K84: =IF(K$15 = 1, SUM($F$25:K$25)- SUM($F$84:J$84), 0) -> 0 | L84: =IF(L$15 = 1, SUM($F$25:L$25)- SUM($F$84:K$84), 0) -> 0 | M84: =IF(M$15 = 1, SUM($F$25:M$25)- SUM($F$84:L$84), 0) -> 0 | N84: =IF(N$15 = 1, SUM($F$25:N$25)- SUM($F$84:M$84), 0) -> 0 | ... R84: =IF(R$15 = 1, SUM($F$25:R$25)- SUM($F$84:Q$84), 0) -> 0 | S84: =SUM(F84:R84) -> 0
D85: Current week | F85: =F$25 -> 0 | G85: =G$25 -> 0 | H85: =H$25 -> 0 | I85: =I$25 -> 0 | J85: =J$25 -> 0 | K85: =K$25 -> 0 | L85: =L$25 -> 0 | M85: =M$25 -> 0 | ... R85: =R$25 -> 0 | S85: =SUM(F85:R85) -> 0
D86: 1st week of month | F86: =IF($F$16 = 1, $F$25, 0) -> 0 | G86: =IF(G$16 = 1, SUM($F$25:G$25) - SUM($F$86:F$86), 0) -> 0 | H86: =IF(H$16 = 1, SUM($F$25:H$25) - SUM($F$86:G$86), 0) -> 0 | I86: =IF(I$16 = 1, SUM($F$25:I$25) - SUM($F$86:H$86), 0) -> 0 | J86: =IF(J$16 = 1, SUM($F$25:J$25) - SUM($F$86:I$86), 0) -> 0 | K86: =IF(K$16 = 1, SUM($F$25:K$25) - SUM($F$86:J$86), 0) -> 0 | L86: =IF(L$16 = 1, SUM($F$25:L$25) - SUM($F$86:K$86), 0) -> 0 | M86: =IF(M$16 = 1, SUM($F$25:M$25) - SUM($F$86:L$86), 0) -> 0 | N86: =IF(N$16 = 1, SUM($F$25:N$25) - SUM($F$86:M$86), 0) -> 0 | ... R86: =IF(R$16 = 1, SUM($F$25:R$25) - SUM($F$86:Q$86), 0) -> 0 | S86: =SUM(F86:R86) -> 0
D87: 2nd week of month | F87: =IF($F$17 = 1, $F$25, 0) -> 0 | G87: =IF(G$17 = 1, SUM($F$25:G$25) - SUM($F$87:F$87), 0) -> 0 | H87: =IF(H$17 = 1, SUM($F$25:H$25) - SUM($F$87:G$87), 0) -> 0 | I87: =IF(I$17 = 1, SUM($F$25:I$25) - SUM($F$87:H$87), 0) -> 0 | J87: =IF(J$17 = 1, SUM($F$25:J$25) - SUM($F$87:I$87), 0) -> 0 | K87: =IF(K$17 = 1, SUM($F$25:K$25) - SUM($F$87:J$87), 0) -> 0 | L87: =IF(L$17 = 1, SUM($F$25:L$25) - SUM($F$87:K$87), 0) -> 0 | M87: =IF(M$17 = 1, SUM($F$25:M$25) - SUM($F$87:L$87), 0) -> 0 | N87: =IF(N$17 = 1, SUM($F$25:N$25) - SUM($F$87:M$87), 0) -> 0 | ... R87: =IF(R$17 = 1, SUM($F$25:R$25) - SUM($F$87:Q$87), 0) -> 0 | S87: =SUM(F87:R87) -> 0
D88: 3rd week of month | F88: =IF($F$18 = 1, $F$25, 0) -> 0 | G88: =IF(G$18 = 1, SUM($F$25:G$25) - SUM($F$88:F$88), 0) -> 0 | H88: =IF(H$18 = 1, SUM($F$25:H$25) - SUM($F$88:G$88), 0) -> 0 | I88: =IF(I$18 = 1, SUM($F$25:I$25) - SUM($F$88:H$88), 0) -> 0 | J88: =IF(J$18 = 1, SUM($F$25:J$25) - SUM($F$88:I$88), 0) -> 0 | K88: =IF(K$18 = 1, SUM($F$25:K$25) - SUM($F$88:J$88), 0) -> 0 | L88: =IF(L$18 = 1, SUM($F$25:L$25) - SUM($F$88:K$88), 0) -> 0 | M88: =IF(M$18 = 1, SUM($F$25:M$25) - SUM($F$88:L$88), 0) -> 0 | N88: =IF(N$18 = 1, SUM($F$25:N$25) - SUM($F$88:M$88), 0) -> 0 | ... R88: =IF(R$18 = 1, SUM($F$25:R$25) - SUM($F$88:Q$88), 0) -> 0 | S88: =SUM(F88:R88) -> 0
D89: 4th week of month | F89: =IF($F$19 = 1, $F$25, 0) -> 0 | G89: =IF(G$19 = 1, SUM($F$25:G$25) - SUM($F$89:F$89), 0) -> 0 | H89: =IF(H$19 = 1, SUM($F$25:H$25) - SUM($F$89:G$89), 0) -> 0 | I89: =IF(I$19 = 1, SUM($F$25:I$25) - SUM($F$89:H$89), 0) -> 0 | J89: =IF(J$19 = 1, SUM($F$25:J$25) - SUM($F$89:I$89), 0) -> 0 | K89: =IF(K$19 = 1, SUM($F$25:K$25) - SUM($F$89:J$89), 0) -> 0 | L89: =IF(L$19 = 1, SUM($F$25:L$25) - SUM($F$89:K$89), 0) -> 0 | M89: =IF(M$19 = 1, SUM($F$25:M$25) - SUM($F$89:L$89), 0) -> 0 | N89: =IF(N$19 = 1, SUM($F$25:N$25) - SUM($F$89:M$89), 0) -> 0 | ... R89: =IF(R$19 = 1, SUM($F$25:R$25) - SUM($F$89:Q$89), 0) -> 0 | S89: =SUM(F89:R89) -> 0
D90: 1st + 3rd week of month | F90: =IF( OR(F$16=1, F$18=1), F$25, 0) -> 0 | G90: =IF( OR(G$16=1, G$18=1), SUM($F$25:G$25) - SUM($F$90:F$90), 0) -> 0 | H90: =IF( OR(H$16=1, H$18=1), SUM($F$25:H$25) - SUM($F$90:G$90), 0) -> 0 | I90: =IF( OR(I$16=1, I$18=1), SUM($F$25:I$25) - SUM($F$90:H$90), 0) -> 0 | J90: =IF( OR(J$16=1, J$18=1), SUM($F$25:J$25) - SUM($F$90:I$90), 0) -> 0 | K90: =IF( OR(K$16=1, K$18=1), SUM($F$25:K$25) - SUM($F$90:J$90), 0) -> 0 | L90: =IF( OR(L$16=1, L$18=1), SUM($F$25:L$25) - SUM($F$90:K$90), 0) -> 0 | M90: =IF( OR(M$16=1, M$18=1), SUM($F$25:M$25) - SUM($F$90:L$90), 0) -> 0 | N90: =IF( OR(N$16=1, N$18=1), SUM($F$25:N$25) - SUM($F$90:M$90), 0) -> 0 | ... R90: =IF( OR(R$16=1, R$18=1), SUM($F$25:R$25) - SUM($F$90:Q$90), 0) -> 0 | S90: =SUM(F90:R90) -> 0
D91: 2nd + 4th week of month | F91: =IF( OR(F$17=1, F$19=1), F$25, 0) -> 0 | G91: =IF( OR(G$17=1, G$19=1), SUM($F$25:G$25) - SUM($F$91:F$91), 0) -> 0 | H91: =IF( OR(H$17=1, H$19=1), SUM($F$25:H$25) - SUM($F$91:G$91), 0) -> 0 | I91: =IF( OR(I$17=1, I$19=1), SUM($F$25:I$25) - SUM($F$91:H$91), 0) -> 0 | J91: =IF( OR(J$17=1, J$19=1), SUM($F$25:J$25) - SUM($F$91:I$91), 0) -> 0 | K91: =IF( OR(K$17=1, K$19=1), SUM($F$25:K$25) - SUM($F$91:J$91), 0) -> 0 | L91: =IF( OR(L$17=1, L$19=1), SUM($F$25:L$25) - SUM($F$91:K$91), 0) -> 0 | M91: =IF( OR(M$17=1, M$19=1), SUM($F$25:M$25) - SUM($F$91:L$91), 0) -> 0 | N91: =IF( OR(N$17=1, N$19=1), SUM($F$25:N$25) - SUM($F$91:M$91), 0) -> 0 | ... R91: =IF( OR(R$17=1, R$19=1), SUM($F$25:R$25) - SUM($F$91:Q$91), 0) -> 0 | S91: =SUM(F91:R91) -> 0
D92: Manual input | S92: =SUM(F92:R92) -> 0

Sheet New purchases
B2: 13WEEKS | CashflowFree | 13 week cashflow forecast template | S2: Home
B3: New purchases cash timing
C7: Week commencing date >> | F7: ='13W CFF'!$G$7 -> 46237 | G7: =F8+1 -> 46244 | H7: =G8+1 -> 46251 | I7: =H8+1 -> 46258 | J7: =I8+1 -> 46265 | K7: =J8+1 -> 46272 | L7: =K8+1 -> 46279 | M7: =L8+1 -> 46286 | N7: =M8+1 -> 46293 | ... R7: =Q8+1 -> 46321
C8: Week ending date >> | F8: =F7+6 -> 46243 | G8: =G7+6 -> 46250 | H8: =H7+6 -> 46257 | I8: =I7+6 -> 46264 | J8: =J7+6 -> 46271 | K8: =K7+6 -> 46278 | L8: =L7+6 -> 46285 | M8: =M7+6 -> 46292 | ... R8: =R7+6 -> 46327
C9: Week number >> | F9: 1 | G9: 2 | H9: 3 | I9: 4 | J9: 5 | K9: 6 | L9: 7 | M9: 8 | N9: 9 | O9: 10 | P9: 11 | Q9: 12 | R9: 13
C10: Calendar week >> | F10: =WEEKNUM(F7, 21) -> 32 | G10: =WEEKNUM(G7, 21) -> 33 | H10: =WEEKNUM(H7, 21) -> 34 | I10: =WEEKNUM(I7, 21) -> 35 | J10: =WEEKNUM(J7, 21) -> 36 | K10: =WEEKNUM(K7, 21) -> 37 | L10: =WEEKNUM(L7, 21) -> 38 | M10: =WEEKNUM(M7, 21) -> 39 | ... R10: =WEEKNUM(R7, 21) -> 44
C11: Year >> | F11: =YEAR(F7) -> 2026 | G11: =YEAR(G7) -> 2026 | H11: =YEAR(H7) -> 2026 | I11: =YEAR(I7) -> 2026 | J11: =YEAR(J7) -> 2026 | K11: =YEAR(K7) -> 2026 | L11: =YEAR(L7) -> 2026 | M11: =YEAR(M7) -> 2026 | ... R11: =YEAR(R7) -> 2026
C12: Actuals / Forecast>> | F12: Forecast | G12: Forecast | H12: Forecast | I12: Forecast | J12: Forecast | K12: Forecast | L12: Forecast | M12: Forecast | N12: Forecast | O12: Forecast | P12: Forecast | Q12: Forecast | R12: Forecast | S12: Total
C14: EOM | F14: =EOMONTH(F7,0) -> 46265 | G14: =EOMONTH(G7,0) -> 46265 | H14: =EOMONTH(H7,0) -> 46265 | I14: =EOMONTH(I7,0) -> 46265 | J14: =EOMONTH(J7,0) -> 46265 | K14: =EOMONTH(K7,0) -> 46295 | L14: =EOMONTH(L7,0) -> 46295 | M14: =EOMONTH(M7,0) -> 46295 | ... R14: =EOMONTH(R7,0) -> 46326
C15: EOM flag | F15: =IF( AND( F14 >=F7, F14 <=F8), 1, 0) -> 0 | G15: =IF( AND( G14 >=G7, G14 <=G8), 1, 0) -> 0 | H15: =IF( AND( H14 >=H7, H14 <=H8), 1, 0) -> 0 | I15: =IF( AND( I14 >=I7, I14 <=I8), 1, 0) -> 0 | J15: =IF( AND( J14 >=J7, J14 <=J8), 1, 0) -> 1 | K15: =IF( AND( K14 >=K7, K14 <=K8), 1, 0) -> 0 | L15: =IF( AND( L14 >=L7, L14 <=L8), 1, 0) -> 0 | M15: =IF( AND( M14 >=M7, M14 <=M8), 1, 0) -> 0 | ... R15: =IF( AND( R14 >=R7, R14 <=R8), 1, 0) -> 1
C16: First week flag | F16: =IF( AND(DAY(F7)>=1, DAY(F7)<=7), 1, 0) -> 1 | G16: =IF( AND(DAY(G7)>=1, DAY(G7)<=7), 1, 0) -> 0 | H16: =IF( AND(DAY(H7)>=1, DAY(H7)<=7), 1, 0) -> 0 | I16: =IF( AND(DAY(I7)>=1, DAY(I7)<=7), 1, 0) -> 0 | J16: =IF( AND(DAY(J7)>=1, DAY(J7)<=7), 1, 0) -> 0 | K16: =IF( AND(DAY(K7)>=1, DAY(K7)<=7), 1, 0) -> 1 | L16: =IF( AND(DAY(L7)>=1, DAY(L7)<=7), 1, 0) -> 0 | M16: =IF( AND(DAY(M7)>=1, DAY(M7)<=7), 1, 0) -> 0 | ... R16: =IF( AND(DAY(R7)>=1, DAY(R7)<=7), 1, 0) -> 0
C17: Second week flag | F17: =IF( AND(DAY(F7)>=8, DAY(F7)<=14), 1, 0) -> 0 | G17: =IF( AND(DAY(G7)>=8, DAY(G7)<=14), 1, 0) -> 1 | H17: =IF( AND(DAY(H7)>=8, DAY(H7)<=14), 1, 0) -> 0 | I17: =IF( AND(DAY(I7)>=8, DAY(I7)<=14), 1, 0) -> 0 | J17: =IF( AND(DAY(J7)>=8, DAY(J7)<=14), 1, 0) -> 0 | K17: =IF( AND(DAY(K7)>=8, DAY(K7)<=14), 1, 0) -> 0 | L17: =IF( AND(DAY(L7)>=8, DAY(L7)<=14), 1, 0) -> 1 | M17: =IF( AND(DAY(M7)>=8, DAY(M7)<=14), 1, 0) -> 0 | ... R17: =IF( AND(DAY(R7)>=8, DAY(R7)<=14), 1, 0) -> 0
C18: Third week flag | F18: =IF( AND(DAY(F7)>=15, DAY(F7)<=21), 1, 0) -> 0 | G18: =IF( AND(DAY(G7)>=15, DAY(G7)<=21), 1, 0) -> 0 | H18: =IF( AND(DAY(H7)>=15, DAY(H7)<=21), 1, 0) -> 1 | I18: =IF( AND(DAY(I7)>=15, DAY(I7)<=21), 1, 0) -> 0 | J18: =IF( AND(DAY(J7)>=15, DAY(J7)<=21), 1, 0) -> 0 | K18: =IF( AND(DAY(K7)>=15, DAY(K7)<=21), 1, 0) -> 0 | L18: =IF( AND(DAY(L7)>=15, DAY(L7)<=21), 1, 0) -> 0 | M18: =IF( AND(DAY(M7)>=15, DAY(M7)<=21), 1, 0) -> 1 | ... R18: =IF( AND(DAY(R7)>=15, DAY(R7)<=21), 1, 0) -> 0
C19: Fourth week flag | F19: =IF( AND(DAY(F7)>=22, DAY(F7)<=28), 1, 0) -> 0 | G19: =IF( AND(DAY(G7)>=22, DAY(G7)<=28), 1, 0) -> 0 | H19: =IF( AND(DAY(H7)>=22, DAY(H7)<=28), 1, 0) -> 0 | I19: =IF( AND(DAY(I7)>=22, DAY(I7)<=28), 1, 0) -> 1 | J19: =IF( AND(DAY(J7)>=22, DAY(J7)<=28), 1, 0) -> 0 | K19: =IF( AND(DAY(K7)>=22, DAY(K7)<=28), 1, 0) -> 0 | L19: =IF( AND(DAY(L7)>=22, DAY(L7)<=28), 1, 0) -> 0 | M19: =IF( AND(DAY(M7)>=22, DAY(M7)<=28), 1, 0) -> 0 | ... R19: =IF( AND(DAY(R7)>=22, DAY(R7)<=28), 1, 0) -> 1
C21: Average Days Payable Outstanding (DPO) | F21: 30 | G21: 30 | H21: 30 | I21: 30 | J21: 30 | K21: 30 | L21: 30 | M21: 30 | N21: 30 | O21: 30 | P21: 30 | Q21: 30 | R21: 30
C22: Payyment weeks | F22: =ROUND(F21 / 7, 0) -> 4 | G22: =ROUND(G21 / 7, 0) -> 4 | H22: =ROUND(H21 / 7, 0) -> 4 | I22: =ROUND(I21 / 7, 0) -> 4 | J22: =ROUND(J21 / 7, 0) -> 4 | K22: =ROUND(K21 / 7, 0) -> 4 | L22: =ROUND(L21 / 7, 0) -> 4 | M22: =ROUND(M21 / 7, 0) -> 4 | ... R22: =ROUND(R21 / 7, 0) -> 4
C23: Payment calendar week no. | F23: =F10 + F22 -> 36 | G23: =G10 + G22 -> 37 | H23: =H10 + H22 -> 38 | I23: =I10 + I22 -> 39 | J23: =J10 + J22 -> 40 | K23: =K10 + K22 -> 41 | L23: =L10 + L22 -> 42 | M23: =M10 + M22 -> 43 | ... R23: =R10 + R22 -> 48
C26: COGS
C28: New sales | F28: ='New sales'!F26 -> 103000 | G28: ='New sales'!G26 -> 103000 | H28: ='New sales'!H26 -> 103000 | I28: ='New sales'!I26 -> 103000 | J28: ='New sales'!J26 -> 117000 | K28: ='New sales'!K26 -> 117000 | L28: ='New sales'!L26 -> 117000 | M28: ='New sales'!M26 -> 117000 | ... R28: ='New sales'!R26 -> 128000 | S28: =SUM(F28:R28) -> 1509000
C30: COGS category | D30: As % of sales
C31: ='Category lookups'!G8 -> Material purchases | D31: 0.2 | F31: =-F$28 * $D31 -> -20600 | G31: =-G$28 * $D31 -> -20600 | H31: =-H$28 * $D31 -> -20600 | I31: =-I$28 * $D31 -> -20600 | J31: =-J$28 * $D31 -> -23400 | K31: =-K$28 * $D31 -> -23400 | L31: =-L$28 * $D31 -> -23400 | M31: =-M$28 * $D31 -> -23400 | ... R31: =-R$28 * $D31 -> -25600 | S31: =SUM(F31:R31) -> -301800
C32: ='Category lookups'!G9 -> Direct labour | D32: 0.12 | F32: =-F$28 * $D32 -> -12360 | G32: =-G$28 * $D32 -> -12360 | H32: =-H$28 * $D32 -> -12360 | I32: =-I$28 * $D32 -> -12360 | J32: =-J$28 * $D32 -> -14040 | K32: =-K$28 * $D32 -> -14040 | L32: =-L$28 * $D32 -> -14040 | M32: =-M$28 * $D32 -> -14040 | ... R32: =-R$28 * $D32 -> -15360 | S32: =SUM(F32:R32) -> -181080
C33: ='Category lookups'!G10 -> Overheads | D33: 0.03 | F33: =-F$28 * $D33 -> -3090 | G33: =-G$28 * $D33 -> -3090 | H33: =-H$28 * $D33 -> -3090 | I33: =-I$28 * $D33 -> -3090 | J33: =-J$28 * $D33 -> -3510 | K33: =-K$28 * $D33 -> -3510 | L33: =-L$28 * $D33 -> -3510 | M33: =-M$28 * $D33 -> -3510 | ... R33: =-R$28 * $D33 -> -3840 | S33: =SUM(F33:R33) -> -45270
C34: ='Category lookups'!G11 -> Inbound logistics | D34: 0.02 | F34: =-F$28 * $D34 -> -2060 | G34: =-G$28 * $D34 -> -2060 | H34: =-H$28 * $D34 -> -2060 | I34: =-I$28 * $D34 -> -2060 | J34: =-J$28 * $D34 -> -2340 | K34: =-K$28 * $D34 -> -2340 | L34: =-L$28 * $D34 -> -2340 | M34: =-M$28 * $D34 -> -2340 | ... R34: =-R$28 * $D34 -> -2560 | S34: =SUM(F34:R34) -> -30180
C35: ='Category lookups'!G12 -> Packaging | D35: 0.01 | F35: =-F$28 * $D35 -> -1030 | G35: =-G$28 * $D35 -> -1030 | H35: =-H$28 * $D35 -> -1030 | I35: =-I$28 * $D35 -> -1030 | J35: =-J$28 * $D35 -> -1170 | K35: =-K$28 * $D35 -> -1170 | L35: =-L$28 * $D35 -> -1170 | M35: =-M$28 * $D35 -> -1170 | ... R35: =-R$28 * $D35 -> -1280 | S35: =SUM(F35:R35) -> -15090
C36: ='Category lookups'!G13 -> Other COGS | D36: 0.01 | F36: =-F$28 * $D36 -> -1030 | G36: =-G$28 * $D36 -> -1030 | H36: =-H$28 * $D36 -> -1030 | I36: =-I$28 * $D36 -> -1030 | J36: =-J$28 * $D36 -> -1170 | K36: =-K$28 * $D36 -> -1170 | L36: =-L$28 * $D36 -> -1170 | M36: =-M$28 * $D36 -> -1170 | ... R36: =-R$28 * $D36 -> -1280 | S36: =SUM(F36:R36) -> -15090
C37: Total COGS | F37: =SUM(F31:F36) -> -40170 | G37: =SUM(G31:G36) -> -40170 | H37: =SUM(H31:H36) -> -40170 | I37: =SUM(I31:I36) -> -40170 | J37: =SUM(J31:J36) -> -45630 | K37: =SUM(K31:K36) -> -45630 | L37: =SUM(L31:L36) -> -45630 | M37: =SUM(M31:M36) -> -45630 | ... S37: =SUM(S31:S36) -> -588510
C39: Payment profile
C41: =C31 -> Material purchases | D41: DPO | F41: =_xlfn.XLOOKUP($D$41, $D$42:$D$51, F42:F51) -> 0 | G41: =_xlfn.XLOOKUP($D$41, $D$42:$D$51, G42:G51) -> 0 | H41: =_xlfn.XLOOKUP($D$41, $D$42:$D$51, H42:H51) -> 0 | I41: =_xlfn.XLOOKUP($D$41, $D$42:$D$51, I42:I51) -> 0 | J41: =_xlfn.XLOOKUP($D$41, $D$42:$D$51, J42:J51) -> -20600 | K41: =_xlfn.XLOOKUP($D$41, $D$42:$D$51, K42:K51) -> -20600 | L41: =_xlfn.XLOOKUP($D$41, $D$42:$D$51, L42:L51) -> -20600 | M41: =_xlfn.XLOOKUP($D$41, $D$42:$D$51, M42:M51) -> -20600 | ... R41: =_xlfn.XLOOKUP($D$41, $D$42:$D$51, R42:R51) -> -23400 | S41: =SUM(F41:R41) -> -199400
D42: DPO | F42: =_xlfn.XLOOKUP(F$10, $F$23:$R$23, $F$31:$R$31, 0) -> 0 | G42: =_xlfn.XLOOKUP(G$10, $F$23:$R$23, $F$31:$R$31, 0) -> 0 | H42: =_xlfn.XLOOKUP(H$10, $F$23:$R$23, $F$31:$R$31, 0) -> 0 | I42: =_xlfn.XLOOKUP(I$10, $F$23:$R$23, $F$31:$R$31, 0) -> 0 | J42: =_xlfn.XLOOKUP(J$10, $F$23:$R$23, $F$31:$R$31, 0) -> -20600 | K42: =_xlfn.XLOOKUP(K$10, $F$23:$R$23, $F$31:$R$31, 0) -> -20600 | L42: =_xlfn.XLOOKUP(L$10, $F$23:$R$23, $F$31:$R$31, 0) -> -20600 | M42: =_xlfn.XLOOKUP(M$10, $F$23:$R$23, $F$31:$R$31, 0) -> -20600 | ... R42: =_xlfn.XLOOKUP(R$10, $F$23:$R$23, $F$31:$R$31, 0) -> -23400 | S42: =SUM(F42:R42) -> -199400
D43: EOM | F43: =IF(F$15 = 1, F$31, 0) -> 0 | G43: =IF(G$15 = 1, SUM($F$31:G$31)- SUM($F$43:F$43), 0) -> 0 | H43: =IF(H$15 = 1, SUM($F$31:H$31)- SUM($F$43:G$43), 0) -> 0 | I43: =IF(I$15 = 1, SUM($F$31:I$31)- SUM($F$43:H$43), 0) -> 0 | J43: =IF(J$15 = 1, SUM($F$31:J$31)- SUM($F$43:I$43), 0) -> -105800 | K43: =IF(K$15 = 1, SUM($F$31:K$31)- SUM($F$43:J$43), 0) -> 0 | L43: =IF(L$15 = 1, SUM($F$31:L$31)- SUM($F$43:K$43), 0) -> 0 | M43: =IF(M$15 = 1, SUM($F$31:M$31)- SUM($F$43:L$43), 0) -> 0 | N43: =IF(N$15 = 1, SUM($F$31:N$31)- SUM($F$43:M$43), 0) -> -93600 | ... R43: =IF(R$15 = 1, SUM($F$31:R$31)- SUM($F$43:Q$43), 0) -> -102400 | S43: =SUM(F43:R43) -> -301800
D44: Current week | F44: =F$31 -> -20600 | G44: =G$31 -> -20600 | H44: =H$31 -> -20600 | I44: =I$31 -> -20600 | J44: =J$31 -> -23400 | K44: =K$31 -> -23400 | L44: =L$31 -> -23400 | M44: =M$31 -> -23400 | ... R44: =R$31 -> -25600 | S44: =SUM(F44:R44) -> -301800
D45: 1st week of month | F45: =IF($F$16 = 1, $F$31, 0) -> -20600 | G45: =IF(G$16 = 1, SUM($F$31:G$31) - SUM($F$45:F$45), 0) -> 0 | H45: =IF(H$16 = 1, SUM($F$31:H$31) - SUM($F$45:G$45), 0) -> 0 | I45: =IF(I$16 = 1, SUM($F$31:I$31) - SUM($F$45:H$45), 0) -> 0 | J45: =IF(J$16 = 1, SUM($F$31:J$31) - SUM($F$45:I$45), 0) -> 0 | K45: =IF(K$16 = 1, SUM($F$31:K$31) - SUM($F$45:J$45), 0) -> -108600 | L45: =IF(L$16 = 1, SUM($F$31:L$31) - SUM($F$45:K$45), 0) -> 0 | M45: =IF(M$16 = 1, SUM($F$31:M$31) - SUM($F$45:L$45), 0) -> 0 | N45: =IF(N$16 = 1, SUM($F$31:N$31) - SUM($F$45:M$45), 0) -> 0 | ... R45: =IF(R$16 = 1, SUM($F$31:R$31) - SUM($F$45:Q$45), 0) -> 0 | S45: =SUM(F45:R45) -> -225000
D46: 2nd week of month | F46: =IF($F$17 = 1, $F$31, 0) -> 0 | G46: =IF(G$17 = 1, SUM($F$31:G$31) - SUM($F$46:F$46), 0) -> -41200 | H46: =IF(H$17 = 1, SUM($F$31:H$31) - SUM($F$46:G$46), 0) -> 0 | I46: =IF(I$17 = 1, SUM($F$31:I$31) - SUM($F$46:H$46), 0) -> 0 | J46: =IF(J$17 = 1, SUM($F$31:J$31) - SUM($F$46:I$46), 0) -> 0 | K46: =IF(K$17 = 1, SUM($F$31:K$31) - SUM($F$46:J$46), 0) -> 0 | L46: =IF(L$17 = 1, SUM($F$31:L$31) - SUM($F$46:K$46), 0) -> -111400 | M46: =IF(M$17 = 1, SUM($F$31:M$31) - SUM($F$46:L$46), 0) -> 0 | N46: =IF(N$17 = 1, SUM($F$31:N$31) - SUM($F$46:M$46), 0) -> 0 | ... R46: =IF(R$17 = 1, SUM($F$31:R$31) - SUM($F$46:Q$46), 0) -> 0 | S46: =SUM(F46:R46) -> -250600
D47: 3rd week of month | F47: =IF($F$18 = 1, $F$31, 0) -> 0 | G47: =IF(G$18 = 1, SUM($F$31:G$31) - SUM($F$47:F$47), 0) -> 0 | H47: =IF(H$18 = 1, SUM($F$31:H$31) - SUM($F$47:G$47), 0) -> -61800 | I47: =IF(I$18 = 1, SUM($F$31:I$31) - SUM($F$47:H$47), 0) -> 0 | J47: =IF(J$18 = 1, SUM($F$31:J$31) - SUM($F$47:I$47), 0) -> 0 | K47: =IF(K$18 = 1, SUM($F$31:K$31) - SUM($F$47:J$47), 0) -> 0 | L47: =IF(L$18 = 1, SUM($F$31:L$31) - SUM($F$47:K$47), 0) -> 0 | M47: =IF(M$18 = 1, SUM($F$31:M$31) - SUM($F$47:L$47), 0) -> -114200 | N47: =IF(N$18 = 1, SUM($F$31:N$31) - SUM($F$47:M$47), 0) -> 0 | ... R47: =IF(R$18 = 1, SUM($F$31:R$31) - SUM($F$47:Q$47), 0) -> 0 | S47: =SUM(F47:R47) -> -276200
D48: 4th week of month | F48: =IF($F$19 = 1, $F$31, 0) -> 0 | G48: =IF(G$19 = 1, SUM($F$31:G$31) - SUM($F$48:F$48), 0) -> 0 | H48: =IF(H$19 = 1, SUM($F$31:H$31) - SUM($F$48:G$48), 0) -> 0 | I48: =IF(I$19 = 1, SUM($F$31:I$31) - SUM($F$48:H$48), 0) -> -82400 | J48: =IF(J$19 = 1, SUM($F$31:J$31) - SUM($F$48:I$48), 0) -> 0 | K48: =IF(K$19 = 1, SUM($F$31:K$31) - SUM($F$48:J$48), 0) -> 0 | L48: =IF(L$19 = 1, SUM($F$31:L$31) - SUM($F$48:K$48), 0) -> 0 | M48: =IF(M$19 = 1, SUM($F$31:M$31) - SUM($F$48:L$48), 0) -> 0 | N48: =IF(N$19 = 1, SUM($F$31:N$31) - SUM($F$48:M$48), 0) -> -117000 | ... R48: =IF(R$19 = 1, SUM($F$31:R$31) - SUM($F$48:Q$48), 0) -> -102400 | S48: =SUM(F48:R48) -> -301800
D49: 1st + 3rd week of month | F49: =IF( OR(F$16=1, F$18=1), F$31, 0) -> -20600 | G49: =IF( OR(G$16=1, G$18=1), SUM($F$31:G$31) - SUM($F$49:F$49), 0) -> 0 | H49: =IF( OR(H$16=1, H$18=1), SUM($F$31:H$31) - SUM($F$49:G$49), 0) -> -41200 | I49: =IF( OR(I$16=1, I$18=1), SUM($F$31:I$31) - SUM($F$49:H$49), 0) -> 0 | J49: =IF( OR(J$16=1, J$18=1), SUM($F$31:J$31) - SUM($F$49:I$49), 0) -> 0 | K49: =IF( OR(K$16=1, K$18=1), SUM($F$31:K$31) - SUM($F$49:J$49), 0) -> -67400 | L49: =IF( OR(L$16=1, L$18=1), SUM($F$31:L$31) - SUM($F$49:K$49), 0) -> 0 | M49: =IF( OR(M$16=1, M$18=1), SUM($F$31:M$31) - SUM($F$49:L$49), 0) -> -46800 | N49: =IF( OR(N$16=1, N$18=1), SUM($F$31:N$31) - SUM($F$49:M$49), 0) -> 0 | ... R49: =IF( OR(R$16=1, R$18=1), SUM($F$31:R$31) - SUM($F$49:Q$49), 0) -> 0 | S49: =SUM(F49:R49) -> -276200
D50: 2nd + 4th week of month | F50: =IF( OR(F$17=1, F$19=1), F$31, 0) -> 0 | G50: =IF( OR(G$17=1, G$19=1), SUM($F$31:G$31) - SUM($F$50:F$50), 0) -> -41200 | H50: =IF( OR(H$17=1, H$19=1), SUM($F$31:H$31) - SUM($F$50:G$50), 0) -> 0 | I50: =IF( OR(I$17=1, I$19=1), SUM($F$31:I$31) - SUM($F$50:H$50), 0) -> -41200 | J50: =IF( OR(J$17=1, J$19=1), SUM($F$31:J$31) - SUM($F$50:I$50), 0) -> 0 | K50: =IF( OR(K$17=1, K$19=1), SUM($F$31:K$31) - SUM($F$50:J$50), 0) -> 0 | L50: =IF( OR(L$17=1, L$19=1), SUM($F$31:L$31) - SUM($F$50:K$50), 0) -> -70200 | M50: =IF( OR(M$17=1, M$19=1), SUM($F$31:M$31) - SUM($F$50:L$50), 0) -> 0 | N50: =IF( OR(N$17=1, N$19=1), SUM($F$31:N$31) - SUM($F$50:M$50), 0) -> -46800 | ... R50: =IF( OR(R$17=1, R$19=1), SUM($F$31:R$31) - SUM($F$50:Q$50), 0) -> -51200 | S50: =SUM(F50:R50) -> -301800
D51: Manual input | S51: =SUM(F51:R51) -> 0
C53: =C32 -> Direct labour | D53: Current week | F53: =_xlfn.XLOOKUP($D$53, $D$54:$D$63, F54:F63) -> -12360 | G53: =_xlfn.XLOOKUP($D$53, $D$54:$D$63, G54:G63) -> -12360 | H53: =_xlfn.XLOOKUP($D$53, $D$54:$D$63, H54:H63) -> -12360 | I53: =_xlfn.XLOOKUP($D$53, $D$54:$D$63, I54:I63) -> -12360 | J53: =_xlfn.XLOOKUP($D$53, $D$54:$D$63, J54:J63) -> -14040 | K53: =_xlfn.XLOOKUP($D$53, $D$54:$D$63, K54:K63) -> -14040 | L53: =_xlfn.XLOOKUP($D$53, $D$54:$D$63, L54:L63) -> -14040 | M53: =_xlfn.XLOOKUP($D$53, $D$54:$D$63, M54:M63) -> -14040 | ... R53: =_xlfn.XLOOKUP($D$53, $D$54:$D$63, R54:R63) -> -15360 | S53: =SUM(F53:R53) -> -181080
D54: DPO | F54: =_xlfn.XLOOKUP(F$10, $F$23:$R$23, $F$32:$R$32, 0) -> 0 | G54: =_xlfn.XLOOKUP(G$10, $F$23:$R$23, $F$32:$R$32, 0) -> 0 | H54: =_xlfn.XLOOKUP(H$10, $F$23:$R$23, $F$32:$R$32, 0) -> 0 | I54: =_xlfn.XLOOKUP(I$10, $F$23:$R$23, $F$32:$R$32, 0) -> 0 | J54: =_xlfn.XLOOKUP(J$10, $F$23:$R$23, $F$32:$R$32, 0) -> -12360 | K54: =_xlfn.XLOOKUP(K$10, $F$23:$R$23, $F$32:$R$32, 0) -> -12360 | L54: =_xlfn.XLOOKUP(L$10, $F$23:$R$23, $F$32:$R$32, 0) -> -12360 | M54: =_xlfn.XLOOKUP(M$10, $F$23:$R$23, $F$32:$R$32, 0) -> -12360 | ... R54: =_xlfn.XLOOKUP(R$10, $F$23:$R$23, $F$32:$R$32, 0) -> -14040 | S54: =SUM(F54:R54) -> -119640
D55: EOM | F55: =IF(F$15 = 1, F$32, 0) -> 0 | G55: =IF(G$15 = 1, SUM($F$32:G$32)- SUM($F$55:F$55), 0) -> 0 | H55: =IF(H$15 = 1, SUM($F$32:H$32)- SUM($F$55:G$55), 0) -> 0 | I55: =IF(I$15 = 1, SUM($F$32:I$32)- SUM($F$55:H$55), 0) -> 0 | J55: =IF(J$15 = 1, SUM($F$32:J$32)- SUM($F$55:I$55), 0) -> -63480 | K55: =IF(K$15 = 1, SUM($F$32:K$32)- SUM($F$55:J$55), 0) -> 0 | L55: =IF(L$15 = 1, SUM($F$32:L$32)- SUM($F$55:K$55), 0) -> 0 | M55: =IF(M$15 = 1, SUM($F$32:M$32)- SUM($F$55:L$55), 0) -> 0 | N55: =IF(N$15 = 1, SUM($F$32:N$32)- SUM($F$55:M$55), 0) -> -56160 | ... R55: =IF(R$15 = 1, SUM($F$32:R$32)- SUM($F$55:Q$55), 0) -> -61440 | S55: =SUM(F55:R55) -> -181080
D56: Current week | F56: =F$32 -> -12360 | G56: =G$32 -> -12360 | H56: =H$32 -> -12360 | I56: =I$32 -> -12360 | J56: =J$32 -> -14040 | K56: =K$32 -> -14040 | L56: =L$32 -> -14040 | M56: =M$32 -> -14040 | ... R56: =R$32 -> -15360 | S56: =SUM(F56:R56) -> -181080
D57: 1st week of month | F57: =IF($F$16 = 1, $F$32, 0) -> -12360 | G57: =IF(G$16 = 1, SUM($F$32:G$32) - SUM($F$57:F$57), 0) -> 0 | H57: =IF(H$16 = 1, SUM($F$32:H$32) - SUM($F$57:G$57), 0) -> 0 | I57: =IF(I$16 = 1, SUM($F$32:I$32) - SUM($F$57:H$57), 0) -> 0 | J57: =IF(J$16 = 1, SUM($F$32:J$32) - SUM($F$57:I$57), 0) -> 0 | K57: =IF(K$16 = 1, SUM($F$32:K$32) - SUM($F$57:J$57), 0) -> -65160 | L57: =IF(L$16 = 1, SUM($F$32:L$32) - SUM($F$57:K$57), 0) -> 0 | M57: =IF(M$16 = 1, SUM($F$32:M$32) - SUM($F$57:L$57), 0) -> 0 | N57: =IF(N$16 = 1, SUM($F$32:N$32) - SUM($F$57:M$57), 0) -> 0 | ... R57: =IF(R$16 = 1, SUM($F$32:R$32) - SUM($F$57:Q$57), 0) -> 0 | S57: =SUM(F57:R57) -> -135000
D58: 2nd week of month | F58: =IF($F$17 = 1, $F$32, 0) -> 0 | G58: =IF(G$17 = 1, SUM($F$32:G$32) - SUM($F$58:F$58), 0) -> -24720 | H58: =IF(H$17 = 1, SUM($F$32:H$32) - SUM($F$58:G$58), 0) -> 0 | I58: =IF(I$17 = 1, SUM($F$32:I$32) - SUM($F$58:H$58), 0) -> 0 | J58: =IF(J$17 = 1, SUM($F$32:J$32) - SUM($F$58:I$58), 0) -> 0 | K58: =IF(K$17 = 1, SUM($F$32:K$32) - SUM($F$58:J$58), 0) -> 0 | L58: =IF(L$17 = 1, SUM($F$32:L$32) - SUM($F$58:K$58), 0) -> -66840 | M58: =IF(M$17 = 1, SUM($F$32:M$32) - SUM($F$58:L$58), 0) -> 0 | N58: =IF(N$17 = 1, SUM($F$32:N$32) - SUM($F$58:M$58), 0) -> 0 | ... R58: =IF(R$17 = 1, SUM($F$32:R$32) - SUM($F$58:Q$58), 0) -> 0 | S58: =SUM(F58:R58) -> -150360
D59: 3rd week of month | F59: =IF($F$18 = 1, $F$32, 0) -> 0 | G59: =IF(G$18 = 1, SUM($F$32:G$32) - SUM($F$59:F$59), 0) -> 0 | H59: =IF(H$18 = 1, SUM($F$32:H$32) - SUM($F$59:G$59), 0) -> -37080 | I59: =IF(I$18 = 1, SUM($F$32:I$32) - SUM($F$59:H$59), 0) -> 0 | J59: =IF(J$18 = 1, SUM($F$32:J$32) - SUM($F$59:I$59), 0) -> 0 | K59: =IF(K$18 = 1, SUM($F$32:K$32) - SUM($F$59:J$59), 0) -> 0 | L59: =IF(L$18 = 1, SUM($F$32:L$32) - SUM($F$59:K$59), 0) -> 0 | M59: =IF(M$18 = 1, SUM($F$32:M$32) - SUM($F$59:L$59), 0) -> -68520 | N59: =IF(N$18 = 1, SUM($F$32:N$32) - SUM($F$59:M$59), 0) -> 0 | ... R59: =IF(R$18 = 1, SUM($F$32:R$32) - SUM($F$59:Q$59), 0) -> 0 | S59: =SUM(F59:R59) -> -165720
D60: 4th week of month | F60: =IF($F$19 = 1, $F$32, 0) -> 0 | G60: =IF(G$19 = 1, SUM($F$32:G$32) - SUM($F$60:F$60), 0) -> 0 | H60: =IF(H$19 = 1, SUM($F$32:H$32) - SUM($F$60:G$60), 0) -> 0 | I60: =IF(I$19 = 1, SUM($F$32:I$32) - SUM($F$60:H$60), 0) -> -49440 | J60: =IF(J$19 = 1, SUM($F$32:J$32) - SUM($F$60:I$60), 0) -> 0 | K60: =IF(K$19 = 1, SUM($F$32:K$32) - SUM($F$60:J$60), 0) -> 0 | L60: =IF(L$19 = 1, SUM($F$32:L$32) - SUM($F$60:K$60), 0) -> 0 | M60: =IF(M$19 = 1, SUM($F$32:M$32) - SUM($F$60:L$60), 0) -> 0 | N60: =IF(N$19 = 1, SUM($F$32:N$32) - SUM($F$60:M$60), 0) -> -70200 | ... R60: =IF(R$19 = 1, SUM($F$32:R$32) - SUM($F$60:Q$60), 0) -> -61440 | S60: =SUM(F60:R60) -> -181080
D61: 1st + 3rd week of month | F61: =IF( OR(F$16=1, F$18=1), F$32, 0) -> -12360 | G61: =IF( OR(G$16=1, G$18=1), SUM($F$32:G$32) - SUM($F$61:F$61), 0) -> 0 | H61: =IF( OR(H$16=1, H$18=1), SUM($F$32:H$32) - SUM($F$61:G$61), 0) -> -24720 | I61: =IF( OR(I$16=1, I$18=1), SUM($F$32:I$32) - SUM($F$61:H$61), 0) -> 0 | J61: =IF( OR(J$16=1, J$18=1), SUM($F$32:J$32) - SUM($F$61:I$61), 0) -> 0 | K61: =IF( OR(K$16=1, K$18=1), SUM($F$32:K$32) - SUM($F$61:J$61), 0) -> -40440 | L61: =IF( OR(L$16=1, L$18=1), SUM($F$32:L$32) - SUM($F$61:K$61), 0) -> 0 | M61: =IF( OR(M$16=1, M$18=1), SUM($F$32:M$32) - SUM($F$61:L$61), 0) -> -28080 | N61: =IF( OR(N$16=1, N$18=1), SUM($F$32:N$32) - SUM($F$61:M$61), 0) -> 0 | ... R61: =IF( OR(R$16=1, R$18=1), SUM($F$32:R$32) - SUM($F$61:Q$61), 0) -> 0 | S61: =SUM(F61:R61) -> -165720
D62: 2nd + 4th week of month | F62: =IF( OR(F$17=1, F$19=1), F$32, 0) -> 0 | G62: =IF( OR(G$17=1, G$19=1), SUM($F$32:G$32) - SUM($F$62:F$62), 0) -> -24720 | H62: =IF( OR(H$17=1, H$19=1), SUM($F$32:H$32) - SUM($F$62:G$62), 0) -> 0 | I62: =IF( OR(I$17=1, I$19=1), SUM($F$32:I$32) - SUM($F$62:H$62), 0) -> -24720 | J62: =IF( OR(J$17=1, J$19=1), SUM($F$32:J$32) - SUM($F$62:I$62), 0) -> 0 | K62: =IF( OR(K$17=1, K$19=1), SUM($F$32:K$32) - SUM($F$62:J$62), 0) -> 0 | L62: =IF( OR(L$17=1, L$19=1), SUM($F$32:L$32) - SUM($F$62:K$62), 0) -> -42120 | M62: =IF( OR(M$17=1, M$19=1), SUM($F$32:M$32) - SUM($F$62:L$62), 0) -> 0 | N62: =IF( OR(N$17=1, N$19=1), SUM($F$32:N$32) - SUM($F$62:M$62), 0) -> -28080 | ... R62: =IF( OR(R$17=1, R$19=1), SUM($F$32:R$32) - SUM($F$62:Q$62), 0) -> -30720 | S62: =SUM(F62:R62) -> -181080
D63: Manual input | S63: =SUM(F63:R63) -> 0
C65: =C33 -> Overheads | D65: Current week | F65: =_xlfn.XLOOKUP($D$65, $D$66:$D$75, F66:F75) -> -3090 | G65: =_xlfn.XLOOKUP($D$65, $D$66:$D$75, G66:G75) -> -3090 | H65: =_xlfn.XLOOKUP($D$65, $D$66:$D$75, H66:H75) -> -3090 | I65: =_xlfn.XLOOKUP($D$65, $D$66:$D$75, I66:I75) -> -3090 | J65: =_xlfn.XLOOKUP($D$65, $D$66:$D$75, J66:J75) -> -3510 | K65: =_xlfn.XLOOKUP($D$65, $D$66:$D$75, K66:K75) -> -3510 | L65: =_xlfn.XLOOKUP($D$65, $D$66:$D$75, L66:L75) -> -3510 | M65: =_xlfn.XLOOKUP($D$65, $D$66:$D$75, M66:M75) -> -3510 | ... R65: =_xlfn.XLOOKUP($D$65, $D$66:$D$75, R66:R75) -> -3840 | S65: =SUM(F65:R65) -> -45270
D66: DPO | F66: =_xlfn.XLOOKUP(F$10, $F$23:$R$23, $F$33:$R$33, 0) -> 0 | G66: =_xlfn.XLOOKUP(G$10, $F$23:$R$23, $F$33:$R$33, 0) -> 0 | H66: =_xlfn.XLOOKUP(H$10, $F$23:$R$23, $F$33:$R$33, 0) -> 0 | I66: =_xlfn.XLOOKUP(I$10, $F$23:$R$23, $F$33:$R$33, 0) -> 0 | J66: =_xlfn.XLOOKUP(J$10, $F$23:$R$23, $F$33:$R$33, 0) -> -3090 | K66: =_xlfn.XLOOKUP(K$10, $F$23:$R$23, $F$33:$R$33, 0) -> -3090 | L66: =_xlfn.XLOOKUP(L$10, $F$23:$R$23, $F$33:$R$33, 0) -> -3090 | M66: =_xlfn.XLOOKUP(M$10, $F$23:$R$23, $F$33:$R$33, 0) -> -3090 | ... R66: =_xlfn.XLOOKUP(R$10, $F$23:$R$23, $F$33:$R$33, 0) -> -3510 | S66: =SUM(F66:R66) -> -29910
D67: EOM | F67: =IF(F$15 = 1, F$33, 0) -> 0 | G67: =IF(G$15 = 1, SUM($F$33:G$33)- SUM($F$67:F$67), 0) -> 0 | H67: =IF(H$15 = 1, SUM($F$33:H$33)- SUM($F$67:G$67), 0) -> 0 | I67: =IF(I$15 = 1, SUM($F$33:I$33)- SUM($F$67:H$67), 0) -> 0 | J67: =IF(J$15 = 1, SUM($F$33:J$33)- SUM($F$67:I$67), 0) -> -15870 | K67: =IF(K$15 = 1, SUM($F$33:K$33)- SUM($F$67:J$67), 0) -> 0 | L67: =IF(L$15 = 1, SUM($F$33:L$33)- SUM($F$67:K$67), 0) -> 0 | M67: =IF(M$15 = 1, SUM($F$33:M$33)- SUM($F$67:L$67), 0) -> 0 | N67: =IF(N$15 = 1, SUM($F$33:N$33)- SUM($F$67:M$67), 0) -> -14040 | ... R67: =IF(R$15 = 1, SUM($F$33:R$33)- SUM($F$67:Q$67), 0) -> -15360 | S67: =SUM(F67:R67) -> -45270
D68: Current week | F68: =F$33 -> -3090 | G68: =G$33 -> -3090 | H68: =H$33 -> -3090 | I68: =I$33 -> -3090 | J68: =J$33 -> -3510 | K68: =K$33 -> -3510 | L68: =L$33 -> -3510 | M68: =M$33 -> -3510 | ... R68: =R$33 -> -3840 | S68: =SUM(F68:R68) -> -45270
D69: 1st week of month | F69: =IF($F$16 = 1, $F$33, 0) -> -3090 | G69: =IF(G$16 = 1, SUM($F$33:G$33) - SUM($F$69:F$69), 0) -> 0 | H69: =IF(H$16 = 1, SUM($F$33:H$33) - SUM($F$69:G$69), 0) -> 0 | I69: =IF(I$16 = 1, SUM($F$33:I$33) - SUM($F$69:H$69), 0) -> 0 | J69: =IF(J$16 = 1, SUM($F$33:J$33) - SUM($F$69:I$69), 0) -> 0 | K69: =IF(K$16 = 1, SUM($F$33:K$33) - SUM($F$69:J$69), 0) -> -16290 | L69: =IF(L$16 = 1, SUM($F$33:L$33) - SUM($F$69:K$69), 0) -> 0 | M69: =IF(M$16 = 1, SUM($F$33:M$33) - SUM($F$69:L$69), 0) -> 0 | N69: =IF(N$16 = 1, SUM($F$33:N$33) - SUM($F$69:M$69), 0) -> 0 | ... R69: =IF(R$16 = 1, SUM($F$33:R$33) - SUM($F$69:Q$69), 0) -> 0 | S69: =SUM(F69:R69) -> -33750
D70: 2nd week of month | F70: =IF($F$17 = 1, $F$33, 0) -> 0 | G70: =IF(G$17 = 1, SUM($F$33:G$33) - SUM($F$70:F$70), 0) -> -6180 | H70: =IF(H$17 = 1, SUM($F$33:H$33) - SUM($F$70:G$70), 0) -> 0 | I70: =IF(I$17 = 1, SUM($F$33:I$33) - SUM($F$70:H$70), 0) -> 0 | J70: =IF(J$17 = 1, SUM($F$33:J$33) - SUM($F$70:I$70), 0) -> 0 | K70: =IF(K$17 = 1, SUM($F$33:K$33) - SUM($F$70:J$70), 0) -> 0 | L70: =IF(L$17 = 1, SUM($F$33:L$33) - SUM($F$70:K$70), 0) -> -16710 | M70: =IF(M$17 = 1, SUM($F$33:M$33) - SUM($F$70:L$70), 0) -> 0 | N70: =IF(N$17 = 1, SUM($F$33:N$33) - SUM($F$70:M$70), 0) -> 0 | ... R70: =IF(R$17 = 1, SUM($F$33:R$33) - SUM($F$70:Q$70), 0) -> 0 | S70: =SUM(F70:R70) -> -37590
D71: 3rd week of month | F71: =IF($F$18 = 1, $F$33, 0) -> 0 | G71: =IF(G$18 = 1, SUM($F$33:G$33) - SUM($F$71:F$71), 0) -> 0 | H71: =IF(H$18 = 1, SUM($F$33:H$33) - SUM($F$71:G$71), 0) -> -9270 | I71: =IF(I$18 = 1, SUM($F$33:I$33) - SUM($F$71:H$71), 0) -> 0 | J71: =IF(J$18 = 1, SUM($F$33:J$33) - SUM($F$71:I$71), 0) -> 0 | K71: =IF(K$18 = 1, SUM($F$33:K$33) - SUM($F$71:J$71), 0) -> 0 | L71: =IF(L$18 = 1, SUM($F$33:L$33) - SUM($F$71:K$71), 0) -> 0 | M71: =IF(M$18 = 1, SUM($F$33:M$33) - SUM($F$71:L$71), 0) -> -17130 | N71: =IF(N$18 = 1, SUM($F$33:N$33) - SUM($F$71:M$71), 0) -> 0 | ... R71: =IF(R$18 = 1, SUM($F$33:R$33) - SUM($F$71:Q$71), 0) -> 0 | S71: =SUM(F71:R71) -> -41430
D72: 4th week of month | F72: =IF($F$19 = 1, $F$33, 0) -> 0 | G72: =IF(G$19 = 1, SUM($F$33:G$33) - SUM($F$72:F$72), 0) -> 0 | H72: =IF(H$19 = 1, SUM($F$33:H$33) - SUM($F$72:G$72), 0) -> 0 | I72: =IF(I$19 = 1, SUM($F$33:I$33) - SUM($F$72:H$72), 0) -> -12360 | J72: =IF(J$19 = 1, SUM($F$33:J$33) - SUM($F$72:I$72), 0) -> 0 | K72: =IF(K$19 = 1, SUM($F$33:K$33) - SUM($F$72:J$72), 0) -> 0 | L72: =IF(L$19 = 1, SUM($F$33:L$33) - SUM($F$72:K$72), 0) -> 0 | M72: =IF(M$19 = 1, SUM($F$33:M$33) - SUM($F$72:L$72), 0) -> 0 | N72: =IF(N$19 = 1, SUM($F$33:N$33) - SUM($F$72:M$72), 0) -> -17550 | ... R72: =IF(R$19 = 1, SUM($F$33:R$33) - SUM($F$72:Q$72), 0) -> -15360 | S72: =SUM(F72:R72) -> -45270
D73: 1st + 3rd week of month | F73: =IF( OR(F$16=1, F$18=1), F$33, 0) -> -3090 | G73: =IF( OR(G$16=1, G$18=1), SUM($F$33:G$33) - SUM($F$73:F$73), 0) -> 0 | H73: =IF( OR(H$16=1, H$18=1), SUM($F$33:H$33) - SUM($F$73:G$73), 0) -> -6180 | I73: =IF( OR(I$16=1, I$18=1), SUM($F$33:I$33) - SUM($F$73:H$73), 0) -> 0 | J73: =IF( OR(J$16=1, J$18=1), SUM($F$33:J$33) - SUM($F$73:I$73), 0) -> 0 | K73: =IF( OR(K$16=1, K$18=1), SUM($F$33:K$33) - SUM($F$73:J$73), 0) -> -10110 | L73: =IF( OR(L$16=1, L$18=1), SUM($F$33:L$33) - SUM($F$73:K$73), 0) -> 0 | M73: =IF( OR(M$16=1, M$18=1), SUM($F$33:M$33) - SUM($F$73:L$73), 0) -> -7020 | N73: =IF( OR(N$16=1, N$18=1), SUM($F$33:N$33) - SUM($F$73:M$73), 0) -> 0 | ... R73: =IF( OR(R$16=1, R$18=1), SUM($F$33:R$33) - SUM($F$73:Q$73), 0) -> 0 | S73: =SUM(F73:R73) -> -41430
D74: 2nd + 4th week of month | F74: =IF( OR(F$17=1, F$19=1), F$33, 0) -> 0 | G74: =IF( OR(G$17=1, G$19=1), SUM($F$33:G$33) - SUM($F$74:F$74), 0) -> -6180 | H74: =IF( OR(H$17=1, H$19=1), SUM($F$33:H$33) - SUM($F$74:G$74), 0) -> 0 | I74: =IF( OR(I$17=1, I$19=1), SUM($F$33:I$33) - SUM($F$74:H$74), 0) -> -6180 | J74: =IF( OR(J$17=1, J$19=1), SUM($F$33:J$33) - SUM($F$74:I$74), 0) -> 0 | K74: =IF( OR(K$17=1, K$19=1), SUM($F$33:K$33) - SUM($F$74:J$74), 0) -> 0 | L74: =IF( OR(L$17=1, L$19=1), SUM($F$33:L$33) - SUM($F$74:K$74), 0) -> -10530 | M74: =IF( OR(M$17=1, M$19=1), SUM($F$33:M$33) - SUM($F$74:L$74), 0) -> 0 | N74: =IF( OR(N$17=1, N$19=1), SUM($F$33:N$33) - SUM($F$74:M$74), 0) -> -7020 | ... R74: =IF( OR(R$17=1, R$19=1), SUM($F$33:R$33) - SUM($F$74:Q$74), 0) -> -7680 | S74: =SUM(F74:R74) -> -45270
D75: Manual input | S75: =SUM(F75:R75) -> 0
C77: =C34 -> Inbound logistics | D77: 1st week of month | F77: =_xlfn.XLOOKUP($D$77, $D$78:$D$87, F78:F87) -> -2060 | G77: =_xlfn.XLOOKUP($D$77, $D$78:$D$87, G78:G87) -> 0 | H77: =_xlfn.XLOOKUP($D$77, $D$78:$D$87, H78:H87) -> 0 | I77: =_xlfn.XLOOKUP($D$77, $D$78:$D$87, I78:I87) -> 0 | J77: =_xlfn.XLOOKUP($D$77, $D$78:$D$87, J78:J87) -> 0 | K77: =_xlfn.XLOOKUP($D$77, $D$78:$D$87, K78:K87) -> -10860 | L77: =_xlfn.XLOOKUP($D$77, $D$78:$D$87, L78:L87) -> 0 | M77: =_xlfn.XLOOKUP($D$77, $D$78:$D$87, M78:M87) -> 0 | ... R77: =_xlfn.XLOOKUP($D$77, $D$78:$D$87, R78:R87) -> 0 | S77: =SUM(F77:R77) -> -22500
D78: DPO | F78: =_xlfn.XLOOKUP(F$10, $F$23:$R$23, $F$34:$R$34, 0) -> 0 | G78: =_xlfn.XLOOKUP(G$10, $F$23:$R$23, $F$34:$R$34, 0) -> 0 | H78: =_xlfn.XLOOKUP(H$10, $F$23:$R$23, $F$34:$R$34, 0) -> 0 | I78: =_xlfn.XLOOKUP(I$10, $F$23:$R$23, $F$34:$R$34, 0) -> 0 | J78: =_xlfn.XLOOKUP(J$10, $F$23:$R$23, $F$34:$R$34, 0) -> -2060 | K78: =_xlfn.XLOOKUP(K$10, $F$23:$R$23, $F$34:$R$34, 0) -> -2060 | L78: =_xlfn.XLOOKUP(L$10, $F$23:$R$23, $F$34:$R$34, 0) -> -2060 | M78: =_xlfn.XLOOKUP(M$10, $F$23:$R$23, $F$34:$R$34, 0) -> -2060 | ... R78: =_xlfn.XLOOKUP(R$10, $F$23:$R$23, $F$34:$R$34, 0) -> -2340 | S78: =SUM(F78:R78) -> -19940
D79: EOM | F79: =IF(F$15 = 1, F$34, 0) -> 0 | G79: =IF(G$15 = 1, SUM($F$34:G$34)- SUM($F$79:F$79), 0) -> 0 | H79: =IF(H$15 = 1, SUM($F$34:H$34)- SUM($F$79:G$79), 0) -> 0 | I79: =IF(I$15 = 1, SUM($F$34:I$34)- SUM($F$79:H$79), 0) -> 0 | J79: =IF(J$15 = 1, SUM($F$34:J$34)- SUM($F$79:I$79), 0) -> -10580 | K79: =IF(K$15 = 1, SUM($F$34:K$34)- SUM($F$79:J$79), 0) -> 0 | L79: =IF(L$15 = 1, SUM($F$34:L$34)- SUM($F$79:K$79), 0) -> 0 | M79: =IF(M$15 = 1, SUM($F$34:M$34)- SUM($F$79:L$79), 0) -> 0 | N79: =IF(N$15 = 1, SUM($F$34:N$34)- SUM($F$79:M$79), 0) -> -9360 | ... R79: =IF(R$15 = 1, SUM($F$34:R$34)- SUM($F$79:Q$79), 0) -> -10240 | S79: =SUM(F79:R79) -> -30180
D80: Current week | F80: =F$34 -> -2060 | G80: =G$34 -> -2060 | H80: =H$34 -> -2060 | I80: =I$34 -> -2060 | J80: =J$34 -> -2340 | K80: =K$34 -> -2340 | L80: =L$34 -> -2340 | M80: =M$34 -> -2340 | ... R80: =R$34 -> -2560 | S80: =SUM(F80:R80) -> -30180
D81: 1st week of month | F81: =IF($F$16 = 1, $F$34, 0) -> -2060 | G81: =IF(G$16 = 1, SUM($F$34:G$34) - SUM($F$81:F$81), 0) -> 0 | H81: =IF(H$16 = 1, SUM($F$34:H$34) - SUM($F$81:G$81), 0) -> 0 | I81: =IF(I$16 = 1, SUM($F$34:I$34) - SUM($F$81:H$81), 0) -> 0 | J81: =IF(J$16 = 1, SUM($F$34:J$34) - SUM($F$81:I$81), 0) -> 0 | K81: =IF(K$16 = 1, SUM($F$34:K$34) - SUM($F$81:J$81), 0) -> -10860 | L81: =IF(L$16 = 1, SUM($F$34:L$34) - SUM($F$81:K$81), 0) -> 0 | M81: =IF(M$16 = 1, SUM($F$34:M$34) - SUM($F$81:L$81), 0) -> 0 | N81: =IF(N$16 = 1, SUM($F$34:N$34) - SUM($F$81:M$81), 0) -> 0 | ... R81: =IF(R$16 = 1, SUM($F$34:R$34) - SUM($F$81:Q$81), 0) -> 0 | S81: =SUM(F81:R81) -> -22500
D82: 2nd week of month | F82: =IF($F$17 = 1, $F$34, 0) -> 0 | G82: =IF(G$17 = 1, SUM($F$34:G$34) - SUM($F$82:F$82), 0) -> -4120 | H82: =IF(H$17 = 1, SUM($F$34:H$34) - SUM($F$82:G$82), 0) -> 0 | I82: =IF(I$17 = 1, SUM($F$34:I$34) - SUM($F$82:H$82), 0) -> 0 | J82: =IF(J$17 = 1, SUM($F$34:J$34) - SUM($F$82:I$82), 0) -> 0 | K82: =IF(K$17 = 1, SUM($F$34:K$34) - SUM($F$82:J$82), 0) -> 0 | L82: =IF(L$17 = 1, SUM($F$34:L$34) - SUM($F$82:K$82), 0) -> -11140 | M82: =IF(M$17 = 1, SUM($F$34:M$34) - SUM($F$82:L$82), 0) -> 0 | N82: =IF(N$17 = 1, SUM($F$34:N$34) - SUM($F$82:M$82), 0) -> 0 | ... R82: =IF(R$17 = 1, SUM($F$34:R$34) - SUM($F$82:Q$82), 0) -> 0 | S82: =SUM(F82:R82) -> -25060
D83: 3rd week of month | F83: =IF($F$18 = 1, $F$34, 0) -> 0 | G83: =IF(G$18 = 1, SUM($F$34:G$34) - SUM($F$83:F$83), 0) -> 0 | H83: =IF(H$18 = 1, SUM($F$34:H$34) - SUM($F$83:G$83), 0) -> -6180 | I83: =IF(I$18 = 1, SUM($F$34:I$34) - SUM($F$83:H$83), 0) -> 0 | J83: =IF(J$18 = 1, SUM($F$34:J$34) - SUM($F$83:I$83), 0) -> 0 | K83: =IF(K$18 = 1, SUM($F$34:K$34) - SUM($F$83:J$83), 0) -> 0 | L83: =IF(L$18 = 1, SUM($F$34:L$34) - SUM($F$83:K$83), 0) -> 0 | M83: =IF(M$18 = 1, SUM($F$34:M$34) - SUM($F$83:L$83), 0) -> -11420 | N83: =IF(N$18 = 1, SUM($F$34:N$34) - SUM($F$83:M$83), 0) -> 0 | ... R83: =IF(R$18 = 1, SUM($F$34:R$34) - SUM($F$83:Q$83), 0) -> 0 | S83: =SUM(F83:R83) -> -27620
D84: 4th week of month | F84: =IF($F$19 = 1, $F$34, 0) -> 0 | G84: =IF(G$19 = 1, SUM($F$34:G$34) - SUM($F$84:F$84), 0) -> 0 | H84: =IF(H$19 = 1, SUM($F$34:H$34) - SUM($F$84:G$84), 0) -> 0 | I84: =IF(I$19 = 1, SUM($F$34:I$34) - SUM($F$84:H$84), 0) -> -8240 | J84: =IF(J$19 = 1, SUM($F$34:J$34) - SUM($F$84:I$84), 0) -> 0 | K84: =IF(K$19 = 1, SUM($F$34:K$34) - SUM($F$84:J$84), 0) -> 0 | L84: =IF(L$19 = 1, SUM($F$34:L$34) - SUM($F$84:K$84), 0) -> 0 | M84: =IF(M$19 = 1, SUM($F$34:M$34) - SUM($F$84:L$84), 0) -> 0 | N84: =IF(N$19 = 1, SUM($F$34:N$34) - SUM($F$84:M$84), 0) -> -11700 | ... R84: =IF(R$19 = 1, SUM($F$34:R$34) - SUM($F$84:Q$84), 0) -> -10240 | S84: =SUM(F84:R84) -> -30180
D85: 1st + 3rd week of month | F85: =IF( OR(F$16=1, F$18=1), F$34, 0) -> -2060 | G85: =IF( OR(G$16=1, G$18=1), SUM($F$34:G$34) - SUM($F$85:F$85), 0) -> 0 | H85: =IF( OR(H$16=1, H$18=1), SUM($F$34:H$34) - SUM($F$85:G$85), 0) -> -4120 | I85: =IF( OR(I$16=1, I$18=1), SUM($F$34:I$34) - SUM($F$85:H$85), 0) -> 0 | J85: =IF( OR(J$16=1, J$18=1), SUM($F$34:J$34) - SUM($F$85:I$85), 0) -> 0 | K85: =IF( OR(K$16=1, K$18=1), SUM($F$34:K$34) - SUM($F$85:J$85), 0) -> -6740 | L85: =IF( OR(L$16=1, L$18=1), SUM($F$34:L$34) - SUM($F$85:K$85), 0) -> 0 | M85: =IF( OR(M$16=1, M$18=1), SUM($F$34:M$34) - SUM($F$85:L$85), 0) -> -4680 | N85: =IF( OR(N$16=1, N$18=1), SUM($F$34:N$34) - SUM($F$85:M$85), 0) -> 0 | ... R85: =IF( OR(R$16=1, R$18=1), SUM($F$34:R$34) - SUM($F$85:Q$85), 0) -> 0 | S85: =SUM(F85:R85) -> -27620
D86: 2nd + 4th week of month | F86: =IF( OR(F$17=1, F$19=1), F$34, 0) -> 0 | G86: =IF( OR(G$17=1, G$19=1), SUM($F$34:G$34) - SUM($F$86:F$86), 0) -> -4120 | H86: =IF( OR(H$17=1, H$19=1), SUM($F$34:H$34) - SUM($F$86:G$86), 0) -> 0 | I86: =IF( OR(I$17=1, I$19=1), SUM($F$34:I$34) - SUM($F$86:H$86), 0) -> -4120 | J86: =IF( OR(J$17=1, J$19=1), SUM($F$34:J$34) - SUM($F$86:I$86), 0) -> 0 | K86: =IF( OR(K$17=1, K$19=1), SUM($F$34:K$34) - SUM($F$86:J$86), 0) -> 0 | L86: =IF( OR(L$17=1, L$19=1), SUM($F$34:L$34) - SUM($F$86:K$86), 0) -> -7020 | M86: =IF( OR(M$17=1, M$19=1), SUM($F$34:M$34) - SUM($F$86:L$86), 0) -> 0 | N86: =IF( OR(N$17=1, N$19=1), SUM($F$34:N$34) - SUM($F$86:M$86), 0) -> -4680 | ... R86: =IF( OR(R$17=1, R$19=1), SUM($F$34:R$34) - SUM($F$86:Q$86), 0) -> -5120 | S86: =SUM(F86:R86) -> -30180
D87: Manual input | S87: =SUM(F87:R87) -> 0
C89: =C35 -> Packaging | D89: 1st week of month | F89: =_xlfn.XLOOKUP($D$89, $D$90:$D$99, F90:F99) -> -1030 | G89: =_xlfn.XLOOKUP($D$89, $D$90:$D$99, G90:G99) -> 0 | H89: =_xlfn.XLOOKUP($D$89, $D$90:$D$99, H90:H99) -> 0 | I89: =_xlfn.XLOOKUP($D$89, $D$90:$D$99, I90:I99) -> 0 | J89: =_xlfn.XLOOKUP($D$89, $D$90:$D$99, J90:J99) -> 0 | K89: =_xlfn.XLOOKUP($D$89, $D$90:$D$99, K90:K99) -> -5430 | L89: =_xlfn.XLOOKUP($D$89, $D$90:$D$99, L90:L99) -> 0 | M89: =_xlfn.XLOOKUP($D$89, $D$90:$D$99, M90:M99) -> 0 | ... R89: =_xlfn.XLOOKUP($D$89, $D$90:$D$99, R90:R99) -> 0 | S89: =SUM(F89:R89) -> -11250
D90: DPO | F90: =_xlfn.XLOOKUP(F$10, $F$23:$R$23, $F$35:$R$35, 0) -> 0 | G90: =_xlfn.XLOOKUP(G$10, $F$23:$R$23, $F$35:$R$35, 0) -> 0 | H90: =_xlfn.XLOOKUP(H$10, $F$23:$R$23, $F$35:$R$35, 0) -> 0 | I90: =_xlfn.XLOOKUP(I$10, $F$23:$R$23, $F$35:$R$35, 0) -> 0 | J90: =_xlfn.XLOOKUP(J$10, $F$23:$R$23, $F$35:$R$35, 0) -> -1030 | K90: =_xlfn.XLOOKUP(K$10, $F$23:$R$23, $F$35:$R$35, 0) -> -1030 | L90: =_xlfn.XLOOKUP(L$10, $F$23:$R$23, $F$35:$R$35, 0) -> -1030 | M90: =_xlfn.XLOOKUP(M$10, $F$23:$R$23, $F$35:$R$35, 0) -> -1030 | ... R90: =_xlfn.XLOOKUP(R$10, $F$23:$R$23, $F$35:$R$35, 0) -> -1170 | S90: =SUM(F90:R90) -> -9970
D91: EOM | F91: =IF(F$15 = 1, F$35, 0) -> 0 | G91: =IF(G$15 = 1, SUM($F$35:G$35)- SUM($F$91:F$91), 0) -> 0 | H91: =IF(H$15 = 1, SUM($F$35:H$35)- SUM($F$91:G$91), 0) -> 0 | I91: =IF(I$15 = 1, SUM($F$35:I$35)- SUM($F$91:H$91), 0) -> 0 | J91: =IF(J$15 = 1, SUM($F$35:J$35)- SUM($F$91:I$91), 0) -> -5290 | K91: =IF(K$15 = 1, SUM($F$35:K$35)- SUM($F$91:J$91), 0) -> 0 | L91: =IF(L$15 = 1, SUM($F$35:L$35)- SUM($F$91:K$91), 0) -> 0 | M91: =IF(M$15 = 1, SUM($F$35:M$35)- SUM($F$91:L$91), 0) -> 0 | N91: =IF(N$15 = 1, SUM($F$35:N$35)- SUM($F$91:M$91), 0) -> -4680 | ... R91: =IF(R$15 = 1, SUM($F$35:R$35)- SUM($F$91:Q$91), 0) -> -5120 | S91: =SUM(F91:R91) -> -15090
D92: Current week | F92: =F$35 -> -1030 | G92: =G$35 -> -1030 | H92: =H$35 -> -1030 | I92: =I$35 -> -1030 | J92: =J$35 -> -1170 | K92: =K$35 -> -1170 | L92: =L$35 -> -1170 | M92: =M$35 -> -1170 | ... R92: =R$35 -> -1280 | S92: =SUM(F92:R92) -> -15090
D93: 1st week of month | F93: =IF($F$16 = 1, $F$35, 0) -> -1030 | G93: =IF(G$16 = 1, SUM($F$35:G$35) - SUM($F$93:F$93), 0) -> 0 | H93: =IF(H$16 = 1, SUM($F$35:H$35) - SUM($F$93:G$93), 0) -> 0 | I93: =IF(I$16 = 1, SUM($F$35:I$35) - SUM($F$93:H$93), 0) -> 0 | J93: =IF(J$16 = 1, SUM($F$35:J$35) - SUM($F$93:I$93), 0) -> 0 | K93: =IF(K$16 = 1, SUM($F$35:K$35) - SUM($F$93:J$93), 0) -> -5430 | L93: =IF(L$16 = 1, SUM($F$35:L$35) - SUM($F$93:K$93), 0) -> 0 | M93: =IF(M$16 = 1, SUM($F$35:M$35) - SUM($F$93:L$93), 0) -> 0 | N93: =IF(N$16 = 1, SUM($F$35:N$35) - SUM($F$93:M$93), 0) -> 0 | ... R93: =IF(R$16 = 1, SUM($F$35:R$35) - SUM($F$93:Q$93), 0) -> 0 | S93: =SUM(F93:R93) -> -11250
D94: 2nd week of month | F94: =IF($F$17 = 1, $F$35, 0) -> 0 | G94: =IF(G$17 = 1, SUM($F$35:G$35) - SUM($F$94:F$94), 0) -> -2060 | H94: =IF(H$17 = 1, SUM($F$35:H$35) - SUM($F$94:G$94), 0) -> 0 | I94: =IF(I$17 = 1, SUM($F$35:I$35) - SUM($F$94:H$94), 0) -> 0 | J94: =IF(J$17 = 1, SUM($F$35:J$35) - SUM($F$94:I$94), 0) -> 0 | K94: =IF(K$17 = 1, SUM($F$35:K$35) - SUM($F$94:J$94), 0) -> 0 | L94: =IF(L$17 = 1, SUM($F$35:L$35) - SUM($F$94:K$94), 0) -> -5570 | M94: =IF(M$17 = 1, SUM($F$35:M$35) - SUM($F$94:L$94), 0) -> 0 | N94: =IF(N$17 = 1, SUM($F$35:N$35) - SUM($F$94:M$94), 0) -> 0 | ... R94: =IF(R$17 = 1, SUM($F$35:R$35) - SUM($F$94:Q$94), 0) -> 0 | S94: =SUM(F94:R94) -> -12530
D95: 3rd week of month | F95: =IF($F$18 = 1, $F$35, 0) -> 0 | G95: =IF(G$18 = 1, SUM($F$35:G$35) - SUM($F$95:F$95), 0) -> 0 | H95: =IF(H$18 = 1, SUM($F$35:H$35) - SUM($F$95:G$95), 0) -> -3090 | I95: =IF(I$18 = 1, SUM($F$35:I$35) - SUM($F$95:H$95), 0) -> 0 | J95: =IF(J$18 = 1, SUM($F$35:J$35) - SUM($F$95:I$95), 0) -> 0 | K95: =IF(K$18 = 1, SUM($F$35:K$35) - SUM($F$95:J$95), 0) -> 0 | L95: =IF(L$18 = 1, SUM($F$35:L$35) - SUM($F$95:K$95), 0) -> 0 | M95: =IF(M$18 = 1, SUM($F$35:M$35) - SUM($F$95:L$95), 0) -> -5710 | N95: =IF(N$18 = 1, SUM($F$35:N$35) - SUM($F$95:M$95), 0) -> 0 | ... R95: =IF(R$18 = 1, SUM($F$35:R$35) - SUM($F$95:Q$95), 0) -> 0 | S95: =SUM(F95:R95) -> -13810
D96: 4th week of month | F96: =IF($F$19 = 1, $F$35, 0) -> 0 | G96: =IF(G$19 = 1, SUM($F$35:G$35) - SUM($F$96:F$96), 0) -> 0 | H96: =IF(H$19 = 1, SUM($F$35:H$35) - SUM($F$96:G$96), 0) -> 0 | I96: =IF(I$19 = 1, SUM($F$35:I$35) - SUM($F$96:H$96), 0) -> -4120 | J96: =IF(J$19 = 1, SUM($F$35:J$35) - SUM($F$96:I$96), 0) -> 0 | K96: =IF(K$19 = 1, SUM($F$35:K$35) - SUM($F$96:J$96), 0) -> 0 | L96: =IF(L$19 = 1, SUM($F$35:L$35) - SUM($F$96:K$96), 0) -> 0 | M96: =IF(M$19 = 1, SUM($F$35:M$35) - SUM($F$96:L$96), 0) -> 0 | N96: =IF(N$19 = 1, SUM($F$35:N$35) - SUM($F$96:M$96), 0) -> -5850 | ... R96: =IF(R$19 = 1, SUM($F$35:R$35) - SUM($F$96:Q$96), 0) -> -5120 | S96: =SUM(F96:R96) -> -15090
D97: 1st + 3rd week of month | F97: =IF( OR(F$16=1, F$18=1), F$35, 0) -> -1030 | G97: =IF( OR(G$16=1, G$18=1), SUM($F$35:G$35) - SUM($F$97:F$97), 0) -> 0 | H97: =IF( OR(H$16=1, H$18=1), SUM($F$35:H$35) - SUM($F$97:G$97), 0) -> -2060 | I97: =IF( OR(I$16=1, I$18=1), SUM($F$35:I$35) - SUM($F$97:H$97), 0) -> 0 | J97: =IF( OR(J$16=1, J$18=1), SUM($F$35:J$35) - SUM($F$97:I$97), 0) -> 0 | K97: =IF( OR(K$16=1, K$18=1), SUM($F$35:K$35) - SUM($F$97:J$97), 0) -> -3370 | L97: =IF( OR(L$16=1, L$18=1), SUM($F$35:L$35) - SUM($F$97:K$97), 0) -> 0 | M97: =IF( OR(M$16=1, M$18=1), SUM($F$35:M$35) - SUM($F$97:L$97), 0) -> -2340 | N97: =IF( OR(N$16=1, N$18=1), SUM($F$35:N$35) - SUM($F$97:M$97), 0) -> 0 | ... R97: =IF( OR(R$16=1, R$18=1), SUM($F$35:R$35) - SUM($F$97:Q$97), 0) -> 0 | S97: =SUM(F97:R97) -> -13810
D98: 2nd + 4th week of month | F98: =IF( OR(F$17=1, F$19=1), F$35, 0) -> 0 | G98: =IF( OR(G$17=1, G$19=1), SUM($F$35:G$35) - SUM($F$98:F$98), 0) -> -2060 | H98: =IF( OR(H$17=1, H$19=1), SUM($F$35:H$35) - SUM($F$98:G$98), 0) -> 0 | I98: =IF( OR(I$17=1, I$19=1), SUM($F$35:I$35) - SUM($F$98:H$98), 0) -> -2060 | J98: =IF( OR(J$17=1, J$19=1), SUM($F$35:J$35) - SUM($F$98:I$98), 0) -> 0 | K98: =IF( OR(K$17=1, K$19=1), SUM($F$35:K$35) - SUM($F$98:J$98), 0) -> 0 | L98: =IF( OR(L$17=1, L$19=1), SUM($F$35:L$35) - SUM($F$98:K$98), 0) -> -3510 | M98: =IF( OR(M$17=1, M$19=1), SUM($F$35:M$35) - SUM($F$98:L$98), 0) -> 0 | N98: =IF( OR(N$17=1, N$19=1), SUM($F$35:N$35) - SUM($F$98:M$98), 0) -> -2340 | ... R98: =IF( OR(R$17=1, R$19=1), SUM($F$35:R$35) - SUM($F$98:Q$98), 0) -> -2560 | S98: =SUM(F98:R98) -> -15090
D99: Manual input | S99: =SUM(F99:R99) -> 0
C101: =C36 -> Other COGS | D101: DPO | F101: =_xlfn.XLOOKUP($D$101, $D$102:$D$111, F102:F111) -> 0 | G101: =_xlfn.XLOOKUP($D$101, $D$102:$D$111, G102:G111) -> 0 | H101: =_xlfn.XLOOKUP($D$101, $D$102:$D$111, H102:H111) -> 0 | I101: =_xlfn.XLOOKUP($D$101, $D$102:$D$111, I102:I111) -> 0 | J101: =_xlfn.XLOOKUP($D$101, $D$102:$D$111, J102:J111) -> -1030 | K101: =_xlfn.XLOOKUP($D$101, $D$102:$D$111, K102:K111) -> -1030 | L101: =_xlfn.XLOOKUP($D$101, $D$102:$D$111, L102:L111) -> -1030 | M101: =_xlfn.XLOOKUP($D$101, $D$102:$D$111, M102:M111) -> -1030 | ... R101: =_xlfn.XLOOKUP($D$101, $D$102:$D$111, R102:R111) -> -1170 | S101: =SUM(F101:R101) -> -9970
D102: DPO | F102: =_xlfn.XLOOKUP(F$10, $F$23:$R$23, $F$36:$R$36, 0) -> 0 | G102: =_xlfn.XLOOKUP(G$10, $F$23:$R$23, $F$36:$R$36, 0) -> 0 | H102: =_xlfn.XLOOKUP(H$10, $F$23:$R$23, $F$36:$R$36, 0) -> 0 | I102: =_xlfn.XLOOKUP(I$10, $F$23:$R$23, $F$36:$R$36, 0) -> 0 | J102: =_xlfn.XLOOKUP(J$10, $F$23:$R$23, $F$36:$R$36, 0) -> -1030 | K102: =_xlfn.XLOOKUP(K$10, $F$23:$R$23, $F$36:$R$36, 0) -> -1030 | L102: =_xlfn.XLOOKUP(L$10, $F$23:$R$23, $F$36:$R$36, 0) -> -1030 | M102: =_xlfn.XLOOKUP(M$10, $F$23:$R$23, $F$36:$R$36, 0) -> -1030 | ... R102: =_xlfn.XLOOKUP(R$10, $F$23:$R$23, $F$36:$R$36, 0) -> -1170 | S102: =SUM(F102:R102) -> -9970
D103: EOM | F103: =IF(F$15 = 1, F$36, 0) -> 0 | G103: =IF(G$15 = 1, SUM($F$36:G$36)- SUM($F$103:F$103), 0) -> 0 | H103: =IF(H$15 = 1, SUM($F$36:H$36)- SUM($F$103:G$103), 0) -> 0 | I103: =IF(I$15 = 1, SUM($F$36:I$36)- SUM($F$103:H$103), 0) -> 0 | J103: =IF(J$15 = 1, SUM($F$36:J$36)- SUM($F$103:I$103), 0) -> -5290 | K103: =IF(K$15 = 1, SUM($F$36:K$36)- SUM($F$103:J$103), 0) -> 0 | L103: =IF(L$15 = 1, SUM($F$36:L$36)- SUM($F$103:K$103), 0) -> 0 | M103: =IF(M$15 = 1, SUM($F$36:M$36)- SUM($F$103:L$103), 0) -> 0 | N103: =IF(N$15 = 1, SUM($F$36:N$36)- SUM($F$103:M$103), 0) -> -4680 | ... R103: =IF(R$15 = 1, SUM($F$36:R$36)- SUM($F$103:Q$103), 0) -> -5120 | S103: =SUM(F103:R103) -> -15090
D104: Current week | F104: =F$36 -> -1030 | G104: =G$36 -> -1030 | H104: =H$36 -> -1030 | I104: =I$36 -> -1030 | J104: =J$36 -> -1170 | K104: =K$36 -> -1170 | L104: =L$36 -> -1170 | M104: =M$36 -> -1170 | ... R104: =R$36 -> -1280 | S104: =SUM(F104:R104) -> -15090
D105: 1st week of month | F105: =IF($F$16 = 1, $F$36, 0) -> -1030 | G105: =IF(G$16 = 1, SUM($F$36:G$36) - SUM($F$105:F$105), 0) -> 0 | H105: =IF(H$16 = 1, SUM($F$36:H$36) - SUM($F$105:G$105), 0) -> 0 | I105: =IF(I$16 = 1, SUM($F$36:I$36) - SUM($F$105:H$105), 0) -> 0 | J105: =IF(J$16 = 1, SUM($F$36:J$36) - SUM($F$105:I$105), 0) -> 0 | K105: =IF(K$16 = 1, SUM($F$36:K$36) - SUM($F$105:J$105), 0) -> -5430 | L105: =IF(L$16 = 1, SUM($F$36:L$36) - SUM($F$105:K$105), 0) -> 0 | M105: =IF(M$16 = 1, SUM($F$36:M$36) - SUM($F$105:L$105), 0) -> 0 | N105: =IF(N$16 = 1, SUM($F$36:N$36) - SUM($F$105:M$105), 0) -> 0 | ... R105: =IF(R$16 = 1, SUM($F$36:R$36) - SUM($F$105:Q$105), 0) -> 0 | S105: =SUM(F105:R105) -> -11250
D106: 2nd week of month | F106: =IF($F$17 = 1, $F$36, 0) -> 0 | G106: =IF(G$17 = 1, SUM($F$36:G$36) - SUM($F$106:F$106), 0) -> -2060 | H106: =IF(H$17 = 1, SUM($F$36:H$36) - SUM($F$106:G$106), 0) -> 0 | I106: =IF(I$17 = 1, SUM($F$36:I$36) - SUM($F$106:H$106), 0) -> 0 | J106: =IF(J$17 = 1, SUM($F$36:J$36) - SUM($F$106:I$106), 0) -> 0 | K106: =IF(K$17 = 1, SUM($F$36:K$36) - SUM($F$106:J$106), 0) -> 0 | L106: =IF(L$17 = 1, SUM($F$36:L$36) - SUM($F$106:K$106), 0) -> -5570 | M106: =IF(M$17 = 1, SUM($F$36:M$36) - SUM($F$106:L$106), 0) -> 0 | N106: =IF(N$17 = 1, SUM($F$36:N$36) - SUM($F$106:M$106), 0) -> 0 | ... R106: =IF(R$17 = 1, SUM($F$36:R$36) - SUM($F$106:Q$106), 0) -> 0 | S106: =SUM(F106:R106) -> -12530
D107: 3rd week of month | F107: =IF($F$18 = 1, $F$36, 0) -> 0 | G107: =IF(G$18 = 1, SUM($F$36:G$36) - SUM($F$107:F$107), 0) -> 0 | H107: =IF(H$18 = 1, SUM($F$36:H$36) - SUM($F$107:G$107), 0) -> -3090 | I107: =IF(I$18 = 1, SUM($F$36:I$36) - SUM($F$107:H$107), 0) -> 0 | J107: =IF(J$18 = 1, SUM($F$36:J$36) - SUM($F$107:I$107), 0) -> 0 | K107: =IF(K$18 = 1, SUM($F$36:K$36) - SUM($F$107:J$107), 0) -> 0 | L107: =IF(L$18 = 1, SUM($F$36:L$36) - SUM($F$107:K$107), 0) -> 0 | M107: =IF(M$18 = 1, SUM($F$36:M$36) - SUM($F$107:L$107), 0) -> -5710 | N107: =IF(N$18 = 1, SUM($F$36:N$36) - SUM($F$107:M$107), 0) -> 0 | ... R107: =IF(R$18 = 1, SUM($F$36:R$36) - SUM($F$107:Q$107), 0) -> 0 | S107: =SUM(F107:R107) -> -13810
D108: 4th week of month | F108: =IF($F$19 = 1, $F$36, 0) -> 0 | G108: =IF(G$19 = 1, SUM($F$36:G$36) - SUM($F$108:F$108), 0) -> 0 | H108: =IF(H$19 = 1, SUM($F$36:H$36) - SUM($F$108:G$108), 0) -> 0 | I108: =IF(I$19 = 1, SUM($F$36:I$36) - SUM($F$108:H$108), 0) -> -4120 | J108: =IF(J$19 = 1, SUM($F$36:J$36) - SUM($F$108:I$108), 0) -> 0 | K108: =IF(K$19 = 1, SUM($F$36:K$36) - SUM($F$108:J$108), 0) -> 0 | L108: =IF(L$19 = 1, SUM($F$36:L$36) - SUM($F$108:K$108), 0) -> 0 | M108: =IF(M$19 = 1, SUM($F$36:M$36) - SUM($F$108:L$108), 0) -> 0 | N108: =IF(N$19 = 1, SUM($F$36:N$36) - SUM($F$108:M$108), 0) -> -5850 | ... R108: =IF(R$19 = 1, SUM($F$36:R$36) - SUM($F$108:Q$108), 0) -> -5120 | S108: =SUM(F108:R108) -> -15090
D109: 1st + 3rd week of month | F109: =IF( OR(F$16=1, F$18=1), F$36, 0) -> -1030 | G109: =IF( OR(G$16=1, G$18=1), SUM($F$36:G$36) - SUM($F$109:F$109), 0) -> 0 | H109: =IF( OR(H$16=1, H$18=1), SUM($F$36:H$36) - SUM($F$109:G$109), 0) -> -2060 | I109: =IF( OR(I$16=1, I$18=1), SUM($F$36:I$36) - SUM($F$109:H$109), 0) -> 0 | J109: =IF( OR(J$16=1, J$18=1), SUM($F$36:J$36) - SUM($F$109:I$109), 0) -> 0 | K109: =IF( OR(K$16=1, K$18=1), SUM($F$36:K$36) - SUM($F$109:J$109), 0) -> -3370 | L109: =IF( OR(L$16=1, L$18=1), SUM($F$36:L$36) - SUM($F$109:K$109), 0) -> 0 | M109: =IF( OR(M$16=1, M$18=1), SUM($F$36:M$36) - SUM($F$109:L$109), 0) -> -2340 | N109: =IF( OR(N$16=1, N$18=1), SUM($F$36:N$36) - SUM($F$109:M$109), 0) -> 0 | ... R109: =IF( OR(R$16=1, R$18=1), SUM($F$36:R$36) - SUM($F$109:Q$109), 0) -> 0 | S109: =SUM(F109:R109) -> -13810
D110: 2nd + 4th week of month | F110: =IF( OR(F$17=1, F$19=1), F$36, 0) -> 0 | G110: =IF( OR(G$17=1, G$19=1), SUM($F$36:G$36) - SUM($F$110:F$110), 0) -> -2060 | H110: =IF( OR(H$17=1, H$19=1), SUM($F$36:H$36) - SUM($F$110:G$110), 0) -> 0 | I110: =IF( OR(I$17=1, I$19=1), SUM($F$36:I$36) - SUM($F$110:H$110), 0) -> -2060 | J110: =IF( OR(J$17=1, J$19=1), SUM($F$36:J$36) - SUM($F$110:I$110), 0) -> 0 | K110: =IF( OR(K$17=1, K$19=1), SUM($F$36:K$36) - SUM($F$110:J$110), 0) -> 0 | L110: =IF( OR(L$17=1, L$19=1), SUM($F$36:L$36) - SUM($F$110:K$110), 0) -> -3510 | M110: =IF( OR(M$17=1, M$19=1), SUM($F$36:M$36) - SUM($F$110:L$110), 0) -> 0 | N110: =IF( OR(N$17=1, N$19=1), SUM($F$36:N$36) - SUM($F$110:M$110), 0) -> -2340 | ... R110: =IF( OR(R$17=1, R$19=1), SUM($F$36:R$36) - SUM($F$110:Q$110), 0) -> -2560 | S110: =SUM(F110:R110) -> -15090
D111: Manual input | S111: =SUM(F111:R111) -> 0
C114: Payroll
C116: Payroll category
C117: ='Category lookups'!I8 -> Salary | F117: -3000 | G117: -3000 | H117: -3000 | I117: -3000 | J117: -3000 | K117: -3000 | L117: -3000 | M117: -3000 | N117: -3000 | O117: -3000 | P117: -3000 | Q117: -3000 | R117: -3000 | S117: =SUM(F117:R117) -> -39000
C118: ='Category lookups'!I9 -> Social | F118: -1000 | G118: -1000 | H118: -1000 | I118: -1000 | J118: -1000 | K118: -1000 | L118: -1000 | M118: -1000 | N118: -1000 | O118: -1000 | P118: -1000 | Q118: -1000 | R118: -1000 | S118: =SUM(F118:R118) -> -13000
C119: ='Category lookups'!I10 -> Payroll tax | F119: -1000 | G119: -1000 | H119: -1000 | I119: -1000 | J119: -1000 | K119: -1000 | L119: -1000 | M119: -1000 | N119: -1000 | O119: -1000 | P119: -1000 | Q119: -1000 | R119: -1000 | S119: =SUM(F119:R119) -> -13000
C120: Total payroll | F120: =SUM(F117:F119) -> -5000 | G120: =SUM(G117:G119) -> -5000 | H120: =SUM(H117:H119) -> -5000 | I120: =SUM(I117:I119) -> -5000 | J120: =SUM(J117:J119) -> -5000 | K120: =SUM(K117:K119) -> -5000 | L120: =SUM(L117:L119) -> -5000 | M120: =SUM(M117:M119) -> -5000 | ... S120: =SUM(S117:S119) -> -65000
...

Sheet Category lookups
B2: 13WEEKS | CashflowFree | 13 week cashflow forecast template | M2: Home
B3: Category lookups
C7: Category | E7: =$C$8 -> Receipts | G7: =$C$9 -> COGS | I7: =$C$10 -> Payroll | K7: =$C$11 -> Other_operating_expenses | M7: =$C$12 -> Non_operating
C8: Receipts | E8: Product revenue | G8: Material purchases | I8: Salary | K8: Property costs | M8: Capex
C9: COGS | E9: Services revenue | G9: Direct labour | I9: Social | K9: Utilities | M9: Disposal of assets
C10: Payroll | E10: Other operating income 1 | G10: Overheads | I10: Payroll tax | K10: IT & software | M10: VAT
C11: Other_operating_expenses | E11: Other operating income 2 | G11: Inbound logistics | K11: Marketing | M11: Corporation tax
